Workbook
Name assess: #REF!
Name assess: #REF!
Name assess: #REF!
Name assess: #REF!
Name global: '[1]Do not delete'!$A$3:$A$9
Name global: '[2]Do not delete'!$A$3:$A$9
Name global: '[3]Do not delete'!$A$3:$A$9
Name kk: #REF!
Name kk: #REF!
Name kk: #REF!
Name kk: #REF!
Name kk: #REF!
Name kk: #REF!
Name level: [4]te_Proj_inputs!$B$31:$B$37
Name o1a: [4]te_Proj_inputs!$B$50:$B$55
Name tObjectives: #REF!
Name tObjectives: #REF!
Name tObjectives: #REF!
Name tObjectives: #REF!
Name tObjectives: #REF!
Name tObjectives: #REF!
Name yn: [4]te_Proj_inputs!$C$3:$C$5

Sheet INICIO
N21: Área protegida | P21: DRMI LURIZA
N24: Fecha | P24: 12 DE MAYO DE 2022

Sheet Información General
B3: Área protegida | F3: =+IF(INICIO!P21="","",INICIO!P21) -> DRMI LURIZA
B5: Categoría de manejo | F5: DISTRITO REGIONAL DE MANEJO INTEGRADO
B7: Autoridad ambiental responsable del manejo | F7: CRA
B9: Extensión (hectáreas) | F9: 837.17
B11: Acuerdo del Consejo Directivo (año de creación) | F11: No.003 DE 2011
B13: Subsistema al cual pertenece | F13: SIRAP CARIBE
B15: Objetivos de conservación | F15: 1.Proteger y conservar y recuperar una de as áreas representativas de los bosques secos del Caribe Colombiano y deldepartamento del Atlántico. Con zonas de buena cobertura vegetal y de suelo que cumple una importnte función ecológicacomo el mantenimiento de la microcuenca del arroyo Luriza,refugio de las epeciesde animales y plantasmás características dela región, protección de la biodiversidad biológica y genética. 2. perpetuar y conservar las bellezas escénicas y el valorpaisajísticoo del área y proporcionar facilidades para la recreación, el esparcimiento y alternativas sostenibles de uso como elecoturismo y la ganadería sostenible
B17: Forma/esquema de administración | F17: Pública
B19: Jurisdicción (Municipio(s)) | F19: Uiscuri-Piojó
B21: Acuerdo de aprobación del Plan de Manejo (Año y número de acuerdo) | F21: No.003 de 2011
B23: Extensión del área protegida que está traslapada con grupos etnicos (Ha) | F23: 0
B25: Presupuesto anual | F25: 120000000
B27: Número de personas de planta en la Corporación a cargo de áreas protegidas | F27: 0
B29: Número de personas contratistas en la Corporación a cargo de áreas protegidas | F29: 2
B31: Con cuáles otras áreas protegidas limita (regionales, fronterizas, privadas, etc.) | F31: ninguna
B33: Población | D33: Campesina | F33: 15
D34: Indígena
D35: Afrodescendiente | F35: 65
D36: Total | F36: =+SUM(F33:F35) -> 80
B38: Años de análisis de efectividad realizados | F38: 2022
B40: Participantes del análisis de efectividad | D40: Nombre | H40: Entidad, Organización a la que pertenece
D42: MERLY PATRICIA GUZMAN GUTIERREZ | H42: CRA
D44: JOE GARCIA QUIÑONES | H44: CRA
D46: SOFIA DEL RIO | H46: HECO

Sheet Conceptual
B3: Manejo efectivo | D3: Es la determinación de qué tan bien se está manejando un área protegida, es decir la medida en que se están protegiendo objetos y alcanzando las metas y objetivos. Incluye el entendimiento de que las dinámicas ecológicas y socio-culturales asociadas a los objetos de conservación trascienden la administración y en gran medida las fronteras del área protegida, por lo cual sólo es posible el logro de los objetivos de conservación mediante la articulación de ésta con sectores sociales, lógicas y espacios territoriales y regionales. El manejo efectivo de un área protegida permite integrar la conservación con el desarrollo sostenible aportando beneficios para el bienestar humano al tiempo que protege su herencia cultural.
B5: Análisis de la efectividad de manejo | D5: Se concibe como una reflexión periódica para conocer el nivel de cumplimiento de los objetivos de conservación del área protegida en su contexto regional. Está diseñado desde una perspectiva crítica que pretende, a partir de un ejercicio documentado y de reflexión colectiva, comprender la situación actual de manejo de un área protegida y orientarla hacia una situación deseada de manejo. La situación deseada se fundamenta en la noción del manejo efectivo, definido como aquel que se acerca al logro de los objetivos de conservación mediante un proceso legitimado socialmente y eficiente. El análisis de la efectividad del manejo forma parte esencial de la planeación, seguimiento y retroalimentación, por lo que no debe verse de manera aislada. En este sentido, los resultados que se obtengan retroalimentarán indistintamente la fase de planificación en que se encuentre el área protegida. Un análisis de efectividad es completo cuando integra el seguimiento a la gestión y manejo con el monitoreo de la biodiversidad, servicios ecosistémicos y presiones.
B7: Estrategias de manejo | D7: Responden a las situaciones del contexto en que se enmarca el área protegida y que tienen relación directa con la posibilidad de avanzar en el logro de los objetivos de conservación, adecuando la práctica de conservación para que refleje un contexto de prioridades y valores sociales dentro de un clima cambiante. Entre las situaciones relevantes están el ordenamiento territorial, los tensionantes, presiones o amenazas, incluyendo los posibles riesgos climáticos y, en general, los escenarios de cambio a las escalas pertinentes (TNC, 1999; UAESPNN, 2005 y PNNC, 2017). Estas estrategias abarcan aspectos de ordenamiento y de planeación estratégica para generar respuestas integrales a las situaciones priorizadas sobre las que se pretende intervenir. Los aspectos a tener en cuenta para las estrategias de manejo son: las situaciones de manejo prioritarias o prioridades de manejo, las decisiones sobre ordenamiento del territorio protegido (zonificación de manejo, regulación de usos y reglamentación de actividades permitidas, etc.), y las decisiones sobre la gestión del manejo (impactos de largo plazo y objetivos y metas de mediano plazo, y la planeación operativa).
B9: Prioridades de manejo | D9: Se entienden como aquellas situaciones positivas o negativas a las que debería responder la administración y manejo de un área protegida, de manera prioritaria en el plazo de vigencia del plan de manejo, para avanzar en el logro de los objetivos de conservación. Estas prioridades de manejo deben por lo tanto tener una relación directa con dichos objetivos. La relación entre las prioridades de manejo y los objetivos de conservación no se da solo porque las situaciones se presenten al interior del área protegida, sino particularmente por el impacto positivo o negativo que estas puedan tener en el logro de los objetivos de conservación, con una consideración amplia y suficiente de amenazas y presiones de origen climático y análisis de riesgos climáticos . De esta manera podrá haber prioridades de manejo que se presenten por fuera del área protegida, para lo cual se hace necesaria una debida articulación con las demás autoridades con jurisdicción y competencias por fuera de la misma. Estas prioridades deberán ser el foco de la Síntesis diagnóstica del Componente Diagnóstico del Plan de Manejo y deberán sustentarse en la información descriptiva relacionada y en los análisis realizados en este componente.
B11: Zonificación | D11: Parte de la respuesta a las prioridades de manejo se define con la zonificación de manejo del área protegida, a partir de la tipología de zonas que establece el Dec. 2372 de 2010 -compilado en el Decreto 1076 de 2015 -. La zonificación de manejo no debe entenderse como una zonificación ecológica o ambiental en la que se delimitan zonas homogéneas, sino como la zonificación prospectiva que propiciará el logro de los objetivos de conservación. En este sentido, para la zonificación de manejo de un área protegida habría que tener en cuenta no solo el estado (integridad, zonificación ecológica o ambiental, etc.) sino muy especialmente la prospectiva del territorio a manejar. Si no se requieren respuestas diferentes en distintos sectores del área protegida, entonces no es necesaria la división de la misma en zonas de manejo. Es decir, no hay que zonificar solo porque la norma establece una tipología de zonas. Si se zonifica es porque distintos sectores del área protegida deben responder a diferentes intenciones de manejo para propiciar el logro de los objetivos de conservación.
B13: Gobernanza | D13: Se entiende como "la forma y tipo de gobierno de áreas protegidas, incluyendo el tipo de actor principal que toma las decisiones, su capacidad de decisión y control, y la forma de dominio y posición legal del territorio. Gobernanza va mas allá de las formas de participación(…) se refiere a temas que para los actores relevantes incluyen marcos jurídico-institucionales, estructuras y sistemas de conocimiento y valores culturales que determinan la manera en que son tomadas las decisiones de gobierno de las áreas protegidas" (Alianza para la Conservación, 2017).
B15: Estructura de gobernanza | D15: Es una estructura organizativa cuyos componentes facilitan la adecuada coordinación y articulación entre actores públicos, privados y comunitarios que son importantes para la gestión efectiva de las áreas protegidas y en la toma de decisiones de un territorio
B17: Categoría de manejo | D17: Según el Decreto 2372 se define como la unidad de clasificación o denominación genérica que se asigna a las áreas protegidas teniendo en cuenta sus características específicas, con el fin de lograr objetivos específicos de conservación bajo unas mismas directrices de manejo, restricciones y usos permitidos.
B19: Conflicto socio-ambiental | D19: Se identifican como las controversias de información, intereses o valores entre al menos dos grupos independientes, referidas a cuestiones relacionadas con el acceso, uso, control, disponibilidad y aprovechamiento de los recursos naturales y de las condiciones ambientales del entorno que afectan la calidad de vida de las personas. Los conflictos ambientales involucran a las autoridades encargadas de otorgar las autorizaciones para la realización de los proyectos, además de las comunidades y organizaciones locales, a los pueblos indígenas, a las comunidades negras, a los dueños de los proyectos (empresas), a las Organizaciones no gubernamentales e incluso a los grupos al margen de la ley. Además de ser social es también político y comprende aspectos relacionados con el espacio, el territorio y la población que en él habita. (Fuente: Adaptado de la web de la Universidad del Rosario)
B21: Componente diagnóstico | D21: Recoge la descripción, caracterización y análisis de los aspectos y dinámicas más relevantes para entender el estado actual del manejo y administración del área protegida, teniendo en cuenta los contextos local, regional, nacional e internacional -cuando sean del caso-. Este componente se concreta en una síntesis diagnóstica, en la que se presentan las prioridades de manejo -sustentadas con información espacial, documental y primaria lo más actualizada y precisa posible-. (Fuente: Guía de planeación del manejo)
B23: Análisis de contexto integrado | D23: A partir del análisis de la información obtenida en el componente diagnóstico, se estructura el análisis de contexto integrado, que contiene de manera sucinta y estratégica, la situación actual, integrando los diferentes elementos del área protegida y del territorio donde está inmersa. Es así, como relaciona información, presentando un análisis desde las presiones y amenazas, dinámicas socio-económicas, vulnerabilidad climática, caracterización de actores, oportunidades y otros aspectos relevantes para la gestión del área protegida.
B25: Adaptación al cambio climático | D25: Proceso de ajuste al clima real o proyectado y sus efectos. En los sistemas humanos, la adaptación trata de moderar los daños o aprovechar las situaciones beneficiosas. En algunos sistemas naturales, la intervención humana puede facilitar el ajuste al clima proyectado y a sus efectos (IPCC, 2014). Capacidad adaptativa: capacidad de anticipar y responder frente a una amenaza atmosférica y/o climática (IDEAM, 2017). (Fuente: AbE. Guía de adaptación al cambio climático basada en ecosistemas en Colombia [Recurso electronico] / Dirección de Cambio Climático. Ministerio de Ambiente y Desarrollo Sostenible, 2018)
... B31: Servicios ecosistémicos (Denominado actualmente como contribuciones de la naturaleza) | D31: Son todos los beneficios que brinda la naturaleza. Se pueden dividir en cuatro grupos :

Sheet Orientaciones
D3: Ficha de cada elemento de análisis (Hoja "Aplicativo")
D4: A continuación un ejemplo para diligenciar la ficha técnica:
D28: PROCESO DE APLICACIÓN
D29: A continuación, encontrará los pasos sugeridos para analizar la efectividad de manejo

Sheet Estructura
A27: COMPOSICIÓN DE LA METODOLOGÍA

Sheet Metodología
A3: EJES TEMÁTICOS | B3: ELEMENTOS DE ANÁLISIS | D3: DESCRIPCIÓN | E3: NIVEL I | F3: NIVEL II | G3: NIVEL III | H3: NIVEL IV
A4: A. LOGROS | B4: 1 | C4: A1. Salud del área protegida | D4: Analiza el impacto que la gestión del área tiene en el estado/salud del área protegida, a través del conocimiento de sus objetos de conservación (Ej. poblaciones, especies, ecosistemas, paisajes) y su manejo para reducir sus presiones. Parte de su importancia radica en asegurar la base natural que sustenta los servicios ecosistémicos esenciales para el bienestar humano (culturales, regulación, provisión, soporte). | E4: La integridad del área protegida se encuentra en estado No Deseable, no se cumple al menos con el atributo ecológico función en ninguno de los objetos de conservación. La base natural que sustenta la provisión de servicios ecosistémicos está en riesgo crítico. | F4: La integridad del área protegida se encuentra en estado No Deseable, se cumple solo para una parte de los objetos de conservación con el atributo función. La base natural que sustenta la provisión de servicios ecosistémicos está en condición de riesgo. | G4: La integridad del área protegida se encuentra en estado Deseable, todos los objetos de conservación cumplen con el atributo ecológico función, pero la categoría de manejo del AP exige que se cumplan otros atributos ecológicos. La base natural que sustenta la provisión de servicios ecosistémicos está en condición vulnerable. | H4: La integridad del área protegida se encuentra en estado Deseable, los objetos de conservación cumplen los atributos ecológicos composición, estructura y función) acorde con la categoría de manejo del AP. La base natural sustenta la provisión de servicios ecosistémicos sin riesgo aparente.
B5: 2 | C5: A2. Adaptación frente al clima cambiante | D5: Analiza el impacto que la gestión del área tiene en su adaptación o mitigación al cambio climático, a la variabilidad y a los fenómenos relacionados con el clima. Esto a través de una planificación que recoge conocimiento en torno a las amenazas, riesgos climáticos, transformaciones ecológicas y cambio en los servicios ecosistémicos y objetos de conservación debido al impacto de un clima cambiante. | E5: La gestión del área no considera el cambio, la variabilidad climática y fenómenos asociados en el AP y su zona de influencia en el plan de manejo. | F5: El plan de manejo incluye en el diagnóstico información climática pero aún no se utiliza para la definición de medidas de adaptación o mitigación en las estrategias de manejo. | G5: Se está ajustando la planificación, con base en la información climática, planteando metas, objetivos e indicadores visionarios que consideran consciente y deliberadamente los riesgos, retos y oportunidades de un clima cambiante. No se ha evaluado su impacto y aún no se implementan en los POA | H5: La gestión contribuye a la adaptación y mitigación del AP al cambio climático, a la variabilidad climática y a los fenómenos relacionados con el clima. Se conoce el impacto que generan las medidas de adaptación y mitigación y se retroalimenta la planificación del manejo.
B6: 3 | C6: A3. Valores culturales asociados a los objetivos de conservación | D6: Analiza el impacto que la gestión del área tiene en el mantenimiento de bienes materiales e intangibles relacionados con los valores culturales para el cumplimiento de los objetivos de conservación. | E6: Los objetivos de conservación no integran el conocimiento ancestral, uso, valores culturales y espirituales y/o costumbres tradicionales | F6: La gestión del área protegida avanza en el reconocimiento de una parte del conocimiento ancestral, uso, valores culturales y espirituales y/o costumbres tradicionales asociadas al cumplimiento de los objetivos de conservación, se identifican objetos de conservación asociados a los valores culturales. | G6: La gestión del área protegida reconoce e integra a la planeación el conocimiento ancestral, uso, valores culturales y espirituales y/o costumbres tradicionales asociadas al cumplimiento de los objetivos de conservación. | H6: El conocimiento ancestral, uso, valores culturales y espirituales y/o costumbres tradicionales asociadas contribuyen al logro de los objetivos de conservación.
B7: 4 | C7: A4. Beneficios asociados a las contribuciones de la naturaleza | D7: Analiza los beneficios ambientales, sociales, culturales y económicos derivados de las contribuciones (anteriormente denominados servicios ecosistémicos) que el área brinda actualmente o que puede ofrecer a futuro. Parte del principio de la equidad en la distribución de los beneficios. | E7: Se identifican los beneficios derivados de las contribuciones de la naturaleza que brinda el área protegida, pero aún no se cuenta con una caracterización de los mismos. | F7: Se cuenta con la caracterización de las contribuciones de la naturaleza priorizadas que genera el área protegida y de los beneficios que brindan. | G7: Se toman medidas con los actores estratégicos para la distribución de los beneficios asociados a las contribuciones de la naturaleza que genera el área protegida | H7: Los beneficios asociados a las contribuciones de la naturaleza que genera el AP son de acceso justo y equitativo para los actores estratégicos y población en general.
A8: B. CONTEXTO | B8: 7 | C8: B1. Oportunidades en el territorio para la gestión | D8: Analiza las ventanas de oportunidad actuales y/o potenciales que permiten potenciar la gestión del área protegida. | E8: No se identifican las oportunidades que el territorio ofrece para la gestión del área protegida | F8: Se identifican las oportunidades que el territorio ofrece para la gestión del área protegida, pero no se toman medidas para aprovecharlas | G8: Las oportunidades que el territorio ofrece para la gestión del área protegida son aprovechadas pero aún no se conoce su impacto | H8: El área potencializa a su favor las oportunidades que el territorio ofrece para su gestión, generando impactos sobre los objetos de conservación
B9: 5 | C9: B2. Claridad en la propiedad de la tierra | D9: Analiza la claridad de la seguridad legal y jurídica de la propiedad de la tierra del área protegida. | E9: No se tiene claridad sobre la propiedad de la tierra en el AP | F9: Se avanza en la caracterización de la propiedad y tenencia de los predios en menos del 60% del área protegida, esta condición afecta la gestión | G9: Se avanza en la caracterización de la propiedad y tenencia de los predios en más del 60% del área protegida, esta condición no afecta la gestión | H9: Se tiene claridad sobre la propiedad de la tierra en la totalidad del área protegida, esta condición no afecta la gestión
B10: 6 | C10: B3. Conflictos socio-ambientales | D10: Analiza si el área protegida reconoce e incluye en su gestión acciones conducentes a minimizar o resolver los conflictos socio ambientales derivados de las presiones y amenazas. | E10: El diagnóstico de los conflictos socio-ambientales está desactualizado | F10: Se cuenta con un diagnóstico parcial de los conflictos socio-ambientales | G10: Se cuenta con un diagnóstico completo y actualizado de los conflictos socio-ambientales. Se inicia el diseño de estrategias participativas para resolverlos o minimizarlos | H10: La planeación del manejo integra estrategias participativas conducentes a resolver o minimizar los conflictos socio ambientales, por lo que son atendidos y gestionados oportunamente
B11: 8 | C11: B4. Presiones y amenazas | D11: Analiza si las acciones de manejo identificadas para enfrentar las principales presiones y amenazas, favorecen el logro de los objetivos de conservación | E11: No se cuenta con el análisis de las presiones y amenazas a los objetos de conservación. O el análisis de encuentra desactualizado | F11: Se cuenta con un análisis parcial de las presiones y amenazas a los objetos de conservación | G11: Se cuenta con el análisis completo de presiones y amenazas (localización, extensión y persistencia) a los objetos de conservación en el área protegida y en un contexto territorial. Se está en proceso de integrar el análisis en la planeación del manejo | H11: La planeación del manejo integra el análisis de presiones y amenazas, por lo que son atendidas y gestionadas oportunamente
A12: C. PLANEACIÓN Y SEGUIMIENTO | B12: 9 | C12: C1. Coherencia en el diseño del área protegida | D12: Analiza si el diseño del área protegida (delimitación del polígono) responde a la espacialización de los objetivos de conservación propuestos y si la zonificación y regulación de usos es coherente con los dos elementos mencionados | E12: No existe coherencia entre diseño del área, la categoría de manejo y la zonificación ya que no responden completamente a los objetivos de conservación del área, poniendo en riesgo su cumplimiento | F12: El diseño del área es coherente frente a los objetivos de conservación. La categoría de manejo y la zonificación presentan ciertas inconsistencias | G12: El diseño del área y la categoría de manejo son coherentes con los objetivos de conservación. Se toman medidas para mejorar la coherencia en la zonificación | H12: La categoría de manejo, el diseño del área y la zonificación son coherentes entre sí, favoreciendo el cumplimiento de los objetivos de conservación
B13: 10 | C13: C2. Límites del área protegida | D13: Identifica el estado en la claridad de los límites definidos para el área protegida, las acciones que se han implementado para su precisión, demarcación y socialización con los actores comunitarios e institucionales, entendiendo que son los objetivos de conservación los que orientan la definición de límites. | E13: Los límites no están claros, existen diferencias entre la resolución y la cartografía | F13: Se adelantan acciones para la clarificación de límites | G13: Los límites son claros y coherentes entre la resolución y la cartografía, y se inicia la socialización con actores sociales e institucionales | H13: Los límites son claros y coherentes entre la resolución y la cartografía, y son reconocidos y respetados por todos los actores sociales e institucionales
B14: 11 | C14: C3. Coherencia e implementación del plan de manejo | D14: Analiza si el plan de manejo es coherente entre sus componentes y si es un instrumento que orienta la gestión del área en un escenario regional. | E14: No se cuenta con un instrumento de planeación, o de existir, se encuentra desactualizado y no se implementa | F14: Existen vacíos en la coherencia en todos los componentes del plan de manejo. Se implementa parcialmente | G14: Existen vacíos en la coherencia en algunos de los componentes plan de manejo. Se implementa en su mayoría | H14: Existe sinergia entre los componentes del plan de manejo. Se implementa en su totalidad
B15: 12 | C15: C4. Articulación con áreas del SINAP y/u otras áreas de importancia para la conservación | D15: Analiza la integración de la gestión del área protegida, en el contexto regional, con otras áreas del SINAP y otras áreas de importancia para la conservación, ya que la mayor o menor distancia al área protegida, respecto de otras áreas en buen estado, influye en el flujo y supervivencia de los objetos de conservación, así como también en la permanencia de los procesos ecológicos vitales. | E15: No se ha iniciado la articulación y gestión con áreas del SINAP y/u otras áreas de importancia para la conservación alrededor del área protegida | F15: Se inicia la articulación con áreas del SINAP y/u otras áreas de importancia para la conservación alrededor del área protegida | G15: Existe articulación con otras áreas del SINAP y/u otras áreas de importancia para la conservación alrededor del área protegida, pero aún no se evidencian impactos | H15: La gestión del área protegida con otras áreas del SINAP y/u otras áreas de importancia para la conservación contribuye a la disminución ó prevención de las presiones y genera conectividad funcional.
B16: 13 | C16: C5. Articulación transfronteriza para la gestión | D16: Analiza la articulación entre autoridades ambientales responsables/competentes de áreas protegidas limítrofes entre otros países para la reducción de presiones comunes y mantener los objeto de conservación compartidos | E16: No existe relacionamiento entre las áreas protegidas fronterizas | F16: Las áreas protegidas fronterizas se reconocen mutuamente e inician acercamientos | G16: Las áreas protegidas fronterizas definen un plan de trabajo e inician la implementación de acciones conjuntamente | H16: Las áreas protegidas fronterizas implementan con participación de las comunidades, acciones de manejo enmarcadas en un plan de trabajo que aporta a la reducción de presiones comunes y conectividad de los ecosistemas compartidos
B17: 14 | C17: C6. Cumplimiento de la zonificación | D17: La zonificación, junto con el diagnóstico, es la base para dirigir las intervenciones sobre el área, lo cual se traduce en un manejo diferenciado para lograr los objetivos de conservación. El ordenamiento constituye un componente muy importante ya que tiene como fin identificar las reglas sobre el uso del área (www.parquesnacionales.gov.co) | E17: La zonificación no cuenta con una reglamentación específica | F17: Se está en proceso de definir una reglamentación específica que regule los usos del área. Se presentan conflictos con los usuarios en el área | G17: Se implementa la reglamentación específica para regular los usos del área y un esquema de control y vigilancia de acuerdo a la zonificación. Se identifica la reducción de las actividades prohibidas y restringidas en la mayoría del área | H17: La zonificación cuenta con un esquema de control y vigilancia y una reglamentación clara. Su implementación ha conducido a regular los usos permitidos, y reducir significativamente las actividades prohibidas y restringidas en la totalidad del área
B18: 15 | C18: C7. Articulación de la gestión del área con los planes de ordenamiento territorial | D18: Analiza en qué medida la zonificación y ejecución del plan estratégico del área protegida se incluye en el plan de ordenamiento territorial, reconociéndola como determinante ambiental. | E18: El plan de ordenamiento ambiental no reconoce el área como determinante ambiental | F18: Se inicia la gestión para que el área protegida sea reconocida como determinante ambiental en el plan de ordenamiento territorial | G18: El plan de ordenamiento territorial reconoce el área protegida como determinante ambiental | H18: El plan de ordenamiento reconoce el área protegida como determinante ambiental y su programa de ejecución y la zonificación ambiental del municipio lo integran y reconocen, lo cual se evidencia en la implementación de acciones
B19: 16 | C19: C8. Manejo y uso del conocimiento | D19: Analiza si la información se encuentra actualizada, disponible, completa y de alta calidad, de manera que permita contar con una línea base proveniente de cualquier fuente confiable, para la toma de decisiones adecuada y la formulación de acciones informadas para la implementación de las diferentes estrategias de manejo. | E19: El conocimiento para la planeación del manejo es insuficiente o se encuentra desactualizado | F19: Se identifican vacíos de conocimiento para la planeación del manejo y se establecen mecanismos para suplirlos | G19: Se implementan mecanismos para suplir los vacíos de conocimiento | H19: Se cuenta con conocimiento actualizado, completo, accesible y de alta calidad para la planeación del manejo
B20: 17 | C20: C9. Implementación de las líneas de gestión | D20: Analiza el nivel de avance de las líneas de gestión, en el marco del plan operativo anual - POA y su continuidad en la implementación | E20: Las líneas de gestión no han sido definidas | F20: Las líneas de gestión han sido definidas conjuntamente con los actores estratégicos y tienen un avance inferior al 60%. Su implementación tiene interrupciones | G20: Las líneas de gestión tienen un avance superior al 60% e inferior al 90%. Su implementación tiene interrupciones ocasionales | H20: Las líneas de gestión tienen una implementación superior al 90%. Su implementación es continúa
B21: 18 | C21: C10. Evaluación, seguimiento y retroalimentación a la planeación del manejo | D21: Analiza si el conocimiento y los aprendizajes de los procesos y logros son incorporados sistémicamente en la planeación del manejo | E21: No se realiza la evaluación, seguimiento, retroalimentación a la planeación del manejo | F21: Se realiza de manera discontinua la evaluación, seguimiento y retroalimentación | G21: La evaluación, seguimiento y retroalimentación se realizan periódicamente pero los resultados no se tienen en cuenta en la planeación del manejo | H21: La evaluación, seguimiento y retroalimentación se realiza periódicamente y sus resultados y aprendizajes se integran sistémicamente en la planeación del manejo
A22: D. GOBERNANZA | B22: 19 | C22: D1. Legitimidad de las instancias para la participación y coordinación | D22: Analiza los componentes que facilitan la adecuada participación, coordinación y articulación entre actores públicos, privados y comunitarios que son importantes para la planeación del manejo del área protegida y la toma de decisiones en el territorio donde se encuentra inmersa, generando además un escenario de confianza y transparencia para la gestión del área protegida | E22: No existen instancias para la participación y coordinación con actores estratégicos en la gestión del AP | F22: Existen instancias para la participación y coordinación, pero aún no se encuentran apropiadas por todos los actores estratégicos | G22: Las instancias para la gestión y toma de decisiones son reconocidas y apropiadas por la mayoría de los actores estratégicos | H22: Las instancias de participación y coordinación entre todos actores estratégicos facilita la gestión del AP
B23: 20 | C23: D2. Articulación entre la autoridad ambiental y la tradicional para la gestión del área protegida | D23: Analiza la existencia o no de mecanismos e instancias para el accionar articulado para la gestión del área protegida entre la autoridad ambiental y la tradicional | E23: La autoridad tradicional y la autoridad ambiental no reconocen mutuamente su rol en la gestión del área protegida | F23: Hay avances en el reconocimiento mutuo del rol en la gestión del área protegida de la autoridad tradicional y la autoridad ambiental, pero aún no hay mecanismos e instancias formales de articulación. | G23: Se establecen mecanismo(s) e instancia(s) para el relacionamiento entre la autoridad tradicional y la autoridad ambiental | H23: Existe un reconocimiento y relacionamiento formalizado para la articulación entre la autoridad tradicional y la autoridad ambiental, a través de mecanismos e instancias que hacen parte del instrumento de planeación
B24: 21 | C24: D3. Cualificación de actores estratégicos | D24: Analiza la cualificación y fortalecimiento de capacidades que se genera en los actores estratégicos para la gestión e implementación de estrategias de manejo | E24: Los actores estratégicos no se encuentran cualificados | F24: Se identifican las necesidades de cualificación de los actores estratégicos | G24: Se avanza en la cualificación de algunos actores estratégicos | H24: Los actores estratégicos se encuentran cualificados y participan de forma informada en la implementación de las estrategias
B25: 22 | C25: D4. Manejo de conflictos | D25: Analiza la existencia o no de los mecanismos adecuados conducentes a minimizar o solucionar conflictos y diferencias entre los actores estratégicos para la gestión del área. | E25: No se han identificado los conflictos y diferencias entre los actores estratégicos | F25: Se identifican y caracterizan los conflictos y se avanza en la construcción de mecanismos para su solución | G25: Se utilizan los mecanismos y canales para la resolución de conflictos/diferencias entre actores estratégicos. Estos se encuentran en proceso de consolidación y fortalecimiento | H25: Los conflictos/diferencias entre actores estratégicos se resuelven de manera justa y equitativa
B26: 23 | C26: D5. Incidencia del riesgo público en la gestión | D26: Las situaciones de riesgo público presentes en las áreas protegidas, afectan la gestión en el territorio, así como la integridad física del personal que labora en éstas. Es así, que el análisis de esta variable está dirigido a determinar el impacto de dichas situaciones en la implementación de las acciones de manejo definidas en el área protegida. En el caso en que no existan condiciones de riesgo público, este aspecto no será analizado. | E26: Las condiciones de riesgo público impiden la gestión en el área protegida | F26: Las condiciones de riesgo público impiden la gestión en gran parte del área protegida | G26: Las condiciones de riesgo público tienen una baja incidencia en la gestión, por lo que se realiza el manejo en gran parte del área protegida | H26: Las condiciones de riesgo público no afectan la gestión en el área protegida
B27: 24 | C27: D6. Inclusión de elementos intergeneracionales/género para la gestión del AP | D27: Interpreta cómo se incorporan de manera justa y equitativa elementos diferenciados de roles en la implementación de las estrategias de manejo; además de cómo se tienen en cuenta aspectos relacionados con relevo generacional que permita la continuidad en procesos de conservación en las AP a largo plazo. | E27: No se evidencia la inclusión de elementos de género e intergeneracionales en la planeación y manejo | F27: Se avanza en la identificación de elementos de género e intergeneracionales para incorporarlos en la planeación de manejo | G27: Las estrategias que lo requieren incorporan elementos de género e intergeneracionales | H27: Se implementan estrategias de manejo con el reconocimiento diferenciado de los roles de género e intergeneracionales en concordancia con el contexto socio-cultural de la comunidad.
A28: E. RECURSOS | B28: 25 | C28: E1. Sostenibilidad financiera | D28: Analiza si el presupuesto asignado al área anualmente, independiente de su fuente de financiamiento, permite cubrir los costos recurrentes y si como estrategia a largo plazo para la sostenibilidad de los procesos que se desarrollan en el área protegida, se ha contemplado mecanismos de financiamiento como cobro de tarifas a usuarios, permisos, entre otros. Los costos recurrentes corresponden a aquellos que se generan regularmente, año tras año y son esenciales para el manejo del área protegida. | E28: No existe un presupuesto asignado para la administración y manejo del área protegida | F28: Existe un presupuesto que cubre parte de los costos recurrentes | G28: El presupuesto cubre los costos recurrentes. Se diseñan mecanismos financieros para cubrir la totalidad de las necesidades de gestión y reducir la brecha financiera | H28: Se cuenta con un presupuesto continuo que cubre los costos recurrentes y las necesidades de gestión y se implementan diversos mecanismos financieros para reducir la brecha financiera, como: tasas, tarifas, permisos, entre otros.
B29: 26 | C29: E2. Talento humano | D29: Analiza la disponibilidad del talento humano y si el mismo cuenta con las destrezas y competencias requeridas para la adecuada gestión del área protegida. Esto implica que el talento humano cuenta con la formación, experiencia y capacidad técnica necesaria y que adicionalmente, ha sido entrenado para atender las necesidades de manejo. | E29: El personal es insuficiente para implementar todas las líneas de gestión y sus destrezas y competencias no son las requeridas | F29: El personal es insuficiente para implementar la mayoría de las líneas de gestión y sus destrezas y competencias no son las requeridas | G29: El personal es suficiente para implementar la mayoría de las líneas de gestión y sus destrezas y competencias son aceptables | H29: El personal es suficiente para implementar todas las líneas de gestión, se encuentra capacitado y tiene las competencias y destrezas requeridas
B30: 27 | C30: E3. Equipo e infraestructura | D30: Analiza para las líneas de gestión que lo requieren, la disponibilidad y mantenimiento de los equipos e infraestructura física. Este último incluye el mantenimiento preventivo y reparaciones oportunas. | E30: No se cuenta con el equipo e infraestructura para la gestión | F30: El equipo e infraestructura son inadecuados para la gestión | G30: El equipo e infraestructura son adecuados y su mantenimiento es esporádico. | H30: El equipo e infraestructura son suficientes y adecuados para la gestión, responden al plan de adquisiciones y cuentan con un mantenimiento continuo.
A31: F. SISTEMAS PRODUCTIVOS SOSTENIBLES | B31: 28 | C31: F1. Implementación de cadenas de valor | D31: Comprende la capacidad de generar valor agregado en la cadena de diferentes productos o servicios de los sistemas productivos que se dan en las AP y en su zona de influencia y la posibilidad de que estas cadenas generen un comercio justo que pone al centro los seres humanos y la sostenibilidad social, económica y ambiental de las sociedades; dignificando el trabajo, respetando el medio ambiente y fomentando una gestión responsable y sostenible de los recursos naturales. De acuerdo al Plan Nacional de Biocomercio, los bienes y servicios sostenibles provenientes de los recursos naturales, son aquellos que, en su proceso de aprovechamiento, producción, manejo, transformación, comercialización y/o disposición, incorporan mejores prácticas ambientales garantizando la conservación del medio de donde fueron extraídos y la sostenibilidad del recurso. (ONVS 2014). De acuerdo a lo anterior se identifican, entre otros, los siguientes productos o servicios de los sistemas de producción presentes en el AP y en su zona de influencia, provenientes de los servicios de los ecosistemas: • Productos maderables • Productos no maderables • Productos derivados de la fauna silvestre • Ecoturismo • Restauración | E31: No se generan cadenas de valor y biocomercio para los sistemas productivos del área protegida | F31: Se caracteriza y priorizan sistemas productivos para generar cadenas de valor y/o biocomercio | G31: Se avanza en la construcción del portafolio de productos y en la elaboración del programa de biocomercio | H31: Se cuenta con un portafolio de productos, se implementan programas de biocomercio generando cadenas de valor y beneficios en las comunidades
B32: 29 | C32: F2. Buenas prácticas | D32: Analiza si las prácticas utilizadas en los sistemas productivos y el turismo son sostenibles (en aspectos socioeconómicos, biofísicos y técnico productivos), de manera que sean coherentes con los objetivos del AP y con su área de influencia. | E32: No existe una caracterización detallada de los sistemas productivos del AP | F32: Los sistemas productivos del AP no incluyen buenas prácticas en sus procesos | G32: Se inicia la implementación de buenas prácticas en los sistemas productivos del AP | H32: Los sistemas productivos del AP incluyen buenas prácticas en sus procesos y contribuyen al logro de objetivos de conservación asociados a uso
B33: 30 | C33: F3. Turismo como estrategia de conservación | D33: Analiza como las áreas protegidas con vocación ecoturística, realizan actividades acordes con los objetivos de conservación del AP, ya sea al interior o en su zona de influencia, generando beneficios económicos a las comunidades locales. | E33: La actividad ecoturística se identifica como estrategia para el AP pero no se ha caracterizado | F33: La actividad ecoturística se encuentra caracterizada y se avanza en su regulación | G33: La actividad ecoturística se encuentra regulada e incorporada a la zonificación, se desconoce los beneficios que genera a las comunidades locales | H33: La actividad ecoturística se realiza de manera regulada y genera beneficios económicos a las comunidades locales
B34: 31 | C34: F4. Articulación con el sector productivo en la gestión del AP | D34: Analiza la gestión que desde el AP se realice con sectores productivos ubicados en el área y/o en su contexto local y/o regional para la adecuada implementación de estrategias de manejo asociadas a áreas de uso, de manera que también contribuya a disminuir presiones hacia el interior del área protegida y a mejorar los sistemas productivos que se encuentran en la zona de influencia. | E34: No existe relacionamiento con los sectores productivos | F34: Se inician acercamientos con los sectores productivos | G34: Se generan planes de trabajo con los sectores productivos priorizados pero aún no se implementan | H34: Se implementan planes de trabajo con los sectores productivos priorizados contribuyendo a la reducción de las presiones
C106: =Metodología!#REF! -> #REF!

Sheet Aplicativo
O1: 0 | P1: Si | Q1: Totalmente
L2: Si | O2: 2 | Q2: Parcialmente
C3: =Metodología!A4 -> A. LOGROS | L3: No | O3: 3
O4: 4
C5: =Metodología!C4 -> A1. Salud del área protegida
C6: DESCRIPCIÓN | D6: =Metodología!D4 -> Analiza el impacto que la gestión del área tiene en el estado/salud del área protegida, a través del conocimiento de sus objetos de conservación (Ej. poblaciones, especies, ecosistemas, paisajes) y su manejo para reducir sus presiones. Parte de su importancia radica en asegurar la base natural que sustenta los servicios ecosistémicos esenciales para el bienestar humano (culturales, regulación, provisión, soporte).
C7: MECANISMOS DE APOYO Y ORIENTACIONES PARA EL ANÁLISIS | D7: a) Listar objeto de conservación y mencionar con cuáles se cuenta información acerca de su estado b) En caso que el área protegida aún no cuente con análisis de integridad ecológica. Por favor estime una aproximación a partir de cualquiera de los siguientes análisis: - Análisis de cobertura/multitemporales ó monitoreo de los objeto de conservación - Análisis de pérdida de hábitat y conectividad de especies clave - Pérdida de estructura de ecosistemas estratégicos - Calidad de ecosistemas (p.e. agua o disturbio por tierra) - Cambio de ensamblaje y abundancia relativas c) Se requiere que se asigne una puntuación al nivel de información con que se analiza este elemento de análisis
C8: ANÁLISIS DE LA SITUACIÓN | D8: A) El área protegida cuenta con 7 objetos de conservación, los cuales estan siendo reeplanteados en la actualización del PMA que se encuentra vencido.:Bosque seco Tropical (Bs-T): Desde la realización del PMA no se ha realizado un monitoreo que determine el estado actual del bosque seco en AP. Cuerpos de Agua : Se cuenta con un documento donde se plasma la identificación de los cuerpos de agua presente en la zona y un estudio de la calidad de agua y estado fisico-quimico en que se encuetran. Comunidad de Aves : se cuenta con un listado actualizado de la comunidad de aves en el AP, a traves de observaciones realizados por organizaciones externas se han reportado un número importante de especies (240) en la zona que incluyen especies endemicas y casi endemicas, cifra importante a nivel departamental. Fauna Objeto de Cacería: Por medio del Centro de Reacción Inmediata CRIA-de la CRA no reporta para la zona cifras de decomiso o de actividad de caceria ilegal, sin embargo en mesa de trabajo realizada con la comunidad de la zona informan que se presentan algunos casos de caseria muy esporadicos especialmente de aves para comercilización y otros casos para autoconsumo. Tradición Artesanal con la Iraca : Si bien en el AP las mujeres se caracterizan por el arte del tejido de manera cultural,la Palma de Iraca no se da en la zona acuerdo a un estudio realizado por la CRA, esta materia prima para la elboración de productos llega a Usiacurí proveniente de los montes de Maria- Bolivar, por lo tanto este objeto de conservación sera reemplantado en la actualización del PMA Luriza. Conocimiento y uso sostenible de las Plantas Medicinales: No se ha realizado un estudio que permita verificar el estado de este objeto de conservación. Carreto (Aspidosperma polyneuron): Para la declaratoria del AP se encontro una pobalción de esta especie en estado de amaneza, sin embargo no se cuenta con información precisa del estado actual de la especie , por lo tanto este objeto de conservación será reeplanteado en la actualización del PMA. B)El Distrito Regional de Manejo Integrado DRMI Luriza, no cuenta con una anàlisis de integradad Ecològica que permita realizar una evaluaciòn temporal del estado de la cobertura vegetal desde inicio de su declaratoria en el año 2011 hace 10 años; Sin embargo algunas gestiones realizadas desde la CRA como entiddad administradora ha gestionado la compra de 452 hectareas de propietarios de predios privados de 837 declaradas, lo que ha permitido que se observe una recuperaciòn de la cobertura vegetal debido al abandono de actividades como ganaderìa o agricultura muy comunes a realziar en estos predios.
C9: MEDIOS DE VERIFICACIÓN | D9: Análisis de integridad | F9: No | J9: 0
D10: Mapa de coberturas para mínimo dos períodos de tiempo | F10: No | J10: 1
D11: Monitoreo de los objetos de conservación | F11: No | J11: 2
J12: 3
D13: Señale otros medios de verificación | J13: 4
C14: RANGO | D14: NIVELES SITUACIONALES
C15: 1 | D15: =Metodología!E4 -> La integridad del área protegida se encuentra en estado No Deseable, no se cumple al menos con el atributo ecológico función en ninguno de los objetos de conservación. La base natural que sustenta la provisión de servicios ecosistémicos está en riesgo crítico.
C16: 2 | D16: =Metodología!F4 -> La integridad del área protegida se encuentra en estado No Deseable, se cumple solo para una parte de los objetos de conservación con el atributo función. La base natural que sustenta la provisión de servicios ecosistémicos está en condición de riesgo.
C17: 3 | D17: =Metodología!G4 -> La integridad del área protegida se encuentra en estado Deseable, todos los objetos de conservación cumplen con el atributo ecológico función, pero la categoría de manejo del AP exige que se cumplan otros atributos ecológicos. La base natural que sustenta la provisión de servicios ecosistémicos está en condición vulnerable.
C18: 4 | D18: =Metodología!H4 -> La integridad del área protegida se encuentra en estado Deseable, los objetos de conservación cumplen los atributos ecológicos composición, estructura y función) acorde con la categoría de manejo del AP. La base natural sustenta la provisión de servicios ecosistémicos sin riesgo aparente.
D19: Situación asignada | H19: 2
C20: INFORMACIÓN PARA RESPONDER AL EJE TEMÁTICO | D20: No se cuenta con información para responder el elemento de análisis | H20: 1 | I20: 2
D21: El elemento de análisis se responde con base en el conocimiento empírico que el equipo tiene del área, pero no se cuenta con información producto de investigación, monitoreo u otras fuentes confiables | H21: 2
D22: El elemento de análisis se responde con alguna información de la investigación y el monitoreo u otras fuentes confiables | H22: 3
D23: El elemento de análisis se responde desde el análisis de integridad ecológica del área protegida | H23: 4
D24: Puntaje total del elemento de análisis (Ponderación: Situación Asignada + Información para responder al eje temático) | H24: =(50%*H19)+(50%*I20) -> 2
C25: MEDIDAS DE MANEJO REQUERIDAS | D25: 1. Actualización del Plan de Manejo del DRMI luriza,con el fin de reeplantear los objetos y objetivos de conservación 2. Realizar un análisis de integración ecologica una vez se actualice el PM del AP.3. Elaborar convenios con la academia que permita la investigación y monitoreo de los objetos de conservación del AP
C27: =Metodología!C5 -> A2. Adaptación frente al clima cambiante
C28: DESCRIPCIÓN | D28: =Metodología!D5 -> Analiza el impacto que la gestión del área tiene en su adaptación o mitigación al cambio climático, a la variabilidad y a los fenómenos relacionados con el clima. Esto a través de una planificación que recoge conocimiento en torno a las amenazas, riesgos climáticos, transformaciones ecológicas y cambio en los servicios ecosistémicos y objetos de conservación debido al impacto de un clima cambiante.
C29: MECANISMOS DE APOYO Y ORIENTACIONES PARA EL ANÁLISIS | D29: Se sugiere soportar el análisis con cualquiera de la siguiente información: - Análisis de vulnerabilidad de los objetos de conservación a riesgos climáticos - Análisis de riesgos climáticos y capacidad de adaptación (biofísica, social, económica). - Información climática en un lapso de tiempo que se encuentre sistematizada
C30: ANÁLISIS DE LA SITUACIÓN | D30: Para el caso particular del DRMI luriza hasta la fecha no existen datos biológicos acerca del estado en que se encuentran la fauna y flora silvestre como consecuencia del cambio climático y las extremas sequías que están azotado al Atlántico. Sin embargo, la situación del fenómeno de El Niño ha afectado notoriamente los ciclos de vegetación, como floración y pérdida foliar, lo que modifica el comportamiento de desplazamiento de la fauna, sus sitios de descanso, alimentación y apareamiento y con ello la migración de ciertas especies en busca de agua y alimentación.El AP cuenta con la aplicación de metodologia ARCA en el cual se plantearon las medidas de adaptación para cada uno de los riesgos y fenomenos identificados, el PM actual no incluye dentro de su diagnostico con información realcionada del cambio climático
C31: MEDIOS DE VERIFICACIÓN | D31: Análisis de vulnerabilidad a riesgos/cambio climático | F31: No
D32: Aplicación metodología ARCA | F32: Si
D33: Análisis climáticos dentro del componente diagnóstico del plan de manejo | F33: No
D35: Señale otros medios de verificación | F35: Plan integral de gestión de Cambio climatico territorial del Atlántico 2040.
C36: RANGO | D36: NIVELES SITUACIONALES
C37: 1 | D37: =Metodología!E5 -> La gestión del área no considera el cambio, la variabilidad climática y fenómenos asociados en el AP y su zona de influencia en el plan de manejo.
C38: 2 | D38: =Metodología!F5 -> El plan de manejo incluye en el diagnóstico información climática pero aún no se utiliza para la definición de medidas de adaptación o mitigación en las estrategias de manejo.
C39: 3 | D39: =Metodología!G5 -> Se está ajustando la planificación, con base en la información climática, planteando metas, objetivos e indicadores visionarios que consideran consciente y deliberadamente los riesgos, retos y oportunidades de un clima cambiante. No se ha evaluado su impacto y aún no se implementan en los POA
C40: 4 | D40: =Metodología!H5 -> La gestión contribuye a la adaptación y mitigación del AP al cambio climático, a la variabilidad climática y a los fenómenos relacionados con el clima. Se conoce el impacto que generan las medidas de adaptación y mitigación y se retroalimenta la planificación del manejo.
D41: Situación asignada | H41: 1
C42: MEDIDAS DE MANEJO REQUERIDAS | D42: Los resultados obtenido en el taller ARCA realizado el 11 de mayo de 2022, se plantearon las medidas de manejo, estan serán incluidas en la actualización del PM, asi como su implementación y plande seguimiento. Gestionar con las entidades territoriales la realización de un estudio de vulnerabilidad y análisis de riesgo para el AP.
C44: =Metodología!C6 -> A3. Valores culturales asociados a los objetivos de conservación
C45: Si el área no tiene valores culturales, por favor coloque "cero" y pase al siguiente elemento de análisis
C46: DESCRIPCIÓN | D46: =Metodología!D6 -> Analiza el impacto que la gestión del área tiene en el mantenimiento de bienes materiales e intangibles relacionados con los valores culturales para el cumplimiento de los objetivos de conservación.
C47: MECANISMOS DE APOYO Y ORIENTACIONES PARA EL ANÁLISIS | D47: Mencione el(los) objetivo(s) de conservación asociado(s) a valores o elementos culturales Identificación de VOC culturales dentro del plan de manejo Monitoreo de VOC culturales
C48: ANÁLISIS DE LA SITUACIÓN | D48: El PM del àrea protegida contempla dos valores culturlaes en sus objetivos de conservacòn : 1. Tradición Artesanal 2. Conocimientos Ancestrales de Plantas y Aguas Medicinales; el DMI Luriza esta situado en el municipio ded Usiacurì conocido por tejer artesanias en palma de Iraca , las mujeres que habitan en esta zona tejen articulos que son vendidos en la cabecera municipal pero que la materia prima no es adquirida en los montes de Marìa, los conocimientos ancestrales de plantas y aguas medicianales han sido apropiados por la comunidad de manera empirica pero se necesita fortalecer màs el manejo y la producciòn de los mismos, sin embargo no se cuenta con monitoreo que permita obtener información de análisis, estos objetos serán reeplanteados en la actualización del PM del área, La CRA ha planteado algunas activdiades que se han desarrollado con la comunidad tendiente al fortalecimiento cultural y tradicional del tejido de la Palma de Iraca.
C49: MEDIOS DE VERIFICACIÓN | D49: Identificación de objeto de conservación culturales dentro del plan de manejo | F49: Si
D50: Monitoreo de objeto de conservación culturales | F50: No
D53: Señale otros medios de verificación | F53: NO
C54: RANGO | D54: NIVELES SITUACIONALES
C55: 1 | D55: =Metodología!E6 -> Los objetivos de conservación no integran el conocimiento ancestral, uso, valores culturales y espirituales y/o costumbres tradicionales
C56: 2 | D56: =Metodología!F6 -> La gestión del área protegida avanza en el reconocimiento de una parte del conocimiento ancestral, uso, valores culturales y espirituales y/o costumbres tradicionales asociadas al cumplimiento de los objetivos de conservación, se identifican objetos de conservación asociados a los valores culturales.
C57: 3 | D57: =Metodología!G6 -> La gestión del área protegida reconoce e integra a la planeación el conocimiento ancestral, uso, valores culturales y espirituales y/o costumbres tradicionales asociadas al cumplimiento de los objetivos de conservación.
C58: 4 | D58: =Metodología!H6 -> El conocimiento ancestral, uso, valores culturales y espirituales y/o costumbres tradicionales asociadas contribuyen al logro de los objetivos de conservación.
D59: Situación asignada | H59: 3
C60: MEDIDAS DE MANEJO REQUERIDAS | D60: con la actualizción de la PM estos objetivos de conservación serán reeplanteados sin embargo, se enfocaran hacia el conociminento ancestral de plantas medicinales .
C62: =Metodología!C7 -> A4. Beneficios asociados a las contribuciones de la naturaleza
C63: DESCRIPCIÓN | D63: =Metodología!D7 -> Analiza los beneficios ambientales, sociales, culturales y económicos derivados de las contribuciones (anteriormente denominados servicios ecosistémicos) que el área brinda actualmente o que puede ofrecer a futuro. Parte del principio de la equidad en la distribución de los beneficios.
C64: MECANISMOS DE APOYO Y ORIENTACIONES PARA EL ANÁLISIS | D64: Caracterización de las principales contribuciones de la naturaleza del AP en el componente diagnóstico del plan de manejo Análisis de beneficios de servicios por parte de comunidades, por ejemplo convenios para manejo de ecoturismo, concesiones de servicios, análisis de percepción de beneficios, entre otros Identifique los principales servicios ecosistémicos/contribuciones de la naturaleza que genera el área protegida - Seleccionar los principales servicios ecosistémicos que brinda el área protegida (En la Hoja "Base Conceptual", encontrará la definición) - Identificar los beneficiarios del servicio ecosistémico - Seleccionar cuál es el tipo de beneficio directo que genera el servicio ecosistémico
C65: ANÁLISIS DE LA SITUACIÓN | D65: El AP no cuenta con una caracterización de las principales contribuciones de la naturaleza en el compomenente diagnostico del PM, ni tampoco con un análisis de beneficios de servcios por parte de las comunidades, sin embargo, se ha caracterizado el recurso hidrico como un factor muy importe asociado a los bienes y servicios ecosistemicos que ofrece el AP, el cual beneficia a la comundida la zona ya que cuenta con arroyos permanentes de poca escorrentia pero garantiza el recurso durante todo el año, asi mismo a traves de los mecanismos de gestiòn se han caracterizados algunas actvidades consideradas como una contribuciòn del AP, para la zona del DMI luriza se ha visto caracterizado el tema del ecoturismo, por lo que se ya se encuentran identificados senderos ecologicos, se ha fortalecido a la comunidad en temas como guianzas y recorridos por la naturaleza.
C66: MEDIOS DE VERIFICACIÓN | D66: Caracterización de las principales contribuciones de la naturaleza del AP en componente diagnóstico del plan de manejo | F66: No
D67: Análisis de beneficios de servicios por parte de comunidades, por ejemplo convenios para manejo de ecoturismo, concesiones de servicios, análisis de percepción de beneficios, entre otros | F67: No
D70: Señale otros medios de verificación | F70: NO
C71: RANGO | D71: NIVELES SITUACIONALES
C72: 1 | D72: =Metodología!E7 -> Se identifican los beneficios derivados de las contribuciones de la naturaleza que brinda el área protegida, pero aún no se cuenta con una caracterización de los mismos.
C73: 2 | D73: =Metodología!F7 -> Se cuenta con la caracterización de las contribuciones de la naturaleza priorizadas que genera el área protegida y de los beneficios que brindan.
C74: 3 | D74: =Metodología!G7 -> Se toman medidas con los actores estratégicos para la distribución de los beneficios asociados a las contribuciones de la naturaleza que genera el área protegida
C75: 4 | D75: =Metodología!H7 -> Los beneficios asociados a las contribuciones de la naturaleza que genera el AP son de acceso justo y equitativo para los actores estratégicos y población en general.
D76: Situación asignada | H76: 1
C77: MEDIDAS DE MANEJO REQUERIDAS | D77: 1. Realizar una caracterización de las contribuciones del AP , las cuales deberán ser incluidas en la actualización del PM
C79: PONDERACIÓN
C80: EJE TEMÁTICO | D80: ELEMENTO DE ANÁLISIS | E80: PUNTAJE | F80: RELACIÓN PORCENTUAL | H80: VALOR TOTAL | I80: PORCENTAJE
C81: A. LOGROS | D81: =C5 -> A1. Salud del área protegida | E81: =+IF(H24=0,"",H24) -> 2 | F81: =+IF(AND($J$81=1,$J$82=1,$J$83=1,$J$84=1),1/4,IF(AND($J$81=1,$J$82=1,$J$83=0,$J$84=1),1/3,"")) -> 0.25 | G81: =+IF(H24>=1,E81*F81,"") -> 0.5 | H81: =SUM(G81:G84) -> 1.75 | I81: =IF(H81="","",(H81*100)/4/100) -> 0.4375 | J81: =+IF(E81=0,0,1) -> 1
D82: =C27 -> A2. Adaptación frente al clima cambiante | E82: =+IF(H41="","",H41) -> 1 | F82: =+IF(AND($J$81=1,$J$82=1,$J$83=1,$J$84=1),1/4,IF(AND($J$81=1,$J$82=1,$J$83=0,$J$84=1),1/3,"")) -> 0.25 | G82: =+IF(H41>=1,E82*F82,"") -> 0.25 | J82: =+IF(E82=0,0,1) -> 1
D83: =C44 -> A3. Valores culturales asociados a los objetivos de conservación | E83: =IF(H59="","",H59) -> 3 | F83: =+IF(E83=0,0%,F82) -> 0.25 | G83: =+IF(H59>=1,E83*F83,"") -> 0.75 | J83: =+IF(E83=0,0,1) -> 1
D84: =C62 -> A4. Beneficios asociados a las contribuciones de la naturaleza | E84: =IF(H76="","",H76) -> 1 | F84: =+IF(AND($J$81=1,$J$82=1,$J$83=1,$J$84=1),1/4,IF(AND($J$81=1,$J$82=1,$J$83=0,$J$84=1),1/3,"")) -> 0.25 | G84: =+IF(H76>=1,E84*F84,"") -> 0.25 | J84: =+IF(E84=0,0,1) -> 1
C86: =Metodología!A8 -> B. CONTEXTO
C88: =Metodología!C8 -> B1. Oportunidades en el territorio para la gestión
C89: DESCRIPCIÓN | D89: =Metodología!D8 -> Analiza las ventanas de oportunidad actuales y/o potenciales que permiten potenciar la gestión del área protegida.
C90: MECANISMOS DE APOYO Y ORIENTACIONES PARA EL ANÁLISIS | D90: Identifique al menos tres oportunidades que el territorio ofrece para gestionar el área protegida
C91: ANÁLISIS DE LA SITUACIÓN | D91: • Es un área de alto valor de servicios ecosistémicos: presenta fuentes hídricas, presenta un importante puNto de conectividiad con otras zonas importantes en el departamento. • Oportunidades de implementación de las cadenas de valor en términos del ecoturismo y mercados verdes. • Oportunidades de conservación, a partir de mecanismos financieros como compensaciones por pérdida de biodiversidad, ya que la CRA cuenta con un portafolio de compensaciòn donde varias actividades ya han sido direccionadas a esa zona las cuales han sido utilizadas para programas de restauraciòn y saneamiento predial, el área protegida representa un valor importante en términos de biodiversidad especialmente en aves y bellezas escenicas que de manera sostenible se pueden aprovechar.
C92: MEDIOS DE VERIFICACIÓN | D92: Caracterización de las principales contribuciones de la naturaleza del AP en componente diagnóstico del plan de manejo | F92: No
D93: Análisis de beneficios de servicios por parte de comunidades, por ejemplo convenios para manejo de ecoturismo, concesiones de servicios, análisis de percepción de beneficios, entre otros | F93: No
D96: Señale otros medios de verificación
C97: RANGO | D97: NIVELES SITUACIONALES
C98: 1 | D98: =Metodología!E8 -> No se identifican las oportunidades que el territorio ofrece para la gestión del área protegida
C99: 2 | D99: =Metodología!F8 -> Se identifican las oportunidades que el territorio ofrece para la gestión del área protegida, pero no se toman medidas para aprovecharlas
C100: 3 | D100: =Metodología!G8 -> Las oportunidades que el territorio ofrece para la gestión del área protegida son aprovechadas pero aún no se conoce su impacto
C101: 4 | D101: =Metodología!H8 -> El área potencializa a su favor las oportunidades que el territorio ofrece para su gestión, generando impactos sobre los objetos de conservación
D102: Situación asignada | H102: 3
C103: MEDIDAS DE MANEJO REQUERIDAS | D103: A pesar de que la actividad ecoturistica se desarrolla en el área por parte de locales y operadores externos, no cuenta con lineamientos técnicos que regulen dicha actividad por lo tanto una de las medidas de manejo principales es elaborar un ordenamiento ecosturistico del AP, que incluye acuerdo a la zonficiación ambiental del área, capacitación de los guias locales,entre otros. Identificaciòn y puesta en marcha de actividades que permitan aprovechar los beneficios que ofrece el àrea protegida a nivel local y departamental ya que su central ubicaciòn motiva a impulsar procesos que generan una reactivaciòn economica de la mano de la conservacion
C105: =Metodología!C9 -> B2. Claridad en la propiedad de la tierra
C106: En caso de que sea un área marina, por favor coloque "cero" y pase al siguiente elemento de análisis
C107: DESCRIPCIÓN | D107: =Metodología!D9 -> Analiza la claridad de la seguridad legal y jurídica de la propiedad de la tierra del área protegida.
C108: MECANISMOS DE APOYO Y ORIENTACIONES PARA EL ANÁLISIS | D108: Revise el análisis predial
C109: ANÁLISIS DE LA SITUACIÓN | D109: El AP está conformada por 18 predios de los cuales a CRA ha adquirido un 38,8% equivalente a 452,45 Hectáreas del àrea protegida del DMI Luriza, el número restante corresponde a 7 predios, privados.
C110: MEDIOS DE VERIFICACIÓN | D110: Shapefile del área protegida vs acuerdo de creación del Consejo Directivo/MADS | F110: Si
D114: Señale otros medios de verificación | F114: Análisis predial
C115: RANGO | D115: NIVELES SITUACIONALES
C116: 1 | D116: =Metodología!E9 -> No se tiene claridad sobre la propiedad de la tierra en el AP
C117: 2 | D117: =Metodología!F9 -> Se avanza en la caracterización de la propiedad y tenencia de los predios en menos del 60% del área protegida, esta condición afecta la gestión
...

Sheet Validación
A1: Presiones | D1: Conflictos Socio-Ambientales
A2: Actividad y emisiones volcánicas | D2: Cambios en el uso del suelo
A3: Agricultura | D3: Conflicto gente-fauna
A4: Antenas de comunicación | D4: Extracción de productos maderables y no maderales del bosque
A5: Aumento inusual de precipitación | D5: Hidrocarburos
A6: Aumento inusual de temperaturas | D6: Infraestructura
A7: Cacería | D7: Mineria
A8: Cambios en características físicas o químicas del mar | D8: Ocupación de tierras
A9: Cambios en el nivel del mar | D9: Pastoreo intensivo
A10: Captaciones de agua no reguladas | D10: Pesca
A11: Ciclón (depresión, tormenta, huracán) | D11: Producción de carbon vegetal
A12: Cultivos de uso no licito | D12: Propiedad de la tierra
... A23: Exploración y explotación de petróleo | D23: Fumigaciones
A24: Explotación de minerales
A25: Extracción de fauna
A26: Extracción de flora
A27: Extracción materiales de construcción y de material de arrastre
A28: Ganadería
A29: Helada
A30: Hidroeléctricas
A31: Incendio de coberturas vegetales
A32: Infraestructura
A33: Infraestructura portuaria
A34: Inundación
A35: Leñateo
... A50: Vías

Sheet Matrices de apoyo
O1: X | P1: 1
P2: 2
C3: C3. Coherencia e implementación del plan de manejo
C5: Esta matriz es orientativa para facilitar la comprensión del elemento de análisis. No tiene ponderación | I5: COHERENCIA Y CUMPLIMIENTO (Señale con una equis)
C6: COMPONENTES DEL PLAN DE MANEJO | D6: PREGUNTAS ORIENTADORAS | I6: Si | J6: Parcialmente | K6: No
I7: 3 | J7: 2 | K7: 1
C8: Diagnóstico | D8: ¿El diagnóstico incluye las situaciones y dinámicas relevantes actuales para el manejo del área protegida, teniendo en cuenta los contextos local, regional, nacional e internacional (cuando sean del caso)? | I8: X
D9: ¿La síntesis diagnóstica presenta las prioridades de manejo y su relación con los objetivos de conservación? | I9: X
D10: ¿Las prioridades de manejo responden a situaciones, tanto positivas como negativas, relacionadas con temas de manejo y de administración del área protegida? | I10: X
C11: Ordenamiento | D11: ¿La zonificación cuenta con definición de zonas y subzonas de acuerdo al Decreto 2372? | I11: X
D12: ¿Es acorde con la categoría de manejo? | I12: X
D13: ¿Cuenta con regulación de usos detallada para cada subzona? | I13: X
C14: Estratégico | D14: ¿Los compromisos establecidos en el plan estratégico de acción reflejan las necesidades de manejo del ordenamiento y de las prioridades de manejo del área? | J14: X
D15: ¿El plan estratégico se implementa con actores estratégicos? | J15: X
D16: ¿Las necesidades financieras identificadas tienen coherencia con las metas propuestas? | J16: X
C19: C9. Implementación de las líneas de gestión - E2. Talento humano
C21: C9. Implementación de las líneas de gestión | F21: E2. Talento humano
C22: LÍNEAS DE GESTIÓN DEL ÁREA PROTEGIDA | E22: Porcentaje de implementación | F22: ¿Cuenta con el personal requerido para implementar la línea de gestión? (Señale con una equis) | I22: ¿El personal cuenta con las destrezas y competencias requeridas para implementar la línea de acción? (Señale con una equis) | S22: Total
F23: Si | G23: Parcialmente | H23: No | I23: Si | J23: Parcialmente | K23: No
F24: 3 | G24: 2 | H24: 1 | I24: 3 | J24: 2 | K24: 1
C25: Restaurar un 100% de la cobertura vegetal del Bs-T en 200 ha del AP de Luriza. | E25: 0.6 | G25: X | J25: X
C26: Asegurar la recolección y manejo de residuos sólidos y líquidos en el 100 % del área de la microcuenca del Arroyo Luriza. | E26: 0.45 | H26: X | K26: X
C27: Alcanzar la recuperación del 100% de las coberturas del bosque de Galería y ripario de la microcuenca del Arroyo Luriza. | E27: 0.35 | G27: X | K27: X
C28: Obtener un 100% de la información de la avifauna presente y migratoria del Bs-T del AP de Luriza. | E28: 1 | F28: X | J28: X
C29: Reducir un 100% la cacería en toda el área del AP de Luriza. Indicadores de éxito | E29: 0.6 | G29: X | J29: X
C30: Implementar en un 50% de los hogares las huertas caseras de plantas medicinales en el AP de Luriza | E30: 0.7 | G30: X | J30: X
C31: Recuperar y conservar no menos del 50% de las poblaciones de Carreto en el AP de Luriza. | E31: 0 | H31: X | K31: X
C32: Hasta 2020 establecer un 100% la cadena productiva en torno a la producción de artesanías de iraca en el municipio de Usiacurí. | E32: 0.35 | G32: X | K32: X
C34: TOTAL | E34: =IF(E25="","",AVERAGE(E25:E33)) -> 0.50625
C63: Alimentos
C64: Materias primas
C65: Recursos medicinales
C66: Agua potable
C67: Regulación de la calidad del aire
C68: Regulación del clima
C69: Regulación del agua
C70: Regulación de la erosión
C71: Purificación del agua
C72: Control de plagas y enfermedades
C73: Polinización
C74: Moderación de eventos extremos
... C81: Salud física y mental

Sheet Resumen 
B3: ÍNDICE DE EFECTIVIDAD DE MANEJO | D3: =Aplicativo!E653 -> 0.56782407
B5: EJE TEMÁTICO | D5: PUNTAJE | E5: DESCRIPCION DE LA SITUACION | F5: MEDIDAS DE MANEJO IDENTIFICADAS
B6: A. LOGROS | C6: =+Aplicativo!C5 -> A1. Salud del área protegida | D6: =Aplicativo!E81 -> 2 | E6: =+IF(Aplicativo!D8="","",Aplicativo!D8) -> A) El área protegida cuenta con 7 objetos de conservación, los cuales estan siendo reeplanteados en la actualización del PMA que se encuentra vencido.:Bosque seco Tropical (Bs-T): Desde la realización del PMA no se ha realizado un monitoreo que determine el estado actual del bosque seco en AP. Cuerpos de Agua : Se cuenta con un documento donde se plasma la identificación de los cuerpos de agua presente en la zona y un estudio de la calidad de agua y estado fisico-quimico en que se encuetran. Comunidad de Aves : se cuenta con un listado actualizado de la comunidad de aves en el AP, a traves de observaciones realizados por organizaciones externas se han reportado un número importante de especies (240) en la zona que incluyen especies endemicas y casi endemicas, cifra importante a nivel departamental. Fauna Objeto de Cacería: Por medio del Centro de Reacción Inmediata CRIA-de la CRA no reporta para la zona cifras de decomiso o de actividad de caceria ilegal, sin embargo en mesa de trabajo realizada con la comunidad de la zona informan que se presentan algunos casos de caseria muy esporadicos especialmente de aves para comercilización y otros casos para autoconsumo. Tradición Artesanal con la Iraca : Si bien en el AP las mujeres se caracterizan por el arte del tejido de manera cultural,la Palma de Iraca no se da en la zona acuerdo a un estudio realizado por la CRA, esta materia prima para la elboración de productos llega a Usiacurí proveniente de los montes de Maria- Bolivar, por lo tanto este objeto de conservación sera reemplantado en la actualización del PMA Luriza. Conocimiento y uso sostenible de las Plantas Medicinales: No se ha realizado un estudio que permita verificar el estado de este objeto de conservación. Carreto (Aspidosperma polyneuron): Para la declaratoria del AP se encontro una pobalción de esta especie en estado de amaneza, sin embargo no se cuenta con información precisa del estado actual de la especie , por lo tanto este objeto de conservación será reeplanteado en la actualización del PMA. B)El Distrito Regional de Manejo Integrado DRMI Luriza, no cuenta con una anàlisis de integradad Ecològica que permita realizar una evaluaciòn temporal del estado de la cobertura vegetal desde inicio de su declaratoria en el año 2011 hace 10 años; Sin embargo algunas gestiones realizadas desde la CRA como entiddad administradora ha gestionado la compra de 452 hectareas de propietarios de predios privados de 837 declaradas, lo que ha permitido que se observe una recuperaciòn de la cobertura vegetal debido al abandono de actividades como ganaderìa o agricultura muy comunes a realziar en estos predios. | F6: =+IF(Aplicativo!D25="","",Aplicativo!D25) -> 1. Actualización del Plan de Manejo del DRMI luriza,con el fin de reeplantear los objetos y objetivos de conservación 2. Realizar un análisis de integración ecologica una vez se actualice el PM del AP.3. Elaborar convenios con la academia que permita la investigación y monitoreo de los objetos de conservación del AP
C7: =+Aplicativo!C27 -> A2. Adaptación frente al clima cambiante | D7: =Aplicativo!E82 -> 1 | E7: =+IF(Aplicativo!D30="","",Aplicativo!D30) -> Para el caso particular del DRMI luriza hasta la fecha no existen datos biológicos acerca del estado en que se encuentran la fauna y flora silvestre como consecuencia del cambio climático y las extremas sequías que están azotado al Atlántico. Sin embargo, la situación del fenómeno de El Niño ha afectado notoriamente los ciclos de vegetación, como floración y pérdida foliar, lo que modifica el comportamiento de desplazamiento de la fauna, sus sitios de descanso, alimentación y apareamiento y con ello la migración de ciertas especies en busca de agua y alimentación.El AP cuenta con la aplicación de metodologia ARCA en el cual se plantearon las medidas de adaptación para cada uno de los riesgos y fenomenos identificados, el PM actual no incluye dentro de su diagnostico con información realcionada del cambio climático | F7: =+IF(Aplicativo!D42="","",Aplicativo!D42) -> Los resultados obtenido en el taller ARCA realizado el 11 de mayo de 2022, se plantearon las medidas de manejo, estan serán incluidas en la actualización del PM, asi como su implementación y plande seguimiento. Gestionar con las entidades territoriales la realización de un estudio de vulnerabilidad y análisis de riesgo para el AP.
C8: =+Aplicativo!C44 -> A3. Valores culturales asociados a los objetivos de conservación | D8: =Aplicativo!E83 -> 3 | E8: =+IF(Aplicativo!D48="","",Aplicativo!D48) -> El PM del àrea protegida contempla dos valores culturlaes en sus objetivos de conservacòn : 1. Tradición Artesanal 2. Conocimientos Ancestrales de Plantas y Aguas Medicinales; el DMI Luriza esta situado en el municipio ded Usiacurì conocido por tejer artesanias en palma de Iraca , las mujeres que habitan en esta zona tejen articulos que son vendidos en la cabecera municipal pero que la materia prima no es adquirida en los montes de Marìa, los conocimientos ancestrales de plantas y aguas medicianales han sido apropiados por la comunidad de manera empirica pero se necesita fortalecer màs el manejo y la producciòn de los mismos, sin embargo no se cuenta con monitoreo que permita obtener información de análisis, estos objetos serán reeplanteados en la actualización del PM del área, La CRA ha planteado algunas activdiades que se han desarrollado con la comunidad tendiente al fortalecimiento cultural y tradicional del tejido de la Palma de Iraca. | F8: =+IF(Aplicativo!D60="","",Aplicativo!D60) -> con la actualizción de la PM estos objetivos de conservación serán reeplanteados sin embargo, se enfocaran hacia el conociminento ancestral de plantas medicinales .
C9: =+Aplicativo!C62 -> A4. Beneficios asociados a las contribuciones de la naturaleza | D9: =Aplicativo!E84 -> 1 | E9: =+IF(Aplicativo!D65="","",Aplicativo!D65) -> El AP no cuenta con una caracterización de las principales contribuciones de la naturaleza en el compomenente diagnostico del PM, ni tampoco con un análisis de beneficios de servcios por parte de las comunidades, sin embargo, se ha caracterizado el recurso hidrico como un factor muy importe asociado a los bienes y servicios ecosistemicos que ofrece el AP, el cual beneficia a la comundida la zona ya que cuenta con arroyos permanentes de poca escorrentia pero garantiza el recurso durante todo el año, asi mismo a traves de los mecanismos de gestiòn se han caracterizados algunas actvidades consideradas como una contribuciòn del AP, para la zona del DMI luriza se ha visto caracterizado el tema del ecoturismo, por lo que se ya se encuentran identificados senderos ecologicos, se ha fortalecido a la comunidad en temas como guianzas y recorridos por la naturaleza. | F9: =+IF(Aplicativo!D77="","",Aplicativo!D77) -> 1. Realizar una caracterización de las contribuciones del AP , las cuales deberán ser incluidas en la actualización del PM
C10: Porcentaje de avance | D10: =Aplicativo!I81 -> 0.4375
B11: =+Aplicativo!C86 -> B. CONTEXTO | C11: =+Aplicativo!C88 -> B1. Oportunidades en el territorio para la gestión | D11: =Aplicativo!E178 -> 3 | E11: =+IF(Aplicativo!D91="","",Aplicativo!D91) -> • Es un área de alto valor de servicios ecosistémicos: presenta fuentes hídricas, presenta un importante puNto de conectividiad con otras zonas importantes en el departamento. • Oportunidades de implementación de las cadenas de valor en términos del ecoturismo y mercados verdes. • Oportunidades de conservación, a partir de mecanismos financieros como compensaciones por pérdida de biodiversidad, ya que la CRA cuenta con un portafolio de compensaciòn donde varias actividades ya han sido direccionadas a esa zona las cuales han sido utilizadas para programas de restauraciòn y saneamiento predial, el área protegida representa un valor importante en términos de biodiversidad especialmente en aves y bellezas escenicas que de manera sostenible se pueden aprovechar. | F11: =+IF(Aplicativo!D103="","",Aplicativo!D103) -> A pesar de que la actividad ecoturistica se desarrolla en el área por parte de locales y operadores externos, no cuenta con lineamientos técnicos que regulen dicha actividad por lo tanto una de las medidas de manejo principales es elaborar un ordenamiento ecosturistico del AP, que incluye acuerdo a la zonficiación ambiental del área, capacitación de los guias locales,entre otros. Identificaciòn y puesta en marcha de actividades que permitan aprovechar los beneficios que ofrece el àrea protegida a nivel local y departamental ya que su central ubicaciòn motiva a impulsar procesos que generan una reactivaciòn economica de la mano de la conservacion
C12: =+Aplicativo!C105 -> B2. Claridad en la propiedad de la tierra | D12: =Aplicativo!E179 -> 4 | E12: =+IF(Aplicativo!D109="","",Aplicativo!D109) -> El AP está conformada por 18 predios de los cuales a CRA ha adquirido un 38,8% equivalente a 452,45 Hectáreas del àrea protegida del DMI Luriza, el número restante corresponde a 7 predios, privados. | F12: =+IF(Aplicativo!D121="","",Aplicativo!D121) -> No requiere de medida de manejo
C13: =+Aplicativo!C123 -> B3. Conflictos socio-ambientales | D13: =Aplicativo!E180 -> 2 | E13: =+IF(Aplicativo!D126="","",Aplicativo!D126) -> Como resultado del ejercicio identificación de impulsores de transformación y perdida de la biodiversidad en el AP, se plasmaron con participación de la comunidad y ente territorial conflictos socioambientales generados por presiones y amenazas esto incluye en primera medida, el turismo no regulado el cual genera uno de los mayores conflictos socioambiantales ya que el municipio al ser certificado como Destino turistico sostenible aumento el numero de visitantes a la zona a traves de operadores turisticos externos que no han tenido en cuenta a la comunidad dentro de las actividades de senderismo, generando con ello un descontrol en el ingreso del área protegida y contaminción de residuos sólidos. Adicionalmente se identificaron: actividades ganaderas y agropecuarias, contaminación de residuos sólidos y aguas servidas, deslizamientos, inundaciones, tráfico de especies, especies invasoras y sequias entre otros, | F13: =+IF(Aplicativo!D148="","",Aplicativo!D148) -> Se cuenta con medidas de manejo planteadas a traves de un ejercicio de percepcion sin embargo se de debe realizar un ejercicio de actualización de los conflictos ambientales asociados así como vinculación de actores claves que permitan la elaaboración de las estrategias, estas deberán estar incluidas en la actualización del PM.
C14: =+Aplicativo!C150 -> B4. Presiones y amenazas | D14: =Aplicativo!E181 -> 2 | E14: =+IF(Aplicativo!D153="","",Aplicativo!D153) -> Como resultado del ejercicio identificación de impulsores de transformación y perdida de la biodiversidad en el AP, se plasmaron con participación de la comunidad y ente territorial conflictos socioambientales generados por presiones y amenazas esto incluye en primera medida, el turismo no regulado, actividades ganaderas y agropecuarias, contaminación de residuos sólidos y aguas servidas, deslizamientos, inundaciones, tráfico de especies, especies invasoras y sequias entre otros, | F14: =+IF(Aplicativo!D174="","",Aplicativo!D174) -> Actualizar el análisis de presiones y amenazas plasmado en el PM vigente, e incluir los resultaos del taller realizado en el nuevo PM
C15: Porcentaje de avance | D15: =Aplicativo!I178 -> 0.6875
B16: =+Aplicativo!C183 -> C. PLANEACIÓN Y SEGUIMIENTO | C16: =+Aplicativo!C185 -> C1. Coherencia en el diseño del área protegida | D16: =Aplicativo!E360 -> 4 | E16: =+IF(Aplicativo!D188="","",Aplicativo!D188) -> El diseño del área protegida es coherente con la zonificación, sin embargo con el ejercicio de actualización del PM se plantera la modificación de la misma respondiendo a unos procesos de restauración natural que ha tenido la zona reflejados sobretodo en el saneamiento predial que ha permitido una recuperaación significativa de la cobertura vegetal. | F16: =+IF(Aplicativo!D200="","",Aplicativo!D200) -> Actualización del PM y si es necesario el cambio de la zonificación ambiental del AP
C17: =+Aplicativo!C202 -> C2. Límites del área protegida | D17: =Aplicativo!E361 -> 4 | E17: =+IF(Aplicativo!D205="","",Aplicativo!D205) -> El AP cuenta con limites claros, y alinderamiento de los predios adquiridos por la CRA. | F17: =+IF(Aplicativo!D217="","",Aplicativo!D217) -> Gestionar un acuerdo con los propietarios privados con el objetivo de alinderar sus predios que hacen parte del AP.
C18: =+Aplicativo!C219 -> C3. Coherencia e implementación del plan de manejo | D18: =Aplicativo!E362 -> 2 | E18: =+IF(Aplicativo!D222="","",Aplicativo!D222) -> EL PM elborado se constituyo como la herramienta técnica que consolido la declaratoria del AP en el año 2011, siendo asi la situación en estos momentos este PM se encuentra desctualizado y la implementación de las actividades estrategicas planteadas han sido desarrolladas de manera parcial con la comunidad y con los actores locales, generando una necesidad de tener en cuenta a otros actores de inicidencia territorial como la gobernación, academias entre otros, que permitan fortalecer la implementación y seguimiento de las actividades inmersas en el Plan de Acción, de igual manera se hace necesario la revisión del estado financiero de la misma, acuerdo a lo analizado se puede definir que el PM ha tenido una implementación de un 55%. | F18: =+IF(Aplicativo!D236="","",Aplicativo!D236) -> Actualización del PM
C19: =+Aplicativo!C238 -> C4. Articulación con áreas del SINAP y/u otras áreas de importancia para la conservación | D19: =Aplicativo!E363 -> 4 | E19: =+IF(Aplicativo!D241="","",Aplicativo!D241) -> El área Potegida no cuenta con estrategias complementarias de conservación ni otras áreas del SINAP a su alrededor, se identifican dos RNSC: los Mameyales y los charcones,ubicadas en el municipio de Piojó localizadas a unos 25 minutos del DRMI Luriza, las cuales serian las mas cercanas acuerdo a la cartografia de áreas protegidas del Atlántico sin embargo no existe una artciulación entre las mismas.Otras áreas administradas por la corporación corresponden a DRMI Palmar del Titi, PNR Los Rosales, RFP El Palomar, DRMI Banco Totumo Bijibna, en dónde el objetivo principal de conservación es el Bosque seco tropical priorizandose de esta manera procesos de compensacion dirigidos a la restauración del bosque. | F19: =+IF(Aplicativo!D253="","",Aplicativo!D253) -> Desarrollar estrategias que ayuden a complementar acciones de conservación entre las áreas protegidas aunque no exista conectividad entre las mismas; de esta manera se hace necesario realizar acercamientos que generen propuestas de conservación y conectividad con las reservas naturales de la sociedad civil que son las mas cercanas al AP.
C20: =+Aplicativo!C255 -> C5. Articulación transfronteriza para la gestión | D20: =Aplicativo!E364 -> 0 | E20: =+IF(Aplicativo!D259="","",Aplicativo!D259) | F20: =+IF(Aplicativo!D271="","",Aplicativo!D271)
C21: =+Aplicativo!C273 -> C6. Cumplimiento de la zonificación | D21: =Aplicativo!E365 -> 2 | E21: =+IF(Aplicativo!D276="","",Aplicativo!D276) -> El área protegida cuenta con la siguiente Zonificación ambiental: Zona de preservación, zona de restauración, zona de conservación y zona de uso público en esta zona esta permitido el turismo y a pesar de no estar regulado no existe una incidencia directa de esta actividad que afecte la zonificación; se ha dado cumplimiento a la regulación de uso establecida y aprobada, sin embargo no se cuenta con un esquema de control y vigilancia, la información incluida aqui hace parte del seguimiento del área por parte de la autoridad ambiental y la comunidad. | F21: =+IF(Aplicativo!D288="","",Aplicativo!D288) -> Elaborar un esquema de control y vigilancia a cuerdo a la zonificación definida el cual deebe ser socializado con la comunidad y los actores locales, e incluirlo en el nuevo PM.
C22: =+Aplicativo!C290 -> C7. Articulación de la gestión del área con los planes de ordenamiento territorial | D22: =Aplicativo!E366 -> 4 | E22: =+IF(Aplicativo!D293="","",Aplicativo!D293) -> El área protegida se encuenttra articulada con el Plan de ordenamiento territorial de los municipios de Usiacurí y Piojó siendo reconocida como una determinante ambiental. A traves de convenios instirintucionales elaborados entre la CRA y el municipio de Usiacurí fueron implementadas acciones tendientes a la conservación del DRMI luriza. | F22: =+IF(Aplicativo!D305="","",Aplicativo!D305) -> Reactivar convenios que permitan desarrollar acciones enmarcadas en el nuevo PM del AP
C23: =+Aplicativo!C307 -> C8. Manejo y uso del conocimiento | D23: =Aplicativo!E367 -> 1 | E23: =+IF(Aplicativo!D310="","",Aplicativo!D310) -> La información base del AP es la relacionada con el documento del PM elaborada en el año 2011, es por ello que la entidad ambiental esta realizando los esfuerzos para la actualización de la misma y poder contar asi con nuevas acciones y estrategias de manejo del AP. | F23: =+IF(Aplicativo!D322="","",Aplicativo!D322) -> Actualizar linea base de información del área protegida y utilizarla como insumo en la actualización del PM, Gestionar convenios con organizaciones, Universidades, institutos de investigación que permitan fortalecer y llenar los vacios de información existentes.
C24: =+Aplicativo!C324 -> C9. Implementación de las líneas de gestión | D24: =Aplicativo!E368 -> 2 | E24: =+IF(Aplicativo!D327="","",Aplicativo!D327) -> Acuerdo a las lineas de gestión establecidas para el PM, se evidencia que se han realizado acciones parciales de las acciones estrategicas, sin embargo no se ha manejado una continuidad de la misma y no se han realzado una linea de monitoreo que permita evaluar el nivel de avance de estas lienas de gestión que están enmarcadas en los objetivos de conservación identificadas para el área protegida. | F24: =+IF(Aplicativo!D339="","",Aplicativo!D339) -> Actualiación del PM del AP, desarrollar un análisis de las lineas de gestión definidas en el Plan de Manejo que permita establecer actividades concretas en funcionalidad de los objetos de conservación definidos para el AP.
C25: =+Aplicativo!C341 -> C10. Evaluación, seguimiento y retroalimentación a la planeación del manejo | D25: =Aplicativo!E369 -> 2 | E25: =+IF(Aplicativo!D344="","",Aplicativo!D344) -> Para el AP es la primera vez que se realiza un análisis de efectividad y manejo, se generan reportes semestrales de cumplimiento de indicadores y metas establecidas en el PAC institucional 2020-2023. | F25: =+IF(Aplicativo!D356="","",Aplicativo!D356) -> Actualización del PM , plantear indicadores de seguimiento que permitan evaluar el estado de avance de los estrategias plantedas en el PM, realizar la retroalimentaación de este ejercicio en el PM.
C26: Porcentaje de avance | D26: =Aplicativo!I360 -> 0.69444444
B27: =+Aplicativo!C371 -> D. GOBERNANZA | C27: =+Aplicativo!C373 -> D1. Legitimidad de las instancias para la participación y coordinación | D27: =+Aplicativo!E491 -> 1 | E27: =+IF(Aplicativo!D376="","",Aplicativo!D376) -> No existe un esquema de gobernanza, las acciones encaminadas a la conservación del área protegida han estado en cabeza de la CRA como entidad administradora del AP y de aliado se cuenta con la alcaldia municipal con quien ha realizado covenios interadministrativos y además de eso el ente territorial ha sido tomador de decisión concernientes al seguiridad del territorio, si bien existe un SIDAP Atlántico y un SILAP Usiacurí no se han definidos acciones concretas que permitan la participación y articulación de actores, dado que el AP no cuenta con una mesa de concertación. | F27: =+IF(Aplicativo!D399="","",Aplicativo!D399) -> Crear instancias de gobernanza y participación que permita la coordinación y la toma de decisión del AP
C28: =+Aplicativo!C401 -> D2. Articulación entre la autoridad ambiental y la tradicional para la gestión del área protegida | D28: =+Aplicativo!E492 -> 0 | E28: =+IF(Aplicativo!D405="","",Aplicativo!D405) | F28: =+IF(Aplicativo!D417="","",Aplicativo!D417)
C29: =+Aplicativo!C419 -> D3. Cualificación de actores estratégicos | D29: =+Aplicativo!E493 -> 3 | E29: =+IF(Aplicativo!D422="","",Aplicativo!D422) -> En el PM cuenta con estrategias de educación ambiental dirigidas a la comunidad del área, determinadas a la necesidad de conservación de la misma, de igual manera como eje transversal la autoridad ambiental maneja procesos de fortalecimiento en capacidades continuos dirigidos a la comunidad del área protegida, ente territorial , organizaciones e instituciones educativas de manera continua en el municipio de Usiacurí, algunas capacitaciones realizadas en el área son : Conservación de Bosque seco, Guianza y recorridos por la naturaleza en convenio con el SENA, Huertas caseras, Medidas de adaptación al cambio climatico, manejo y disposición final de residuos sólidos. | F29: =+IF(Aplicativo!D436="","",Aplicativo!D436) -> En el PM cuenta con estrategias de educación ambiental dirigidas a la comunidad del área, determinadas a la necesidad de conservación de la misma, de igual manera como eje transversal la autoridad ambiental maneja procesos de fortalecimiento en capacidades.
C30: =+Aplicativo!C438 -> D4. Manejo de conflictos | D30: =+Aplicativo!E494 -> 2 | E30: =+IF(Aplicativo!D441="","",Aplicativo!D441) -> El área protegida no cuenta con un protocolo de manejo de conflictos, actualmente la manera de manejar un conflicto presentados entres los actores estrategicos es a traves de contacto directo con la parte involucrada tratando de esta manera regular o mitigar la problematica presentada. | F30: =+IF(Aplicativo!D453="","",Aplicativo!D453) -> Desarrollar la instancia de gobernanza que incluya un protocolo para la resolución de conflictos entre actores, este se debe reflejar en la actualización del PM.
C31: =+Aplicativo!C455 -> D5. Incidencia del riesgo público en la gestión | D31: =+Aplicativo!E495 -> 4 | E31: =+IF(Aplicativo!D458="","",Aplicativo!D458) -> El área protegida no cuenta con reportes que indiquen una situación de riesgo público en la gestión. | F31: =+IF(Aplicativo!D470="","",Aplicativo!D470)
C32: =+Aplicativo!C472 -> D6. Inclusión de elementos intergeneracionales/género para la gestión del AP | D32: =+Aplicativo!E496 -> 3 | E32: =+IF(Aplicativo!D475="","",Aplicativo!D475) -> El AP incorpora en algunas de sus actividades la participación de hombres, mujeres, niños y jovenes como en campañas de siembra, artesanias y temas culturales, sin embargo no existe un programa definido para cada uno de ellos que se evidencia en la Planeación y manejo del AP. | F32: =+IF(Aplicativo!D487="","",Aplicativo!D487) -> En la actualización del PM incluir estrategias de manejo que reflejen el reconocimiento diferenciado de hombres y mujeres, niños y jovenes teniendo en cuenta su contexto sociocultural.
C33: Porcentaje de avance | D33: =Aplicativo!I491 -> 0.65
B34: =+Aplicativo!C498 -> E. RECURSOS | C34: =+Aplicativo!C500 -> E1. Sostenibilidad financiera | D34: =Aplicativo!E556 -> 2 | E34: =+IF(Aplicativo!D503="","",Aplicativo!D503) -> La asignación presupuestal de la autoridad ambiental para las áreas protegidas corresponde al cumpliminento de indicadores esepcificos los cuales son destinados para las cinco áreas protegidas con las que cuenta actualmente, aproximadaamente el presupuesto designado para Luriza es de $ 120.000.000, No se cuenta con un análisis de brecha financieraa ni con mecanismos para reducir la misma. | F34: =+IF(Aplicativo!D515="","",Aplicativo!D515) -> Desarrollar un analisis de brecha financiera el cual debera ser tenido en cuenta en las acciones propuestas en el Nuevo PM
C35: =+Aplicativo!C517 -> E2. Talento humano | D35: =Aplicativo!E557 -> 1 | E35: =+IF(Aplicativo!D520="","",Aplicativo!D520) -> Actualmente a manera institucional sólo se cuenta con dos personas a manera de contratación de orden por prestacion de servicios encargadas del manejo de las cinco areas protegidas con las que cuenta el departamento del Atlántico, si bien el talento humano contratado para tal fin cuenta con la formación y experiencia necesaria para el tema no es suficiente para dar un manejo integral de las mismas, asi mismo no existe una articulación interna que permita conocer acciones que se realizan en el área protegida que permita evaluar su continuidad. | F35: =+IF(Aplicativo!D532="","",Aplicativo!D532) -> se requiere contar con mas personal de apoyo para la implementación de las lineas de gestión y manejar desde la institucionalidad un articulación efectiva para la ejecución de acciones que dan cumplimiento al PM.
C36: =+Aplicativo!C534 -> E3. Equipo e infraestructura | D36: =Aplicativo!E558 -> 3 | E36: =+IF(Aplicativo!D537="","",Aplicativo!D537) -> El AP cuenta con un punto de control constituido con una casa que es punto de reunión de la comunidad, que se encuentra en buen estado y apto para alojamiento de visitantes en el momento que se requiera,tambien cuenta con unos equipos en comodato : computador, GPS, Impresora, Binoculares,ademas cuenta con transporte disponible para el traslado y reacción inmediata al AP. | F36: =+IF(Aplicativo!D552="","",Aplicativo!D552) -> Gestionar la adquisición de equipos necesarios para la gestión del área, Continuar con los convenios interadministrativos con el ente territorial para el manejo y control de la infraestructura y equipos.
C37: Porcentaje de avance | D37: =Aplicativo!I556 -> 0.5
B38: =+Aplicativo!C560 -> F. SISTEMAS PRODUCTIVOS SOSTENIBLES | C38: =+Aplicativo!C564 -> F1. Implementación de cadenas de valor | D38: =Aplicativo!E635 -> 2 | E38: =+IF(Aplicativo!D567="","",Aplicativo!D567) -> El AP cuenta con un potencial de la actividad ecoturistica realizada por locales y operadores externos, este sistema productivo no cuenta con una cadena de valor, ni como mercado verde, en el área se identifica un predio privado en el cual funciona un centro de interpretación que ha sido avalado y certificado como un Negocio Verde de la CRA, este negocio genera trabajo a la comunidad local, con el avance de los procesos la producción de miel y artesanias se esta consolidando dentro del sistema productivo del AP. | F38: =+IF(Aplicativo!D579="","",Aplicativo!D579) -> Realizar e implementar el ordenamiento Ecoturistico del AP. Identificar otros procesos productivos en la zona que puedan ser parte del registro de NV para el Atlántico.
C39: =+Aplicativo!C581 -> F2. Buenas prácticas | D39: =Aplicativo!E636 -> 2 | E39: =+IF(Aplicativo!D584="","",Aplicativo!D584) -> Aunque se trata desde el nivel local la realziación de buenas prácticas a traves de la activdiad ecoturistica, la falta de ordenamiento del mismo no permite que este sistema productivo seaa sostenible, ni acorde a los obejtivos de conservaación del AP. | F39: =+IF(Aplicativo!D596="","",Aplicativo!D596) -> construir la medida de ordenamiento del ecoturismo y elaborar una caracterización detallada para incluir los nuevos sistemas productivos existentes en el AP.
C40: =+Aplicativo!C598 -> F3. Turismo como estrategia de conservación | D40: =Aplicativo!E637 -> 1 | E40: =+IF(Aplicativo!D602="","",Aplicativo!D602) -> El área protegida cuenta con vocación ecoturistica, se han venido desarrollando diferentes actividades a lo largo de los años tratando de enfocar esta activdiad en el PM pasado, sin embargo a falta del ordenamiento de la actividad no ha sido posible ya que no se cuenta con estudio de capacidad de carga, identficiación de actores calves como operadores, señalización de los senderos, fortalecimiento organizativo. | F40: =+IF(Aplicativo!D614="","",Aplicativo!D614) -> Ordenamiento ecoturistico del AP que incluya : regulación de actividades según la zonificación, caracterización y regulación de operadores turisticos, facilidades de infraestructura en el lugar, señalización de senderos, capacitación a guias locales, fortalecimiento organizativo, estudio de capacidad de carga, esta medida de manejo fue planteada como resultado del taller de identifcación de impulsores de transformación y perdida de la biodiversidad, desarrollado con la participación de actores locales, gremio turistico y ente territorial el pasado 11 de mayo.
C41: =+Aplicativo!C616 -> F4. Articulación con el sector productivo en la gestión del AP | D41: =Aplicativo!E638 -> 2 | E41: =+IF(Aplicativo!D619="","",Aplicativo!D619) -> Actualmente no existe una articulación con el sector productivo ecoturistico local, ni regional , ni con el sector turismo del municipio de Usiacurí, lo que desencadena una ecoturismo no regulado en el AP | F41: =+IF(Aplicativo!D631="","",Aplicativo!D631) -> Ordenamiento ecoturistico del AP que incluya :capacitación a guias locales, fortalecimiento organizativo y articulación con el sector turistico de Usiacurí.
C42: Porcentaje de avance | D42: =Aplicativo!I635 -> 0.4375

Sheet Reporte Resultados
C4: Nivel de Avance | D4: Reto | G4: EJE | H4: NIVEL DE AVANCE | I4: RETO
C5: =+IF(Aplicativo!E653="","",Aplicativo!E653) -> 0.56782407 | D5: =+IF(C5="","",(100%-C5)) -> 0.43217593 | G5: =Aplicativo!C643 -> A. LOGROS | H5: =Aplicativo!I81 -> 0.4375 | I5: =100%-H5 -> 0.5625
G6: =Aplicativo!C644 -> B. CONTEXTO | H6: =Aplicativo!I178 -> 0.6875 | I6: =100%-H6 -> 0.3125
G7: =Aplicativo!C645 -> C. PLANEACIÓN Y SEGUIMIENTO | H7: =Aplicativo!I360 -> 0.69444444 | I7: =100%-H7 -> 0.30555556
G8: =Aplicativo!C646 -> D. GOBERNANZA | H8: =Aplicativo!I491 -> 0.65 | I8: =100%-H8 -> 0.35
G9: =Aplicativo!C647 -> E. RECURSOS | H9: =Aplicativo!I556 -> 0.5 | I9: =100%-H9 -> 0.5
G10: =Aplicativo!C648 -> F. SISTEMAS PRODUCTIVOS SOSTENIBLES | H10: =Aplicativo!I635 -> 0.4375 | I10: =100%-H10 -> 0.5625
C18: LOGROS
C20: EJES TEMÁTICOS | D20: NIVEL SITUACIONAL | E20: MANEJO EFECTIVO | G20: EJES TEMÁTICOS | H20: ANÁLISIS DE LA SITUACIÓN | I20: MEDIDAS DE MANEJO REQUERIDAS
C21: =Aplicativo!D81 -> A1. Salud del área protegida | D21: =Aplicativo!E81 -> 2 | E21: 4 | G21: =C21 -> A1. Salud del área protegida | H21: =+'Resumen '!E6 -> A) El área protegida cuenta con 7 objetos de conservación, los cuales estan siendo reeplanteados en la actualización del PMA que se encuentra vencido.:Bosque seco Tropical (Bs-T): Desde la realización del PMA no se ha realizado un monitoreo que determine el estado actual del bosque seco en AP. Cuerpos de Agua : Se cuenta con un documento donde se plasma la identificación de los cuerpos de agua presente en la zona y un estudio de la calidad de agua y estado fisico-quimico en que se encuetran. Comunidad de Aves : se cuenta con un listado actualizado de la comunidad de aves en el AP, a traves de observaciones realizados por organizaciones externas se han reportado un número importante de especies (240) en la zona que incluyen especies endemicas y casi endemicas, cifra importante a nivel departamental. Fauna Objeto de Cacería: Por medio del Centro de Reacción Inmediata CRIA-de la CRA no reporta para la zona cifras de decomiso o de actividad de caceria ilegal, sin embargo en mesa de trabajo realizada con la comunidad de la zona informan que se presentan algunos casos de caseria muy esporadicos especialmente de aves para comercilización y otros casos para autoconsumo. Tradición Artesanal con la Iraca : Si bien en el AP las mujeres se caracterizan por el arte del tejido de manera cultural,la Palma de Iraca no se da en la zona acuerdo a un estudio realizado por la CRA, esta materia prima para la elboración de productos llega a Usiacurí proveniente de los montes de Maria- Bolivar, por lo tanto este objeto de conservación sera reemplantado en la actualización del PMA Luriza. Conocimiento y uso sostenible de las Plantas Medicinales: No se ha realizado un estudio que permita verificar el estado de este objeto de conservación. Carreto (Aspidosperma polyneuron): Para la declaratoria del AP se encontro una pobalción de esta especie en estado de amaneza, sin embargo no se cuenta con información precisa del estado actual de la especie , por lo tanto este objeto de conservación será reeplanteado en la actualización del PMA. B)El Distrito Regional de Manejo Integrado DRMI Luriza, no cuenta con una anàlisis de integradad Ecològica que permita realizar una evaluaciòn temporal del estado de la cobertura vegetal desde inicio de su declaratoria en el año 2011 hace 10 años; Sin embargo algunas gestiones realizadas desde la CRA como entiddad administradora ha gestionado la compra de 452 hectareas de propietarios de predios privados de 837 declaradas, lo que ha permitido que se observe una recuperaciòn de la cobertura vegetal debido al abandono de actividades como ganaderìa o agricultura muy comunes a realziar en estos predios. | I21: =+'Resumen '!F6 -> 1. Actualización del Plan de Manejo del DRMI luriza,con el fin de reeplantear los objetos y objetivos de conservación 2. Realizar un análisis de integración ecologica una vez se actualice el PM del AP.3. Elaborar convenios con la academia que permita la investigación y monitoreo de los objetos de conservación del AP
C22: =Aplicativo!D82 -> A2. Adaptación frente al clima cambiante | D22: =Aplicativo!E82 -> 1 | E22: 4 | G22: =C22 -> A2. Adaptación frente al clima cambiante | H22: =+'Resumen '!E7 -> Para el caso particular del DRMI luriza hasta la fecha no existen datos biológicos acerca del estado en que se encuentran la fauna y flora silvestre como consecuencia del cambio climático y las extremas sequías que están azotado al Atlántico. Sin embargo, la situación del fenómeno de El Niño ha afectado notoriamente los ciclos de vegetación, como floración y pérdida foliar, lo que modifica el comportamiento de desplazamiento de la fauna, sus sitios de descanso, alimentación y apareamiento y con ello la migración de ciertas especies en busca de agua y alimentación.El AP cuenta con la aplicación de metodologia ARCA en el cual se plantearon las medidas de adaptación para cada uno de los riesgos y fenomenos identificados, el PM actual no incluye dentro de su diagnostico con información realcionada del cambio climático | I22: =+'Resumen '!F7 -> Los resultados obtenido en el taller ARCA realizado el 11 de mayo de 2022, se plantearon las medidas de manejo, estan serán incluidas en la actualización del PM, asi como su implementación y plande seguimiento. Gestionar con las entidades territoriales la realización de un estudio de vulnerabilidad y análisis de riesgo para el AP.
C23: =Aplicativo!D83 -> A3. Valores culturales asociados a los objetivos de conservación | D23: =Aplicativo!E83 -> 3 | E23: 4 | G23: =C23 -> A3. Valores culturales asociados a los objetivos de conservación | H23: =+'Resumen '!E8 -> El PM del àrea protegida contempla dos valores culturlaes en sus objetivos de conservacòn : 1. Tradición Artesanal 2. Conocimientos Ancestrales de Plantas y Aguas Medicinales; el DMI Luriza esta situado en el municipio ded Usiacurì conocido por tejer artesanias en palma de Iraca , las mujeres que habitan en esta zona tejen articulos que son vendidos en la cabecera municipal pero que la materia prima no es adquirida en los montes de Marìa, los conocimientos ancestrales de plantas y aguas medicianales han sido apropiados por la comunidad de manera empirica pero se necesita fortalecer màs el manejo y la producciòn de los mismos, sin embargo no se cuenta con monitoreo que permita obtener información de análisis, estos objetos serán reeplanteados en la actualización del PM del área, La CRA ha planteado algunas activdiades que se han desarrollado con la comunidad tendiente al fortalecimiento cultural y tradicional del tejido de la Palma de Iraca. | I23: =+'Resumen '!F8 -> con la actualizción de la PM estos objetivos de conservación serán reeplanteados sin embargo, se enfocaran hacia el conociminento ancestral de plantas medicinales .
C24: =Aplicativo!D84 -> A4. Beneficios asociados a las contribuciones de la naturaleza | D24: =Aplicativo!E84 -> 1 | E24: 4 | G24: =C24 -> A4. Beneficios asociados a las contribuciones de la naturaleza | H24: =+'Resumen '!E9 -> El AP no cuenta con una caracterización de las principales contribuciones de la naturaleza en el compomenente diagnostico del PM, ni tampoco con un análisis de beneficios de servcios por parte de las comunidades, sin embargo, se ha caracterizado el recurso hidrico como un factor muy importe asociado a los bienes y servicios ecosistemicos que ofrece el AP, el cual beneficia a la comundida la zona ya que cuenta con arroyos permanentes de poca escorrentia pero garantiza el recurso durante todo el año, asi mismo a traves de los mecanismos de gestiòn se han caracterizados algunas actvidades consideradas como una contribuciòn del AP, para la zona del DMI luriza se ha visto caracterizado el tema del ecoturismo, por lo que se ya se encuentran identificados senderos ecologicos, se ha fortalecido a la comunidad en temas como guianzas y recorridos por la naturaleza. | I24: =+'Resumen '!F9 -> 1. Realizar una caracterización de las contribuciones del AP , las cuales deberán ser incluidas en la actualización del PM
C26: CONTEXTO
C28: EJES TEMÁTICOS | D28: SITUACIÓN ACTUAL | E28: MANEJO EFECTIVO | G28: EJES TEMÁTICOS | H28: ANÁLISIS DE LA SITUACIÓN | I28: MEDIDAS DE MANEJO REQUERIDAS
C29: =+G29 -> B1. Oportunidades en el territorio para la gestión | D29: =+Aplicativo!E178 -> 3 | E29: 4 | G29: =+'Resumen '!C11 -> B1. Oportunidades en el territorio para la gestión | H29: =+'Resumen '!E11 -> • Es un área de alto valor de servicios ecosistémicos: presenta fuentes hídricas, presenta un importante puNto de conectividiad con otras zonas importantes en el departamento. • Oportunidades de implementación de las cadenas de valor en términos del ecoturismo y mercados verdes. • Oportunidades de conservación, a partir de mecanismos financieros como compensaciones por pérdida de biodiversidad, ya que la CRA cuenta con un portafolio de compensaciòn donde varias actividades ya han sido direccionadas a esa zona las cuales han sido utilizadas para programas de restauraciòn y saneamiento predial, el área protegida representa un valor importante en términos de biodiversidad especialmente en aves y bellezas escenicas que de manera sostenible se pueden aprovechar. | I29: =+'Resumen '!F11 -> A pesar de que la actividad ecoturistica se desarrolla en el área por parte de locales y operadores externos, no cuenta con lineamientos técnicos que regulen dicha actividad por lo tanto una de las medidas de manejo principales es elaborar un ordenamiento ecosturistico del AP, que incluye acuerdo a la zonficiación ambiental del área, capacitación de los guias locales,entre otros. Identificaciòn y puesta en marcha de actividades que permitan aprovechar los beneficios que ofrece el àrea protegida a nivel local y departamental ya que su central ubicaciòn motiva a impulsar procesos que generan una reactivaciòn economica de la mano de la conservacion
C30: =+G30 -> B2. Claridad en la propiedad de la tierra | D30: =+Aplicativo!E179 -> 4 | E30: 4 | G30: =+'Resumen '!C12 -> B2. Claridad en la propiedad de la tierra | H30: =+'Resumen '!E12 -> El AP está conformada por 18 predios de los cuales a CRA ha adquirido un 38,8% equivalente a 452,45 Hectáreas del àrea protegida del DMI Luriza, el número restante corresponde a 7 predios, privados. | I30: =+'Resumen '!F12 -> No requiere de medida de manejo
C31: =+G31 -> B3. Conflictos socio-ambientales | D31: =+Aplicativo!E180 -> 2 | E31: 4 | G31: =+'Resumen '!C13 -> B3. Conflictos socio-ambientales | H31: =+'Resumen '!E13 -> Como resultado del ejercicio identificación de impulsores de transformación y perdida de la biodiversidad en el AP, se plasmaron con participación de la comunidad y ente territorial conflictos socioambientales generados por presiones y amenazas esto incluye en primera medida, el turismo no regulado el cual genera uno de los mayores conflictos socioambiantales ya que el municipio al ser certificado como Destino turistico sostenible aumento el numero de visitantes a la zona a traves de operadores turisticos externos que no han tenido en cuenta a la comunidad dentro de las actividades de senderismo, generando con ello un descontrol en el ingreso del área protegida y contaminción de residuos sólidos. Adicionalmente se identificaron: actividades ganaderas y agropecuarias, contaminación de residuos sólidos y aguas servidas, deslizamientos, inundaciones, tráfico de especies, especies invasoras y sequias entre otros, | I31: =+'Resumen '!F13 -> Se cuenta con medidas de manejo planteadas a traves de un ejercicio de percepcion sin embargo se de debe realizar un ejercicio de actualización de los conflictos ambientales asociados así como vinculación de actores claves que permitan la elaaboración de las estrategias, estas deberán estar incluidas en la actualización del PM.
C32: =+G32 -> B4. Presiones y amenazas | D32: =+Aplicativo!E181 -> 2 | E32: 4 | G32: =+'Resumen '!C14 -> B4. Presiones y amenazas | H32: =+'Resumen '!E14 -> Como resultado del ejercicio identificación de impulsores de transformación y perdida de la biodiversidad en el AP, se plasmaron con participación de la comunidad y ente territorial conflictos socioambientales generados por presiones y amenazas esto incluye en primera medida, el turismo no regulado, actividades ganaderas y agropecuarias, contaminación de residuos sólidos y aguas servidas, deslizamientos, inundaciones, tráfico de especies, especies invasoras y sequias entre otros, | I32: =+'Resumen '!F14 -> Actualizar el análisis de presiones y amenazas plasmado en el PM vigente, e incluir los resultaos del taller realizado en el nuevo PM
C38: PLANEACIÓN Y SEGUIMIENTO
C40: EJES TEMÁTICOS | D40: NIVEL SITUACIONAL | E40: MANEJO EFECTIVO | G40: EJES TEMÁTICOS | H40: ANÁLISIS DE LA SITUACIÓN | I40: MEDIDAS DE MANEJO REQUERIDAS
C41: =+G41 -> C1. Coherencia en el diseño del área protegida | D41: =+Aplicativo!E360 -> 4 | E41: 4 | G41: =+'Resumen '!C16 -> C1. Coherencia en el diseño del área protegida | H41: =+'Resumen '!E16 -> El diseño del área protegida es coherente con la zonificación, sin embargo con el ejercicio de actualización del PM se plantera la modificación de la misma respondiendo a unos procesos de restauración natural que ha tenido la zona reflejados sobretodo en el saneamiento predial que ha permitido una recuperaación significativa de la cobertura vegetal. | I41: =+'Resumen '!F16 -> Actualización del PM y si es necesario el cambio de la zonificación ambiental del AP
C42: =+G42 -> C2. Límites del área protegida | D42: =+Aplicativo!E361 -> 4 | E42: 4 | G42: =+'Resumen '!C17 -> C2. Límites del área protegida | H42: =+'Resumen '!E17 -> El AP cuenta con limites claros, y alinderamiento de los predios adquiridos por la CRA. | I42: =+'Resumen '!F17 -> Gestionar un acuerdo con los propietarios privados con el objetivo de alinderar sus predios que hacen parte del AP.
C43: =+G43 -> C3. Coherencia e implementación del plan de manejo | D43: =+Aplicativo!E362 -> 2 | E43: 4 | G43: =+'Resumen '!C18 -> C3. Coherencia e implementación del plan de manejo | H43: =+'Resumen '!E18 -> EL PM elborado se constituyo como la herramienta técnica que consolido la declaratoria del AP en el año 2011, siendo asi la situación en estos momentos este PM se encuentra desctualizado y la implementación de las actividades estrategicas planteadas han sido desarrolladas de manera parcial con la comunidad y con los actores locales, generando una necesidad de tener en cuenta a otros actores de inicidencia territorial como la gobernación, academias entre otros, que permitan fortalecer la implementación y seguimiento de las actividades inmersas en el Plan de Acción, de igual manera se hace necesario la revisión del estado financiero de la misma, acuerdo a lo analizado se puede definir que el PM ha tenido una implementación de un 55%. | I43: =+'Resumen '!F18 -> Actualización del PM
C44: =+G44 -> C4. Articulación con áreas del SINAP y/u otras áreas de importancia para la conservación | D44: =+Aplicativo!E363 -> 4 | E44: 4 | G44: =+'Resumen '!C19 -> C4. Articulación con áreas del SINAP y/u otras áreas de importancia para la conservación | H44: =+'Resumen '!E19 -> El área Potegida no cuenta con estrategias complementarias de conservación ni otras áreas del SINAP a su alrededor, se identifican dos RNSC: los Mameyales y los charcones,ubicadas en el municipio de Piojó localizadas a unos 25 minutos del DRMI Luriza, las cuales serian las mas cercanas acuerdo a la cartografia de áreas protegidas del Atlántico sin embargo no existe una artciulación entre las mismas.Otras áreas administradas por la corporación corresponden a DRMI Palmar del Titi, PNR Los Rosales, RFP El Palomar, DRMI Banco Totumo Bijibna, en dónde el objetivo principal de conservación es el Bosque seco tropical priorizandose de esta manera procesos de compensacion dirigidos a la restauración del bosque. | I44: =+'Resumen '!F19 -> Desarrollar estrategias que ayuden a complementar acciones de conservación entre las áreas protegidas aunque no exista conectividad entre las mismas; de esta manera se hace necesario realizar acercamientos que generen propuestas de conservación y conectividad con las reservas naturales de la sociedad civil que son las mas cercanas al AP.
C45: =+G45 -> C5. Articulación transfronteriza para la gestión | D45: =+Aplicativo!E364 -> 0 | E45: 4 | G45: =+'Resumen '!C20 -> C5. Articulación transfronteriza para la gestión | H45: =+'Resumen '!E20 | I45: =+'Resumen '!F20
C46: =G46 -> C6. Cumplimiento de la zonificación | D46: =+Aplicativo!E365 -> 2 | E46: 4 | G46: =+'Resumen '!C21 -> C6. Cumplimiento de la zonificación | H46: =+'Resumen '!E21 -> El área protegida cuenta con la siguiente Zonificación ambiental: Zona de preservación, zona de restauración, zona de conservación y zona de uso público en esta zona esta permitido el turismo y a pesar de no estar regulado no existe una incidencia directa de esta actividad que afecte la zonificación; se ha dado cumplimiento a la regulación de uso establecida y aprobada, sin embargo no se cuenta con un esquema de control y vigilancia, la información incluida aqui hace parte del seguimiento del área por parte de la autoridad ambiental y la comunidad. | I46: =+'Resumen '!F21 -> Elaborar un esquema de control y vigilancia a cuerdo a la zonificación definida el cual deebe ser socializado con la comunidad y los actores locales, e incluirlo en el nuevo PM.
C47: =+G47 -> C7. Articulación de la gestión del área con los planes de ordenamiento territorial | D47: =+Aplicativo!E366 -> 4 | E47: 4 | G47: =+'Resumen '!C22 -> C7. Articulación de la gestión del área con los planes de ordenamiento territorial | H47: =+'Resumen '!E22 -> El área protegida se encuenttra articulada con el Plan de ordenamiento territorial de los municipios de Usiacurí y Piojó siendo reconocida como una determinante ambiental. A traves de convenios instirintucionales elaborados entre la CRA y el municipio de Usiacurí fueron implementadas acciones tendientes a la conservación del DRMI luriza. | I47: =+'Resumen '!F22 -> Reactivar convenios que permitan desarrollar acciones enmarcadas en el nuevo PM del AP
C48: =+G48 -> C8. Manejo y uso del conocimiento | D48: =+Aplicativo!E367 -> 1 | E48: 4 | G48: =+'Resumen '!C23 -> C8. Manejo y uso del conocimiento | H48: =+'Resumen '!E23 -> La información base del AP es la relacionada con el documento del PM elaborada en el año 2011, es por ello que la entidad ambiental esta realizando los esfuerzos para la actualización de la misma y poder contar asi con nuevas acciones y estrategias de manejo del AP. | I48: =+'Resumen '!F23 -> Actualizar linea base de información del área protegida y utilizarla como insumo en la actualización del PM, Gestionar convenios con organizaciones, Universidades, institutos de investigación que permitan fortalecer y llenar los vacios de información existentes.
C49: =+G49 -> C9. Implementación de las líneas de gestión | D49: =+Aplicativo!E368 -> 2 | E49: 4 | G49: =+'Resumen '!C24 -> C9. Implementación de las líneas de gestión | H49: =+'Resumen '!E24 -> Acuerdo a las lineas de gestión establecidas para el PM, se evidencia que se han realizado acciones parciales de las acciones estrategicas, sin embargo no se ha manejado una continuidad de la misma y no se han realzado una linea de monitoreo que permita evaluar el nivel de avance de estas lienas de gestión que están enmarcadas en los objetivos de conservación identificadas para el área protegida. | I49: =+'Resumen '!F24 -> Actualiación del PM del AP, desarrollar un análisis de las lineas de gestión definidas en el Plan de Manejo que permita establecer actividades concretas en funcionalidad de los objetos de conservación definidos para el AP.
C50: =+G50 -> C10. Evaluación, seguimiento y retroalimentación a la planeación del manejo | D50: =+Aplicativo!E369 -> 2 | E50: 4 | G50: =+'Resumen '!C25 -> C10. Evaluación, seguimiento y retroalimentación a la planeación del manejo | H50: =+'Resumen '!E25 -> Para el AP es la primera vez que se realiza un análisis de efectividad y manejo, se generan reportes semestrales de cumplimiento de indicadores y metas establecidas en el PAC institucional 2020-2023. | I50: =+'Resumen '!F25 -> Actualización del PM , plantear indicadores de seguimiento que permitan evaluar el estado de avance de los estrategias plantedas en el PM, realizar la retroalimentaación de este ejercicio en el PM.
C52: GOBERNANZA
C54: EJES TEMÁTICOS | D54: NIVEL SITUACIONAL | E54: MANEJO EFECTIVO | G54: EJES TEMÁTICOS | H54: ANÁLISIS DE LA SITUACIÓN | I54: MEDIDAS DE MANEJO REQUERIDAS
C55: =Aplicativo!D491 -> D1. Legitimidad de las instancias para la participación y coordinación | D55: =+Aplicativo!E491 -> 1 | E55: 4 | G55: =+'Resumen '!C27 -> D1. Legitimidad de las instancias para la participación y coordinación | H55: =+'Resumen '!E27 -> No existe un esquema de gobernanza, las acciones encaminadas a la conservación del área protegida han estado en cabeza de la CRA como entidad administradora del AP y de aliado se cuenta con la alcaldia municipal con quien ha realizado covenios interadministrativos y además de eso el ente territorial ha sido tomador de decisión concernientes al seguiridad del territorio, si bien existe un SIDAP Atlántico y un SILAP Usiacurí no se han definidos acciones concretas que permitan la participación y articulación de actores, dado que el AP no cuenta con una mesa de concertación. | I55: =+'Resumen '!F27 -> Crear instancias de gobernanza y participación que permita la coordinación y la toma de decisión del AP
C56: =Aplicativo!D492 -> D2. Articulación entre la autoridad ambiental y la tradicional para la gestión del área protegida | D56: =+Aplicativo!E492 -> 0 | E56: 4 | G56: =+'Resumen '!C28 -> D2. Articulación entre la autoridad ambiental y la tradicional para la gestión del área protegida | H56: =+'Resumen '!E28 | I56: =+'Resumen '!F28
C57: =Aplicativo!D493 -> D3. Cualificación de actores estratégicos | D57: =+Aplicativo!E493 -> 3 | E57: 4 | G57: =+'Resumen '!C29 -> D3. Cualificación de actores estratégicos | H57: =+'Resumen '!E29 -> En el PM cuenta con estrategias de educación ambiental dirigidas a la comunidad del área, determinadas a la necesidad de conservación de la misma, de igual manera como eje transversal la autoridad ambiental maneja procesos de fortalecimiento en capacidades continuos dirigidos a la comunidad del área protegida, ente territorial , organizaciones e instituciones educativas de manera continua en el municipio de Usiacurí, algunas capacitaciones realizadas en el área son : Conservación de Bosque seco, Guianza y recorridos por la naturaleza en convenio con el SENA, Huertas caseras, Medidas de adaptación al cambio climatico, manejo y disposición final de residuos sólidos. | I57: =+'Resumen '!F29 -> En el PM cuenta con estrategias de educación ambiental dirigidas a la comunidad del área, determinadas a la necesidad de conservación de la misma, de igual manera como eje transversal la autoridad ambiental maneja procesos de fortalecimiento en capacidades.
C58: =Aplicativo!D494 -> D4. Manejo de conflictos | D58: =+Aplicativo!E494 -> 2 | E58: 4 | G58: =+'Resumen '!C30 -> D4. Manejo de conflictos | H58: =+'Resumen '!E30 -> El área protegida no cuenta con un protocolo de manejo de conflictos, actualmente la manera de manejar un conflicto presentados entres los actores estrategicos es a traves de contacto directo con la parte involucrada tratando de esta manera regular o mitigar la problematica presentada. | I58: =+'Resumen '!F30 -> Desarrollar la instancia de gobernanza que incluya un protocolo para la resolución de conflictos entre actores, este se debe reflejar en la actualización del PM.
C59: =Aplicativo!D495 -> D5. Incidencia del riesgo público en la gestión | D59: =+Aplicativo!E495 -> 4 | E59: 4 | G59: =+'Resumen '!C31 -> D5. Incidencia del riesgo público en la gestión | H59: =+'Resumen '!E31 -> El área protegida no cuenta con reportes que indiquen una situación de riesgo público en la gestión. | I59: =+'Resumen '!F31
C60: =Aplicativo!D496 -> D6. Inclusión de elementos intergeneracionales/género para la gestión del AP | D60: =+Aplicativo!E496 -> 3 | E60: 4 | G60: =+'Resumen '!C32 -> D6. Inclusión de elementos intergeneracionales/género para la gestión del AP | H60: =+'Resumen '!E32 -> El AP incorpora en algunas de sus actividades la participación de hombres, mujeres, niños y jovenes como en campañas de siembra, artesanias y temas culturales, sin embargo no existe un programa definido para cada uno de ellos que se evidencia en la Planeación y manejo del AP. | I60: =+'Resumen '!F32 -> En la actualización del PM incluir estrategias de manejo que reflejen el reconocimiento diferenciado de hombres y mujeres, niños y jovenes teniendo en cuenta su contexto sociocultural.
C63: RECURSOS
C65: EJES TEMÁTICOS | D65: NIVEL SITUACIONAL | E65: MANEJO EFECTIVO | G65: EJES TEMÁTICOS | H65: ANÁLISIS DE LA SITUACIÓN | I65: MEDIDAS DE MANEJO REQUERIDAS
C66: =Aplicativo!D556 -> E1. Sostenibilidad financiera | D66: =+Aplicativo!E556 -> 2 | E66: 4 | G66: =C66 -> E1. Sostenibilidad financiera | H66: =+'Resumen '!E34 -> La asignación presupuestal de la autoridad ambiental para las áreas protegidas corresponde al cumpliminento de indicadores esepcificos los cuales son destinados para las cinco áreas protegidas con las que cuenta actualmente, aproximadaamente el presupuesto designado para Luriza es de $ 120.000.000, No se cuenta con un análisis de brecha financieraa ni con mecanismos para reducir la misma. | I66: =+'Resumen '!F34 -> Desarrollar un analisis de brecha financiera el cual debera ser tenido en cuenta en las acciones propuestas en el Nuevo PM
C67: =Aplicativo!D557 -> E2. Talento humano | D67: =+Aplicativo!E557 -> 1 | E67: 4 | G67: =C67 -> E2. Talento humano | H67: =+'Resumen '!E35 -> Actualmente a manera institucional sólo se cuenta con dos personas a manera de contratación de orden por prestacion de servicios encargadas del manejo de las cinco areas protegidas con las que cuenta el departamento del Atlántico, si bien el talento humano contratado para tal fin cuenta con la formación y experiencia necesaria para el tema no es suficiente para dar un manejo integral de las mismas, asi mismo no existe una articulación interna que permita conocer acciones que se realizan en el área protegida que permita evaluar su continuidad. | I67: =+'Resumen '!F35 -> se requiere contar con mas personal de apoyo para la implementación de las lineas de gestión y manejar desde la institucionalidad un articulación efectiva para la ejecución de acciones que dan cumplimiento al PM.
C68: =Aplicativo!D558 -> E3. Equipo e infraestructura | D68: =+Aplicativo!E558 -> 3 | E68: 4 | G68: =C68 -> E3. Equipo e infraestructura | H68: =+'Resumen '!E36 -> El AP cuenta con un punto de control constituido con una casa que es punto de reunión de la comunidad, que se encuentra en buen estado y apto para alojamiento de visitantes en el momento que se requiera,tambien cuenta con unos equipos en comodato : computador, GPS, Impresora, Binoculares,ademas cuenta con transporte disponible para el traslado y reacción inmediata al AP. | I68: =+'Resumen '!F36 -> Gestionar la adquisición de equipos necesarios para la gestión del área, Continuar con los convenios interadministrativos con el ente territorial para el manejo y control de la infraestructura y equipos.
C72: SISTEMAS PRODUCTIVOS SOSTENIBLES
C74: EJES TEMÁTICOS | D74: NIVEL SITUACIONAL | E74: MANEJO EFECTIVO | G74: EJES TEMÁTICOS | H74: ANÁLISIS DE LA SITUACIÓN | I74: MEDIDAS DE MANEJO REQUERIDAS
C75: =+'Resumen '!C38 -> F1. Implementación de cadenas de valor | D75: =+Aplicativo!E635 -> 2 | E75: 4 | G75: =+'Resumen '!C38 -> F1. Implementación de cadenas de valor | H75: =+'Resumen '!E38 -> El AP cuenta con un potencial de la actividad ecoturistica realizada por locales y operadores externos, este sistema productivo no cuenta con una cadena de valor, ni como mercado verde, en el área se identifica un predio privado en el cual funciona un centro de interpretación que ha sido avalado y certificado como un Negocio Verde de la CRA, este negocio genera trabajo a la comunidad local, con el avance de los procesos la producción de miel y artesanias se esta consolidando dentro del sistema productivo del AP. | I75: =+'Resumen '!F38 -> Realizar e implementar el ordenamiento Ecoturistico del AP. Identificar otros procesos productivos en la zona que puedan ser parte del registro de NV para el Atlántico.
C76: =+'Resumen '!C39 -> F2. Buenas prácticas | D76: =+Aplicativo!E636 -> 2 | E76: 4 | G76: =+'Resumen '!C39 -> F2. Buenas prácticas | H76: =+'Resumen '!E39 -> Aunque se trata desde el nivel local la realziación de buenas prácticas a traves de la activdiad ecoturistica, la falta de ordenamiento del mismo no permite que este sistema productivo seaa sostenible, ni acorde a los obejtivos de conservaación del AP. | I76: =+'Resumen '!F39 -> construir la medida de ordenamiento del ecoturismo y elaborar una caracterización detallada para incluir los nuevos sistemas productivos existentes en el AP.
C77: =+'Resumen '!C40 -> F3. Turismo como estrategia de conservación | D77: =+Aplicativo!E637 -> 1 | E77: 4 | G77: =+'Resumen '!C40 -> F3. Turismo como estrategia de conservación | H77: =+'Resumen '!E40 -> El área protegida cuenta con vocación ecoturistica, se han venido desarrollando diferentes actividades a lo largo de los años tratando de enfocar esta activdiad en el PM pasado, sin embargo a falta del ordenamiento de la actividad no ha sido posible ya que no se cuenta con estudio de capacidad de carga, identficiación de actores calves como operadores, señalización de los senderos, fortalecimiento organizativo. | I77: =+'Resumen '!F40 -> Ordenamiento ecoturistico del AP que incluya : regulación de actividades según la zonificación, caracterización y regulación de operadores turisticos, facilidades de infraestructura en el lugar, señalización de senderos, capacitación a guias locales, fortalecimiento organizativo, estudio de capacidad de carga, esta medida de manejo fue planteada como resultado del taller de identifcación de impulsores de transformación y perdida de la biodiversidad, desarrollado con la participación de actores locales, gremio turistico y ente territorial el pasado 11 de mayo.
C78: =+'Resumen '!C41 -> F4. Articulación con el sector productivo en la gestión del AP | D78: =+Aplicativo!E638 -> 2 | E78: 4 | G78: =+'Resumen '!C41 -> F4. Articulación con el sector productivo en la gestión del AP | H78: =+'Resumen '!E41 -> Actualmente no existe una articulación con el sector productivo ecoturistico local, ni regional , ni con el sector turismo del municipio de Usiacurí, lo que desencadena una ecoturismo no regulado en el AP | I78: =+'Resumen '!F41 -> Ordenamiento ecoturistico del AP que incluya :capacitación a guias locales, fortalecimiento organizativo y articulación con el sector turistico de Usiacurí.

Sheet Homologación METT - GEF 3, 4, 5
C3: METODOLOGÍA METT | G3: HOMOLOGACIÓN CON EL METT
C4: Elemento | D4: Asunto | E4: Puntaje METT | F4: Criterio | G4: Observación | H4: Aspecto de análisis metodología de efectividad en áreas públicas | I4: Puntaje equivalente metodología áreas públicas | J4: Resultado áreas públicas | K4: Nivel situacional metodología de efectividad áreas públicas | L4: Resultado Homologado al METT
C5: Contexto | D5: 1. Estatus legal: | E5: 0 | F5: El área protegida no esta declarada. | G5: Las áreas que hacen parte del Sistema Nacional de Áreas Protegidas - SINAP están legalmente constituidas, por lo que éstas áreas se encuentran en un nivel 3. | H5: No Aplica | I5: No Aplica | J5: 3 | K5: No aplica | L5: =+J5 -> 3
D6: ¿El área protegida tiene un estatus legal (en el caso de las reservas privadas está cubierta por un mecanismo formal o similar? | E6: 1 | F6: Se ha acordado que el área protegida debe ser declarada de acuerdo a la ruta correspondiente, pero el proceso aún no ha iniciado.
E7: 2 | F7: El área protegida está en proceso de ser declarada, pero el proceso está incompleto (incluye sitios designados bajo convenios internacionales, tales como Ramsar, o legislación local/tradicional como las áreas conservadas por la comunidad, que aún no tienen un estatus legal nacional o un convenio).
E8: 3 | F8: El área protegida ha sido formalmente declarada.
C9: Planificación | D9: 2. Reglamento del área protegida: | E9: 0 | F9: No existen mecanismos para reglamentar / controlar los usos y actividades no apropiadas en el AP. | H9: =+Aplicativo!C273 -> C6. Cumplimiento de la zonificación | I9: 1 | J9: =+IF(Aplicativo!H287="","",Aplicativo!H287) -> 2 | K9: =+IF(J9="","",VLOOKUP(J9,Aplicativo!C283:I286,2)) -> Se está en proceso de definir una reglamentación específica que regule los usos del área. Se presentan conflictos con los usuarios en el área | L9: =+IF(AND(J9=1),0,IF(AND(J9=2),1,IF(AND(J9=3),3,IF(AND(J9=4),3,"")))) -> 1
D10: ¿Existen mecanismos apropiados para controlar el acceso y uso de los recursos y las actividades incompatibles (i.e caza)? | E10: 1 | F10: Existen algunos mecanismos para controlar los usos y actividades incompatibles en el AP, pero son muy débiles. | I10: 2
E11: 2 | F11: Existen mecanismos para controlar los usos y actividades / incompatibles en el AP, pero hay algunas limitaciones en su implementación efectiva. | I11: NA
E12: 3 | F12: Existen mecanismos para controlar los usos y actividades incompatibles en el AP, y son implementados efectivamente. | I12: 3 - 4
C13: Insumos | D13: 3. Aplicación de las leyes: | E13: 0 | F13: El personal no tiene la capacidad ni los recursos para implementar la legislación y reglamentos del AP. | H13: =+Aplicativo!C517 -> E2. Talento humano | I13: 1 | J13: =+IF(Aplicativo!H531="","",Aplicativo!H531) -> 1 | K13: =+IF(J13="","",VLOOKUP(J13,Aplicativo!C527:I530,2,FALSE)) -> El personal es insuficiente para implementar todas las líneas de gestión y sus destrezas y competencias no son las requeridas | L13: =+IF(AND(J13=1),0,IF(AND(J13=2),1,IF(AND(J13=3),2,IF(AND(J13=4),3,"")))) -> 0
D14: El personal / la institución a cargo del área ¿puede hacer cumplir las normas del áreas protegida de manera satisfactoria? | E14: 1 | F14: El personal tiene deficiencias mayores en cuanto a su capacidad y recursos, para implementar la legislación y reglamentos del AP (por ejemplo, falta de conocimientos, déficit presupuestal, falta de apoyo institucional). | I14: 2
E15: 2 | F15: El personal tiene un nivel aceptable de capacidad y recursos para implementar la legislación y reglamentos del AP, pero aún quedan algunas deficiencias por superar. | I15: 3
E16: 3 | F16: Al personal, no le hace falta ni la capacidad, ni los recursos para implementar la legislación y reglamentos del AP. | I16: 4
C17: Planificación | D17: 4. Objetivos de Conservación del área protegida: | E17: 0 | F17: No se han acordado objetivos de conservación concretos para el AP. | G17: Este aspecto es analizado a partir del índice de efectividad que calcula el resultado total de los elementos de análisis | H17: No Aplica | I17: NA | J17: =+IF(Aplicativo!E653<=60%,"1",IF(AND(Aplicativo!E653>60%,Aplicativo!E653<=70%),"2",IF(Aplicativo!E653>70%,"3"))) -> 1 | K17: No aplica | L17: =+IF(J17="","",J17) -> 1
D18: Es el área manejada de acuerdo a los objetivos de conservación establecidos en el plan? | E18: 1 | F18: Hay objetivos de conservación establecidos, pero el área no se gestiona de acuerdo a éstos. | I18: ≤60%
E19: 2 | F19: Hay objetivos de conservación establecidos, pero son implementados parcialmente. | I19: >60% y ≤70%
E20: 3 | F20: Hay objetivos de conservación establecidos y el área esta siendo manejada para lograrlos. | I20: >70%
C21: Planificación | D21: 5. Diseño del AP: | E21: 0 | F21: Las limitaciones en el diseño imposibilitan el logro de los objetivos de conservación del AP. | H21: =+Aplicativo!C185 -> C1. Coherencia en el diseño del área protegida | I21: 1 | J21: =+IF(Aplicativo!H199="","",Aplicativo!H199) -> 4 | K21: =+IF(J21="","",VLOOKUP(J21,Aplicativo!C195:I198,2,FALSE)) -> La categoría de manejo, el diseño del área y la zonificación son coherentes entre sí, favoreciendo el cumplimiento de los objetivos de conservación | L21: =+IF(AND(J21=1),0,IF(AND(J21=2),2,IF(AND(J21=3),2,IF(AND(J21=4),3,"")))) -> 3
D22: Tiene el área protegida el tamaño y forma adecuados para proteger especies, hábitats, procesos ecológicos y cuencas hidrográficas de interés para la conservación? | E22: 1 | F22: Las limitaciones en el diseño dificultan el logro de los objetivos de conservación, pero se están tomando algunas acciones de manejo (por ejemplo, acuerdos con los propietarios de terrenos adyacentes para crear corredores de vida silvestre o la gestión adecuada de las cuencas hidrográficas). | I22: NA
E23: 2 | F23: El diseño no limita el logro de los objetivos conservación del área protegida, pero aún así puede mejorarse (por ejemplo, con respecto a los procesos ecológicos a mayor escala). | I23: 2 - 3
E24: 3 | F24: El diseño del área protegida contribuye al logro de los objetivos de conservación; es adecuado para la conservación de las especies y los hábitats; y mantiene los procesos ecológicos, como los flujos de aguas superficiales y subterráneas a escala de la cuenca, los patrones naturales de perturbación, etc. | I24: 4
C25: Proceso | D25: 6. Establecimiento de los limites: | E25: 0 | F25: Ni el personal de la autoridad de manejo ni la población local conoce los límites del AP. | H25: =+Aplicativo!C202 -> C2. Límites del área protegida | I25: NA | J25: =+IF(Aplicativo!E361="","",Aplicativo!E361) -> 4 | K25: =+IF(J25="","",VLOOKUP(J25,Aplicativo!C212:I215,2,FALSE)) -> Los límites son claros y coherentes entre la resolución y la cartografía, y son reconocidos y respetados por todos los actores sociales e institucionales | L25: =+IF(AND(J25=1),1,IF(AND(J25=2),2,IF(AND(J25=3),2,IF(AND(J25=4),3,"")))) -> 3
D26: ¿Están claramente establecidos y demarcados en el terreno los límites del área protegida? | E26: 1 | F26: Los límites del AP son reconocidos por la autoridad de manejo, pero la población local no los conoce. | I26: 1
E27: 2 | F27: Los límites del área son conocidos por la autoridad de manejo, así como la población local, pero aún no están debidamente señalizados. | I27: 2 - 3
E28: 3 | F28: Los límites del área son conocidos por las autoridad de manejo, así como la población local y están debidamente señalizados. | I28: 4
C29: Planificación | D29: 7. Plan de manejo: | E29: 0 | F29: No hay un plan de manejo para el AP. | G29: Este aspecto contempla la información de la pregunta orientadora asociada al aspecto de análisis C3. Coherencia e implementación del plan de manejo. | H29: =+Aplicativo!C219 -> C3. Coherencia e implementación del plan de manejo | I29: 1 | J29: =+IF(Aplicativo!E362="","",Aplicativo!E362) -> 2 | K29: =+IF(J29="","",VLOOKUP(J29,Aplicativo!C231:I234,2,FALSE)) -> Existen vacíos en la coherencia en todos los componentes del plan de manejo. Se implementa parcialmente | L29: =+IF(AND(Aplicativo!H235=1,Aplicativo!H229="No"),0,IF(AND(Aplicativo!H235=1,Aplicativo!H229="Si"),1,IF(AND(J29=2),2,IF(AND(J29=3),2,IF(AND(J29=4),3,""))))) -> 2
D30: ¿Se tiene un Plan de Manejo y este está siendo implementado? | E30: 1 | F30: Hay un plan de manejo o esta en proceso de elaboración, pero aún no esta siendo implementado. | I30: 2
E31: 2 | F31: Hay un plan de manejo aprobado, pero se implementa en forma parcial debido a la falta de recursos financieros u otras dificultades. | I31: 3
E32: 3 | F32: Existe un plan de manejo aprobado y se esta implementando. | I32: 4
D33: Puntos adicionales | E33: (+)1 | F33: 7.a. El proceso de planificación permite la participación de los actores claves en el diseño del plan de manejo. | H33: =Aplicativo!C373 -> D1. Legitimidad de las instancias para la participación y coordinación | I33: > = 3 | J33: =+IF(Aplicativo!E491="","",Aplicativo!E491) -> 1 | K33: =+IF(J33="","",VLOOKUP(J33,Aplicativo!C394:I397,2,FALSE)) -> No existen instancias para la participación y coordinación con actores estratégicos en la gestión del AP | L33: =+IF(J33>=3,1,0) -> 0
H34: =Aplicativo!C438 -> D4. Manejo de conflictos | I34: > = 3 | J34: =+IF(Aplicativo!E494="","",Aplicativo!E494) -> 2 | K34: =+IF(J34="","",VLOOKUP(J34,Aplicativo!C448:I451,2,FALSE)) -> Se identifican y caracterizan los conflictos y se avanza en la construcción de mecanismos para su solución | L34: =+IF(J34>=3,1,0) -> 0
H35: =Aplicativo!C472 -> D6. Inclusión de elementos intergeneracionales/género para la gestión del AP | I35: > = 3 | J35: =+IF(Aplicativo!E496="","",Aplicativo!E496) -> 3 | K35: =+IF(J35="","",VLOOKUP(J35,Aplicativo!C482:I485,2,FALSE)) -> Las estrategias que lo requieren incorporan elementos de género e intergeneracionales | L35: =+IF(J35>=3,1,0) -> 1
E36: (+)1 | F36: 7.b. Existe un cronograma y un proceso para la revisión y actualización periódica del plan de manejo. | G36: Todas las áreas protegidas del SINAP cuentan con una ruta definida para la actualización de los planes de manejo | I36: 1 | J36: =+I36 -> 1 | L36: =+J36 -> 1
E37: (+)1 | F37: 7.c. Los resultados de investigación, monitoreo y evaluación son incorporados en forma regular a la planificación del área protegida. | H37: =+Aplicativo!C341 -> C10. Evaluación, seguimiento y retroalimentación a la planeación del manejo | I37: = 4 | J37: =+IF(Aplicativo!E369="","",Aplicativo!E369) -> 2 | K37: =+IF(J37="","",VLOOKUP(J37,Aplicativo!C351:I354,2,FALSE)) -> Se realiza de manera discontinua la evaluación, seguimiento y retroalimentación | L37: =+IF(J37=4,1,0) -> 0
H38: =+Aplicativo!C307 -> C8. Manejo y uso del conocimiento | I38: = 4 | J38: =+IF(Aplicativo!E367="","",Aplicativo!E367) -> 1 | K38: =+IF(J38="","",VLOOKUP(J38,Aplicativo!C317:I320,2,FALSE)) -> El conocimiento para la planeación del manejo es insuficiente o se encuentra desactualizado | L38: =+IF(J38=4,1,0) -> 0
C39: Planificación / Productos | D39: 8. Plan operativo: | E39: 0 | F39: No existe un POA. | H39: =+Aplicativo!C324 -> C9. Implementación de las líneas de gestión | I39: 1 | J39: =+IF(Aplicativo!E368="","",Aplicativo!E368) -> 2 | K39: =+IF(J39="","",VLOOKUP(J39,Aplicativo!C334:I337,2,FALSE)) -> Las líneas de gestión han sido definidas conjuntamente con los actores estratégicos y tienen un avance inferior al 60%. Su implementación tiene interrupciones | L39: =+IF(AND(J39=1),0,IF(AND(J39=2),1,IF(AND(J39=3),2,IF(AND(J39=4),3,"")))) -> 1
D40: ¿Existe un Plan Operativo y está siendo implementado? | E40: 1 | F40: Existe un POA, pero pocas de las actividades son implementadas. | I40: 2
E41: 2 | F41: Existe un POA y la mayoría de las actividades son implementadas. | I41: 3
E42: 3 | F42: Existe un POA y todas las actividades son implementadas. | I42: 4
C43: Insumos | D43: 9. Línea base de los valores objeto de conservación: | E43: 0 | F43: No existe nada o muy poca información disponible sobre los hábitat críticos, especies y valores culturales del área (Valores Objeto de Conservación). | H43: =+Aplicativo!C307 -> C8. Manejo y uso del conocimiento | I43: 1 | J43: =+IF(Aplicativo!E367="","",Aplicativo!E367) -> 1 | K43: =+IF(J43="","",VLOOKUP(J43,Aplicativo!C317:I320,2,FALSE)) -> El conocimiento para la planeación del manejo es insuficiente o se encuentra desactualizado | L43: =+IF(AND(J43=1),0,IF(AND(J43=2),1,IF(AND(J43=3),2,IF(AND(J43=4),3,"")))) -> 0
D44: ¿Existe información suficiente para el manejo del área protegida? | E44: 1 | F44: La información disponible sobre los hábitats críticos, especies, procesos ecológicos y valores culturales del área no es suficiente para apoyar los procesos de planificación y la toma de decisiones. | I44: 2
E45: 2 | F45: La información disponible sobre los hábitats críticos, especies, procesos ecológicos y valores culturales del área es suficiente para apoyar los procesos de planificación y la toma de decisiones. | I45: 3
E46: 3 | F46: La información disponible sobre los hábitats críticos, especies, procesos ecológicos y valores culturales del área es suficiente para apoyar los procesos de planificación y la toma de decisiones. | I46: 4
C47: Procesos / resultados de impacto | D47: 10. Prevención, vigilancia y control: | E47: 0 | F47: El sistema de protección es ineficaz para controlar el acceso y uso del AP. | H47: =+Aplicativo!C150 -> B4. Presiones y amenazas | I47: NA | J47: =+IF(Aplicativo!E181="","",Aplicativo!E181) -> 2 | K47: =+IF(J47="","",VLOOKUP(J47,Aplicativo!C169:I172,2,FALSE)) -> Se cuenta con un análisis parcial de las presiones y amenazas a los objetos de conservación | L47: =+IF(AND(J47=1),"",IF(AND(J47=2),"",IF(AND(J47=3),2,IF(AND(J47=4),3,""))))
D48: ¿Existen mecanismos para controlar y vigilar el acceso al área? | E48: 1 | F48: El sistema de protección es parcialmente efectivo para controlar el acceso y uso del AP. | I48: NA
E49: 2 | F49: El sistema de protección es moderadamente efectivo para controlar el acceso y uso del AP. | I49: 3
E50: 3 | F50: El sistema de protección es altamente efectivo para controlar el acceso y uso del AP. | I50: 4
H51: =+Aplicativo!C273 -> C6. Cumplimiento de la zonificación | I51: 1 | J51: =+IF(Aplicativo!E365="","",Aplicativo!E365) -> 2 | K51: =+IF(J51="","",VLOOKUP(J51,Aplicativo!C283:I286,2,FALSE)) -> Se está en proceso de definir una reglamentación específica que regule los usos del área. Se presentan conflictos con los usuarios en el área | L51: =+IF(AND(J51=1),0,IF(AND(J51=2),1,IF(AND(J51=3),2,IF(AND(J51=4),3,"")))) -> 1
I52: 2
I53: 3
I54: 4
C55: Procesos | D55: 11. Investigación y generación de línea base: | E55: 0 | F55: No existen inventarios ni investigación en el área protegida. | H55: =+Aplicativo!C307 -> C8. Manejo y uso del conocimiento | I55: NA | J55: =+IF(Aplicativo!E367="","",Aplicativo!E367) -> 1 | K55: =+IF(J55="","",VLOOKUP(J55,Aplicativo!C317:I320,2,FALSE)) -> El conocimiento para la planeación del manejo es insuficiente o se encuentra desactualizado | L55: =+IF(AND(J55=1),1,IF(AND(J55=2),2,IF(AND(J55=3),2,IF(AND(J55=4),3,"")))) -> 1
D56: ¿Hay un programa de investigación y monitoreo orientado hacia el manejo del área? | E56: 1 | F56: Existen pocas investigaciones e inventarios puntuales del AP, pero no están relacionados con las necesidades y las líneas de investigación del AP. | I56: 1
E57: 2 | F57: Existen considerables trabajos de inventario e investigación, pero no se dirigen hacia las necesidades de manejo. | I57: 2 - 3
E58: 3 | F58: Existe un programa completo e integrado de inventarios e investigación de gran relevancia hacia las necesidades de manejo. | I58: 4
C59: Procesos | D59: 12. Manejo de recursos | E59: 0 | F59: No se está llevando a cabo un manejo efectivo de los recursos. | H59: =+Aplicativo!C324 -> C9. Implementación de las líneas de gestión | I59: 1 | J59: =+IF(Aplicativo!E368="","",Aplicativo!E368) -> 2 | K59: =+IF(J59="","",VLOOKUP(J59,Aplicativo!C334:I337,2,FALSE)) -> Las líneas de gestión han sido definidas conjuntamente con los actores estratégicos y tienen un avance inferior al 60%. Su implementación tiene interrupciones | L59: =+IF(AND(J59=1),0,IF(AND(J59=2),1,IF(AND(J59=3),2,IF(AND(J59=4),3,"")))) -> 1
D60: ¿La gestión del manejo de los recursos del área esta siendo adecuada? | E60: 1 | F60: Muy pocos de los requisitos para un manejo efectivo de los hábitats críticos, las especies, los procesos ecológicos y los valores culturales están siendo implementados. | I60: 2
E61: 2 | F61: La mayoría de los requisitos para un manejo efectivo de los hábitats críticos, especies, procesos ecológicos y valores culturales esta siendo implementados, pero algunos aspectos claves no están siendo manejados. | I61: 3
E62: 3 | F62: Los requisitos para el manejo efectivo de los hábitats críticos, especies, procesos ecológicos y valores culturales están siendo aplicados en su totalidad. | I62: 4
C63: Insumos | D63: 13. Personal del AP: | E63: 0 | F63: No se cuenta con personal. | H63: =+Aplicativo!C517 -> E2. Talento humano | I63: 1 | J63: =+IF(Aplicativo!E557="","",Aplicativo!E557) -> 1 | K63: =+IF(J63="","",VLOOKUP(J63,Aplicativo!C527:I530,2,FALSE)) -> El personal es insuficiente para implementar todas las líneas de gestión y sus destrezas y competencias no son las requeridas | L63: =+IF(AND(J63=1),0,IF(AND(J63=2),1,IF(AND(J63=3),3,IF(AND(J63=4),3,"")))) -> 0
D64: ¿Es suficiente el personal para el manejo del área protegida? | E64: 1 | F64: La cantidad de personal es insuficiente para las actividades críticas de manejo. | I64: 2
E65: 2 | F65: La cantidad de personal esta por debajo del nivel óptimo para la gestión de las actividades críticas. | I65: NA
E66: 3 | F66: La cantidad de personal es adecuada para las necesidades de manejo del área. | I66: 3 - 4
C67: Insumos Procesos | D67: 14. Capacitación del personal: | E67: 0 | F67: El personal carece de los conocimientos necesarios para el manejo del área protegida. | H67: =+Aplicativo!C517 -> E2. Talento humano | I67: NA | J67: =+IF(Aplicativo!E557="","",Aplicativo!E557) -> 1 | K67: =+IF(J67="","",VLOOKUP(J67,Aplicativo!C527:I530,2,FALSE)) -> El personal es insuficiente para implementar todas las líneas de gestión y sus destrezas y competencias no son las requeridas | L67: =+IF(AND(J67=1),1,IF(AND(J67=2),1,IF(AND(J67=3),2,IF(AND(J67=4),3,"")))) -> 1
D68: ¿El personal se encuentra adecuadamente capacitado para el cumplimiento de los objetivos de conservación? | E68: 1 | F68: La capacitación y destrezas del personal son deficientes con relación a las necesidades de manejo del área. | I68: 1 - 2
E69: 2 | F69: La capacitación y destrezas del personal son adecuadas, pero aún se pueden mejorar para atender las necesidades de manejo del área. | I69: 3
E70: 3 | F70: La capacitación y destrezas del personal son adecuadas para el manejo del área protegida. | I70: 4
C71: Insumos | D71: 15. Presupuesto actual: | E71: 0 | F71: No existe presupuesto para el manejo del AP. | H71: =+Aplicativo!C500 -> E1. Sostenibilidad financiera | I71: 1 | J71: =+IF(Aplicativo!E556="","",Aplicativo!E556) -> 2 | K71: =+IF(J71="","",VLOOKUP(J71,Aplicativo!C510:I513,2,FALSE)) -> Existe un presupuesto que cubre parte de los costos recurrentes | L71: =+IF(AND(J71=1),0,IF(AND(J71=2),1,IF(AND(J71=3),2,IF(AND(J71=4),3,"")))) -> 1
D72: ¿El presupuesto actual es suficiente para el manejo adecuado del área? | E72: 1 | F72: El presupuesto disponible es inadecuado, aún para las actividades básicas de manejo y es una limitante / restricción para el manejo efectivo del área. | I72: 2
E73: 2 | F73: El presupuesto disponible es aceptable, pero podría incrementarse la gestión para lograr el manejo efectivo. | I73: 3
E74: 3 | F74: El presupuesto disponible es suficiente para atender todas las necesidades de manejo del AP | I74: 4
C75: Insumos | D75: 16. Efectividad presupuestaria: | E75: 0 | F75: No existe un presupuesto seguro para el manejo del área, depende totalmente de desembolsos anuales y/o financiamiento externo. | H75: =+Aplicativo!C500 -> E1. Sostenibilidad financiera | I75: 1 | J75: =+IF(Aplicativo!E556="","",Aplicativo!E556) -> 2 | K75: =+IF(J75="","",VLOOKUP(J75,Aplicativo!C510:I513,2,FALSE)) -> Existe un presupuesto que cubre parte de los costos recurrentes | L75: =+IF(AND(J75=1),0,IF(AND(J75=2),2,IF(AND(J75=3),2,IF(AND(J75=4),3,"")))) -> 2
D76: ¿El presupuesto es seguro? | E76: 1 | F76: Existe poco presupuesto asegurado/permanente. El AP depende del financiamiento externo. | I76: NA
E77: 2 | F77: Existe un presupuesto básico con un nivel de estabilidad aceptable. Muchas iniciativas e innovaciones dependen del financiamiento externo. | I77: 2 -3
E78: 3 | F78: Existe un presupuesto seguro para el AP y sus necesidades de manejo. | I78: 4
C79: Procesos | D79: 17. Manejo financiero: | E79: 0 | F79: El manejo presupuestario es muy débil y afecta significativamente la efectividad de manejo (por ejemplo, asignación presupuestal fuera del tiempo inicial). | H79: =+Aplicativo!C500 -> E1. Sostenibilidad financiera | I79: 1 | J79: =+IF(Aplicativo!E556="","",Aplicativo!E556) -> 2 | K79: =+IF(J79="","",VLOOKUP(J79,Aplicativo!C510:I513,2,FALSE)) -> Existe un presupuesto que cubre parte de los costos recurrentes | L79: =+IF(AND(J79=1),0,IF(AND(J79=2),1,IF(AND(J79=3),2,IF(AND(J79=4),3,"")))) -> 1
D80: ¿El manejo financiero atiende a las necesidades críticas de manejo? | E80: 1 | F80: El manejo presupuestario es débil y dificulta la efectividad de manejo. | I80: 2
E81: 2 | F81: El manejo presupuestario es adecuado, pero puede mejorarse. | I81: 3
E82: 3 | F82: El manejo presupuestario es excelente y satisface las necesidades de efectividad de manejo. | I82: 4
C83: Insumos | D83: 18. Equipos e infraestructura: | E83: 0 | F83: Existe poca o casi nada de infraestructura y equipo para las necesidades de manejo. | H83: =+Aplicativo!C534 -> E3. Equipo e infraestructura | I83: 1 | J83: =+IF(Aplicativo!E558="","",Aplicativo!E558) -> 3 | K83: =+IF(J83="","",VLOOKUP(J83,Aplicativo!C547:I550,2,FALSE)) -> El equipo e infraestructura son adecuados y su mantenimiento es esporádico. | L83: =+IF(AND(J83=1),0,IF(AND(J83=2),1,IF(AND(J83=3),3,IF(AND(J83=4),3,"")))) -> 3
D84: ¿La infraestructura y los equipos son suficientes y adecuados para las necesidades de manejo del área protegida? | E84: 1 | F84: Existe algunos equipos e infraestructura, pero son inadecuados para las necesidades de manejo. | I84: 2
E85: 2 | F85: Existe equipo e infraestructura, pero aún hay deficiencias mayores que limitan el manejo del área. | I85: NA
E86: 3 | F86: El equipo y la infraestructura son adecuados y cumplen con las necesidades de manejo del área. | I86: 3 - 4
C87: Procesos | D87: 19. Mantenimiento de equipos e infraestructura: | E87: 0 | F87: Hay poco o nada de mantenimiento a los equipos e infraestructura. | H87: =+Aplicativo!C534 -> E3. Equipo e infraestructura | I87: 1 | J87: =+IF(Aplicativo!E558="","",Aplicativo!E558) -> 3 | K87: =+IF(J87="","",VLOOKUP(J87,Aplicativo!C547:I550,2,FALSE)) -> El equipo e infraestructura son adecuados y su mantenimiento es esporádico. | L87: =+IF(AND(J87=1),0,IF(AND(J87=2),1,IF(AND(J87=3),2,IF(AND(J87=4),3,"")))) -> 2
D88: ¿Se mantienen los equipos en forma adecuada? | E88: 1 | F88: Existe mantenimiento insuficiente del equipo e infraestructura. | I88: 2
E89: 2 | F89: Existe mantenimiento básico del equipo e infraestructura. | I89: 3
E90: 3 | F90: El mantenimiento del equipo e infraestructura es efectivo y se ajusta a las necesidades del área. | I90: 4
C91: Procesos | D91: 20. Programa de educación y sensibilización: | E91: 0 | F91: No existe un programa de educación y sensibilización. | G91: La existencia de un programa de educación y sensibilización es analizado a partir de la pregunta orientadora asociada al elemento de análisis D3 Cualificación de actores estratégicos. | H91: =+Aplicativo!C419 -> D3. Cualificación de actores estratégicos | J91: =+IF(Aplicativo!E493="","",Aplicativo!E493) -> 3 | L91: =+IF(AND(Aplicativo!H429="No",Aplicativo!H435=1),0,IF(AND(Aplicativo!H429="Si",Aplicativo!H435=3),2,IF(AND(Aplicativo!H429="Si",Aplicativo!H435=4),3,0))) -> 2
D92: ¿Existe un programa planificado de educación acorde a los objetivos y necesidades del AP? | E92: 1 | F92: Existe un programa de educación y sensibilización, pero sin la debida planificación.
E93: 2 | F93: Existe un programa planificado de educación y sensibilización, pero este responde parcialmente al manejo y podría ser mejorado.
E94: 3 | F94: Existe un programa educación y sensibilización apropiado a los objetivos y necesidades de manejo y efectivamente implementado.
C95: Planificación | D95: 21. Planificación de los usos: | E95: 0 | F95: Los usos de los recursos naturales en la zona de influencia no consideran las necesidades del área protegida y las políticas y/o actividades van en detrimento de la misma. | H95: =+'Resumen '!C22 -> C7. Articulación de la gestión del área con los planes de ordenamiento territorial | I95: NA | J95: =+IF(Aplicativo!E366="","",Aplicativo!E366) -> 4 | K95: =+IF(J95="","",VLOOKUP(J95,Aplicativo!C300:I303,2,FALSE)) -> El plan de ordenamiento reconoce el área protegida como determinante ambiental y su programa de ejecución y la zonificación ambiental del municipio lo integran y reconocen, lo cual se evidencia en la implementación de acciones | L95: =+IF(AND(J95=1),1,IF(AND(J95=2),1,IF(AND(J95=3),2,IF(AND(J95=4),3,"")))) -> 3
D96: Los usos permitidos en el área son incluidos en la zonificación del Plan de Manejo y contribuyen efectivamente al logro de los objetivos de conservación? | E96: 1 | F96: Los usos planeados para los recursos naturales de las áreas adyacentes no consideran las necesidades del área protegida y las actividades no van en detrimento de la misma. | I96: 1 - 2
E97: 2 | F97: Los usos planeados para los recursos naturales en la zona de influencia, consideran parcialmente las necesidades a largo plazo del área protegida. | I97: 3
E98: 3 | F98: Los usos planeados para los recursos naturales en la zona de influencia, consideran completamente las necesidades a largo plazo del área protegida. | I98: 4
D99: 21.a Planificación para el uso de los recursos naturales orientada a la conservación del hábitat. | E99: (+)1 | F99: La planificación de los usos de los recursos naturales y manejo de cuencas están incluidos en el Plan de Manejo y contribuyen efectivamente al logro de los objetivos de conservación (e.g. volumen, cantidad, calidad del agua, niveles de polución del aire y contaminación acuática). | H99: =+Aplicativo!C219 -> C3. Coherencia e implementación del plan de manejo | I99: = 4 | J99: =+IF(Aplicativo!E362="","",Aplicativo!E362) -> 2 | K99: =+IF(J99="","",VLOOKUP(J99,Aplicativo!C231:I234,2,FALSE)) -> Existen vacíos en la coherencia en todos los componentes del plan de manejo. Se implementa parcialmente | L99: =+IF(J99=4,1,0) -> 0
D100: 21.b Planificación para el uso de los recursos naturales orientada a fortalecer la conectividad. | E100: (+)1 | F100: Existen corredores de conectividad para el paso de la fauna silvestre a hábitats claves fuera del área? (e.g. paso de especies migratorias de agua dulce a la salida al mar). | H100: =+Aplicativo!C238 -> C4. Articulación con áreas del SINAP y/u otras áreas de importancia para la conservación | I100: = 4 | J100: =+IF(Aplicativo!E363="","",Aplicativo!E363) -> 4 | K100: =+IF(J100="","",VLOOKUP(J100,Aplicativo!C248:I251,2,FALSE)) -> La gestión del área protegida con otras áreas del SINAP y/u otras áreas de importancia para la conservación contribuye a la disminución ó prevención de las presiones y genera conectividad funcional. | L100: =+IF(J100=4,1,0) -> 1
H101: =+Aplicativo!D364 -> C5. Articulación transfronteriza para la gestión | I101: = 4 | J101: =+IF(Aplicativo!E364="","",Aplicativo!E364) -> 0 | K101: =+IF(J101="","",VLOOKUP(J101,Aplicativo!C266:I269,2,FALSE)) -> #N/A | L101: =+IF(J101=4,1,"")
D102: 21.c Planificación del uso de los recursos naturales orientada a los servicios ecosistémicos y a la conservación de especies. | E102: (+)1 | F102: La planeación del manejo del AP responde a las necesidades de los ecosistemas y las necesidades de determinadas especies a escala de paisaje (e.g. volumen, cantidad de agua, flujos de agua para mantener especies, manejo de incendios para mantener las sabanas de los llanos). | H102: =+Aplicativo!C185 -> C1. Coherencia en el diseño del área protegida | I102: > = 3 | J102: =+IF(Aplicativo!E360="","",Aplicativo!E360) -> 4 | K102: =+IF(J102="","",VLOOKUP(J102,Aplicativo!C195:I198,2,FALSE)) -> La categoría de manejo, el diseño del área y la zonificación son coherentes entre sí, favoreciendo el cumplimiento de los objetivos de conservación | L102: =+IF(J102>=3,1,0) -> 1
...

Sheet Homologación METT - GEF 6
C3: METODOLOGÍA METT | G3: HOMOLOGACIÓN CON EL METT
C4: Elemento | D4: Asunto | E4: Puntaje METT | F4: Criterio | G4: Observación | H4: Aspecto de análisis metodología de efectividad en áreas públicas | I4: Puntaje equivalente metodología áreas públicas | J4: Resultado áreas públicas | K4: Nivel situacional metodología de efectividad áreas públicas | L4: Resultado Homologado al METT
C5: Contexto | D5: 1. Estatus legal: | E5: 0 | F5: El área protegida aún no está legalmente / formalmente establecida. | G5: Las áreas que hacen parte del Sistema Nacional de Áreas Protegidas - SINAP están legalmente constituidas, por lo que éstas áreas se encuentran en un nivel 3. | H5: No Aplica | I5: No Aplica | J5: 3 | K5: No aplica | L5: =+J5 -> 3
D6: ¿El área protegida tiene un estatus legal (en el caso de las reservas privadas está cubierta por un mecanismo formal o similar? | E6: 1 | F6: La autoridad competente está de acuerdo con el establecimiento del área protegida, pero aún no se inicia el proceso legal - ruta de declaratoria.
E7: 2 | F7: El área protegida está en proceso de ser declarada, pero el proceso está incompleto (incluye sitios designados bajo convenios internacionales, tales como Ramsar, o legislación local/tradicional como las áreas conservadas por la comunidad, que aún no tienen un estatus legal nacional o un proceso legal).
E8: 3 | F8: El área protegida ha sido formalmente declarada.
C9: Planificación | D9: 2. Reglamento del área protegida: | E9: 0 | F9: No existen mecanismos para reglamentar / controlar los usos y actividades no apropiadas en el AP. | H9: =+Aplicativo!C273 -> C6. Cumplimiento de la zonificación | I9: 1 | J9: =+IF(Aplicativo!H287="","",Aplicativo!H287) -> 2 | K9: =+IF(J9="","",VLOOKUP(J9,Aplicativo!C283:I286,2)) -> Se está en proceso de definir una reglamentación específica que regule los usos del área. Se presentan conflictos con los usuarios en el área | L9: =+IF(AND(J9=1),0,IF(AND(J9=2),1,IF(AND(J9=3),3,IF(AND(J9=4),3,"")))) -> 1
D10: ¿Existen mecanismos apropiados para controlar el acceso y uso de los recursos y las actividades incompatibles (i.e caza)? | E10: 1 | F10: Existen algunos mecanismos para controlar los usos y actividades incompatibles en el AP, pero son muy débiles. | I10: 2
E11: 2 | F11: Existen mecanismos para controlar los usos y actividades / incompatibles en el AP, pero hay algunas limitaciones en su implementación efectiva. | I11: NA
E12: 3 | F12: Existen mecanismos para controlar los usos y actividades incompatibles en el AP, y son implementados efectivamente. | I12: 3 - 4
C13: Insumos | D13: 3. Aplicación de las leyes: | E13: 0 | F13: El personal no tiene la capacidad ni los recursos para implementar la legislación y reglamentos del AP. | H13: =+Aplicativo!C517 -> E2. Talento humano | I13: 1 | J13: =+IF(Aplicativo!H531="","",Aplicativo!H531) -> 1 | K13: =+IF(J13="","",VLOOKUP(J13,Aplicativo!C527:I530,2,FALSE)) -> El personal es insuficiente para implementar todas las líneas de gestión y sus destrezas y competencias no son las requeridas | L13: =+IF(AND(J13=1),0,IF(AND(J13=2),1,IF(AND(J13=3),2,IF(AND(J13=4),3,"")))) -> 0
D14: El personal / la institución a cargo del área ¿puede hacer cumplir las normas del áreas protegida de manera satisfactoria? | E14: 1 | F14: El personal tiene deficiencias mayores en cuanto a su capacidad y recursos, para implementar la legislación y reglamentos del AP (por ejemplo, falta de conocimientos, déficit presupuestal, falta de apoyo institucional). | I14: 2
E15: 2 | F15: El personal tiene un nivel aceptable de capacidad y recursos para implementar la legislación y reglamentos del AP, pero aún quedan algunas deficiencias por superar. | I15: 3
E16: 3 | F16: Al personal, no le hace falta ni la capacidad, ni los recursos para implementar la legislación y reglamentos del AP. | I16: 4
C17: Planificación | D17: 4. Objetivos de Conservación del área protegida: | E17: 0 | F17: No se han acordado objetivos de conservación concretos para el AP. | G17: Este aspecto es analizado a partir del índice de efectividad que calcula el resultado total de los elementos de análisis | H17: No Aplica | I17: NA | J17: =+IF(Aplicativo!E653<=60%,"1",IF(AND(Aplicativo!E653>60%,Aplicativo!E653<=70%),"2",IF(Aplicativo!E653>70%,"3"))) -> 1 | K17: No aplica | L17: =+IF(J17="","",J17) -> 1
D18: Es el área manejada de acuerdo a los objetivos de conservación establecidos en el plan? | E18: 1 | F18: Hay objetivos de conservación establecidos, pero el área no se gestiona de acuerdo a éstos. | I18: ≤60%
E19: 2 | F19: Hay objetivos de conservación establecidos, pero son implementados parcialmente. | I19: >60% y ≤70%
E20: 3 | F20: Hay objetivos de conservación establecidos y el área esta siendo manejada para lograrlos. | I20: >70%
C21: Planificación | D21: 5. Diseño del AP: | E21: 0 | F21: Las limitaciones en el diseño imposibilitan el logro de los objetivos de conservación del AP. | H21: =+Aplicativo!C185 -> C1. Coherencia en el diseño del área protegida | I21: 1 | J21: =+IF(Aplicativo!H199="","",Aplicativo!H199) -> 4 | K21: =+IF(J21="","",VLOOKUP(J21,Aplicativo!C195:I198,2,FALSE)) -> La categoría de manejo, el diseño del área y la zonificación son coherentes entre sí, favoreciendo el cumplimiento de los objetivos de conservación | L21: =+IF(AND(J21=1),0,IF(AND(J21=2),2,IF(AND(J21=3),2,IF(AND(J21=4),3,"")))) -> 3
D22: Tiene el área protegida el tamaño y forma adecuados para proteger especies, hábitats, procesos ecológicos y cuencas hidrográficas de interés para la conservación? | E22: 1 | F22: Las limitaciones en el diseño dificultan el logro de los objetivos de conservación, pero se están tomando algunas acciones de manejo (por ejemplo, acuerdos con los propietarios de terrenos adyacentes para crear corredores de vida silvestre o la gestión adecuada de las cuencas hidrográficas). | I22: NA
E23: 2 | F23: El diseño no limita el logro de los objetivos conservación del área protegida, pero aún así puede mejorarse (por ejemplo, con respecto a los procesos ecológicos a mayor escala). | I23: 2 - 3
E24: 3 | F24: El diseño del área protegida contribuye al logro de los objetivos de conservación; es adecuado para la conservación de las especies y los hábitats; y mantiene los procesos ecológicos, como los flujos de aguas superficiales y subterráneas a escala de la cuenca, los patrones naturales de perturbación, etc. | I24: 4
C25: Proceso | D25: 6. Establecimiento de los limites: | E25: 0 | F25: Ni el personal de la autoridad de manejo ni la población local conoce los límites del AP. | H25: =+Aplicativo!C202 -> C2. Límites del área protegida | I25: NA | J25: =+IF(Aplicativo!E361="","",Aplicativo!E361) -> 4 | K25: =+IF(J25="","",VLOOKUP(J25,Aplicativo!C212:I215,2,FALSE)) -> Los límites son claros y coherentes entre la resolución y la cartografía, y son reconocidos y respetados por todos los actores sociales e institucionales | L25: =+IF(AND(J25=1),1,IF(AND(J25=2),2,IF(AND(J25=3),2,IF(AND(J25=4),3,"")))) -> 3
D26: ¿Están claramente establecidos y demarcados en el terreno los límites del área protegida? | E26: 1 | F26: Los límites del AP son reconocidos por la autoridad de manejo, pero la población local no los conoce. | I26: 1
E27: 2 | F27: Los límites del área son conocidos por la autoridad de manejo, así como la población local, pero aún no están debidamente señalizados. | I27: 2 - 3
E28: 3 | F28: Los límites del área son conocidos por las autoridad de manejo, así como la población local y están debidamente señalizados. | I28: 4
C29: Planificación | D29: 7. Plan de manejo: | E29: 0 | F29: No hay un plan de manejo para el AP. | H29: =+Aplicativo!C219 -> C3. Coherencia e implementación del plan de manejo | I29: 1 | J29: =+IF(Aplicativo!E362="","",Aplicativo!E362) -> 2 | K29: =+IF(J29="","",VLOOKUP(J29,Aplicativo!C231:I234,2,FALSE)) -> Existen vacíos en la coherencia en todos los componentes del plan de manejo. Se implementa parcialmente | L29: =+IF(AND(Aplicativo!H235=1,Aplicativo!H229="No"),0,IF(AND(Aplicativo!H235=1,Aplicativo!H229="Si"),1,IF(AND(J29=2),2,IF(AND(J29=3),2,IF(AND(J29=4),3,""))))) -> 2
D30: ¿Se tiene un Plan de Manejo y este está siendo implementado? | E30: 1 | F30: Hay un plan de manejo o esta en proceso de elaboración, pero aún no esta siendo implementado. | I30: 2
E31: 2 | F31: Hay un plan de manejo aprobado, pero se implementa en forma parcial debido a la falta de recursos financieros u otras dificultades. | I31: 3
E32: 3 | F32: Existe un plan de manejo aprobado y se esta implementando. | I32: 4
D33: Puntos adicionales | E33: (+)1 | F33: 7.a. El proceso de planificación permite la participación de los actores claves en el diseño del plan de manejo. | H33: =Aplicativo!C373 -> D1. Legitimidad de las instancias para la participación y coordinación | I33: > = 3 | J33: =+IF(Aplicativo!E491="","",Aplicativo!E491) -> 1 | K33: =+IF(J33="","",VLOOKUP(J33,Aplicativo!C394:I397,2,FALSE)) -> No existen instancias para la participación y coordinación con actores estratégicos en la gestión del AP | L33: =+IF(J33>=3,1,0) -> 0
H34: =Aplicativo!C438 -> D4. Manejo de conflictos | I34: > = 3 | J34: =+IF(Aplicativo!E494="","",Aplicativo!E494) -> 2 | K34: =+IF(J34="","",VLOOKUP(J34,Aplicativo!C448:I451,2,FALSE)) -> Se identifican y caracterizan los conflictos y se avanza en la construcción de mecanismos para su solución | L34: =+IF(J34>=3,1,0) -> 0
H35: =Aplicativo!C472 -> D6. Inclusión de elementos intergeneracionales/género para la gestión del AP | I35: > = 3 | J35: =+IF(Aplicativo!E496="","",Aplicativo!E496) -> 3 | K35: =+IF(J35="","",VLOOKUP(J35,Aplicativo!C482:I485,2,FALSE)) -> Las estrategias que lo requieren incorporan elementos de género e intergeneracionales | L35: =+IF(J35>=3,1,0) -> 1
E36: (+)1 | F36: 7.b. Existe un cronograma y un proceso para la revisión y actualización periódica del plan de manejo. | G36: Todas las áreas protegidas del SINAP cuentan con una ruta definida para la actualización de los planes de manejo | I36: 1 | J36: =+I36 -> 1 | L36: =+J36 -> 1
E37: (+)1 | F37: 7.c. Los resultados de investigación, monitoreo y evaluación son incorporados en forma regular a la planificación del área protegida. | H37: =+Aplicativo!C341 -> C10. Evaluación, seguimiento y retroalimentación a la planeación del manejo | I37: = 4 | J37: =+IF(Aplicativo!E369="","",Aplicativo!E369) -> 2 | K37: =+IF(J37="","",VLOOKUP(J37,Aplicativo!C351:I354,2,FALSE)) -> Se realiza de manera discontinua la evaluación, seguimiento y retroalimentación | L37: =+IF(J37=4,1,0) -> 0
H38: =+Aplicativo!C307 -> C8. Manejo y uso del conocimiento | I38: = 4 | J38: =+IF(Aplicativo!E367="","",Aplicativo!E367) -> 1 | K38: =+IF(J38="","",VLOOKUP(J38,Aplicativo!C317:I320,2,FALSE)) -> El conocimiento para la planeación del manejo es insuficiente o se encuentra desactualizado | L38: =+IF(J38=4,1,0) -> 0
C39: Planificación / Productos | D39: 8. Plan operativo: | E39: 0 | F39: No existe un POA. | H39: =+Aplicativo!C324 -> C9. Implementación de las líneas de gestión | I39: 1 | J39: =+IF(Aplicativo!E368="","",Aplicativo!E368) -> 2 | K39: =+IF(J39="","",VLOOKUP(J39,Aplicativo!C334:I337,2,FALSE)) -> Las líneas de gestión han sido definidas conjuntamente con los actores estratégicos y tienen un avance inferior al 60%. Su implementación tiene interrupciones | L39: =+IF(AND(J39=1),0,IF(AND(J39=2),1,IF(AND(J39=3),2,IF(AND(J39=4),3,"")))) -> 1
D40: ¿Existe un Plan Operativo y está siendo implementado? | E40: 1 | F40: Existe un POA, pero pocas de las actividades son implementadas. | I40: 2
E41: 2 | F41: Existe un POA y la mayoría de las actividades son implementadas. | I41: 3
E42: 3 | F42: Existe un POA y todas las actividades son implementadas. | I42: 4
C43: Insumos | D43: 9. Línea base de los valores objeto de conservación: | E43: 0 | F43: No existe nada o muy poca información disponible sobre los hábitat críticos, especies y valores culturales del área (Valores Objeto de Conservación). | H43: =+Aplicativo!C307 -> C8. Manejo y uso del conocimiento | I43: 1 | J43: =+IF(Aplicativo!E367="","",Aplicativo!E367) -> 1 | K43: =+IF(J43="","",VLOOKUP(J43,Aplicativo!C317:I320,2,FALSE)) -> El conocimiento para la planeación del manejo es insuficiente o se encuentra desactualizado | L43: =+IF(AND(J43=1),0,IF(AND(J43=2),1,IF(AND(J43=3),2,IF(AND(J43=4),3,"")))) -> 0
D44: ¿Existe información suficiente para el manejo del área protegida? | E44: 1 | F44: La información disponible sobre los hábitats críticos, especies, procesos ecológicos y valores culturales del área no es suficiente para apoyar los procesos de planificación y la toma de decisiones. | I44: 2
E45: 2 | F45: La información disponible sobre los hábitats críticos, especies, procesos ecológicos y valores culturales del área es suficiente para apoyar los procesos de planificación y la toma de decisiones. | I45: 3
E46: 3 | F46: La información disponible sobre los hábitats críticos, especies, procesos ecológicos y valores culturales del área es suficiente para apoyar los procesos de planificación y la toma de decisiones. | I46: 4
C47: Procesos / resultados de impacto | D47: 10. Prevención, vigilancia y control: | E47: 0 | F47: El sistema de protección (recorridos de control y vigilancia, permisos, …) es ineficaz para controlar el acceso y uso del AP. | H47: =+Aplicativo!C150 -> B4. Presiones y amenazas | I47: NA | J47: =+IF(Aplicativo!E181="","",Aplicativo!E181) -> 2 | K47: =+IF(J47="","",VLOOKUP(J47,Aplicativo!C169:I172,2,FALSE)) -> Se cuenta con un análisis parcial de las presiones y amenazas a los objetos de conservación | L47: =+IF(AND(J47=1),"",IF(AND(J47=2),"",IF(AND(J47=3),2,IF(AND(J47=4),3,""))))
D48: ¿Existen mecanismos para controlar y vigilar el acceso al área? | E48: 1 | F48: El sistema de protección es parcialmente efectivo para controlar el acceso y uso del AP. | I48: NA
E49: 2 | F49: El sistema de protección es moderadamente efectivo para controlar el acceso y uso del AP. | I49: 3
E50: 3 | F50: El sistema de protección es altamente efectivo para controlar el acceso y uso del AP. | I50: 4
H51: =+Aplicativo!C273 -> C6. Cumplimiento de la zonificación | I51: 1 | J51: =+IF(Aplicativo!E365="","",Aplicativo!E365) -> 2 | K51: =+IF(J51="","",VLOOKUP(J51,Aplicativo!C283:I286,2,FALSE)) -> Se está en proceso de definir una reglamentación específica que regule los usos del área. Se presentan conflictos con los usuarios en el área | L51: =+IF(AND(J51=1),0,IF(AND(J51=2),1,IF(AND(J51=3),2,IF(AND(J51=4),3,"")))) -> 1
I52: 2
I53: 3
I54: 4
C55: Procesos | D55: 11. Investigación y generación de línea base: | E55: 0 | F55: No existen inventarios ni investigación en el área protegida. | H55: =+Aplicativo!C307 -> C8. Manejo y uso del conocimiento | I55: NA | J55: =+IF(Aplicativo!E367="","",Aplicativo!E367) -> 1 | K55: =+IF(J55="","",VLOOKUP(J55,Aplicativo!C317:I320,2,FALSE)) -> El conocimiento para la planeación del manejo es insuficiente o se encuentra desactualizado | L55: =+IF(AND(J55=1),1,IF(AND(J55=2),2,IF(AND(J55=3),2,IF(AND(J55=4),3,"")))) -> 1
D56: ¿Hay un programa de investigación y monitoreo orientado hacia el manejo del área? | E56: 1 | F56: Existen pocas investigaciones e inventarios puntuales del AP, pero no están relacionados con las necesidades y las líneas de investigación del AP. | I56: 1
E57: 2 | F57: Existen considerables trabajos de inventario e investigación, pero no se dirigen hacia las necesidades de manejo. | I57: 2 - 3
E58: 3 | F58: Existe un programa completo e integrado de inventarios e investigación de gran relevancia hacia las necesidades de manejo. | I58: 4
C59: Procesos | D59: 12. Manejo de recursos | E59: 0 | F59: No se está llevando a cabo un manejo efectivo de los recursos. | H59: =+Aplicativo!C324 -> C9. Implementación de las líneas de gestión | I59: 1 | J59: =+IF(Aplicativo!E368="","",Aplicativo!E368) -> 2 | K59: =+IF(J59="","",VLOOKUP(J59,Aplicativo!C334:I337,2,FALSE)) -> Las líneas de gestión han sido definidas conjuntamente con los actores estratégicos y tienen un avance inferior al 60%. Su implementación tiene interrupciones | L59: =+IF(AND(J59=1),0,IF(AND(J59=2),1,IF(AND(J59=3),2,IF(AND(J59=4),3,"")))) -> 1
D60: ¿La gestión del manejo de los recursos del área esta siendo adecuada? | E60: 1 | F60: Muy pocos de los requisitos para un manejo efectivo de los hábitats críticos, las especies, los procesos ecológicos y los valores culturales están siendo implementados. | I60: 2
E61: 2 | F61: La mayoría de los requisitos para un manejo efectivo de los hábitats críticos, especies, procesos ecológicos y valores culturales esta siendo implementados, pero algunos aspectos claves no están siendo manejados. | I61: 3
E62: 3 | F62: Los requisitos para el manejo efectivo de los hábitats críticos, especies, procesos ecológicos y valores culturales están siendo aplicados en su totalidad. | I62: 4
C63: Insumos | D63: 13. Personal del AP: | E63: 0 | F63: No se cuenta con personal. | H63: =+Aplicativo!C517 -> E2. Talento humano | I63: 1 | J63: =+IF(Aplicativo!E557="","",Aplicativo!E557) -> 1 | K63: =+IF(J63="","",VLOOKUP(J63,Aplicativo!C527:I530,2,FALSE)) -> El personal es insuficiente para implementar todas las líneas de gestión y sus destrezas y competencias no son las requeridas | L63: =+IF(AND(J63=1),0,IF(AND(J63=2),1,IF(AND(J63=3),3,IF(AND(J63=4),3,"")))) -> 0
D64: ¿Es suficiente el personal para el manejo del área protegida? | E64: 1 | F64: La cantidad de personal es insuficiente para las actividades críticas de manejo. | I64: 2
E65: 2 | F65: La cantidad de personal esta por debajo del nivel óptimo para la gestión de las actividades críticas. | I65: NA
E66: 3 | F66: La cantidad de personal es adecuada para las necesidades de manejo del área. | I66: 3 - 4
C67: Insumos Procesos | D67: 14. Capacitación del personal: | E67: 0 | F67: El personal carece de los conocimientos necesarios para el manejo del área protegida. | H67: =+Aplicativo!C517 -> E2. Talento humano | I67: NA | J67: =+IF(Aplicativo!E557="","",Aplicativo!E557) -> 1 | K67: =+IF(J67="","",VLOOKUP(J67,Aplicativo!C527:I530,2,FALSE)) -> El personal es insuficiente para implementar todas las líneas de gestión y sus destrezas y competencias no son las requeridas | L67: =+IF(AND(J67=1),1,IF(AND(J67=2),1,IF(AND(J67=3),2,IF(AND(J67=4),3,"")))) -> 1
D68: ¿El personal se encuentra adecuadamente capacitado para el cumplimiento de los objetivos de conservación? | E68: 1 | F68: La capacitación y destrezas del personal son deficientes con relación a las necesidades de manejo del área. | I68: 1 - 2
E69: 2 | F69: La capacitación y destrezas del personal son adecuadas, pero aún se pueden mejorar para atender las necesidades de manejo del área. | I69: 3
E70: 3 | F70: La capacitación y destrezas del personal son adecuadas para el manejo del área protegida. | I70: 4
C71: Insumos | D71: 15. Presupuesto actual: | E71: 0 | F71: No existe presupuesto para el manejo del AP. | H71: =+Aplicativo!C500 -> E1. Sostenibilidad financiera | I71: 1 | J71: =+IF(Aplicativo!E556="","",Aplicativo!E556) -> 2 | K71: =+IF(J71="","",VLOOKUP(J71,Aplicativo!C510:I513,2,FALSE)) -> Existe un presupuesto que cubre parte de los costos recurrentes | L71: =+IF(AND(J71=1),0,IF(AND(J71=2),1,IF(AND(J71=3),2,IF(AND(J71=4),3,"")))) -> 1
D72: ¿El presupuesto actual es suficiente para el manejo adecuado del área? | E72: 1 | F72: El presupuesto disponible es inadecuado, aún para las actividades básicas de manejo y es una limitante / restricción para el manejo efectivo del área. | I72: 2
E73: 2 | F73: El presupuesto disponible es aceptable, pero podría incrementarse la gestión para lograr el manejo efectivo. | I73: 3
E74: 3 | F74: El presupuesto disponible es suficiente para atender todas las necesidades de manejo del AP | I74: 4
C75: Insumos | D75: 16. Efectividad presupuestaria: | E75: 0 | F75: No existe un presupuesto seguro para el manejo del área, depende totalmente de desembolsos anuales y/o financiamiento externo. | H75: =+Aplicativo!C500 -> E1. Sostenibilidad financiera | I75: 1 | J75: =+IF(Aplicativo!E556="","",Aplicativo!E556) -> 2 | K75: =+IF(J75="","",VLOOKUP(J75,Aplicativo!C510:I513,2,FALSE)) -> Existe un presupuesto que cubre parte de los costos recurrentes | L75: =+IF(AND(J75=1),0,IF(AND(J75=2),2,IF(AND(J75=3),2,IF(AND(J75=4),3,"")))) -> 2
D76: ¿El presupuesto es seguro? | E76: 1 | F76: Existe poco presupuesto asegurado/permanente. El AP depende del financiamiento externo. | I76: NA
E77: 2 | F77: Existe un presupuesto básico con un nivel de estabilidad aceptable. Muchas iniciativas e innovaciones dependen del financiamiento externo. | I77: 2 -3
E78: 3 | F78: Existe un presupuesto seguro para el AP y sus necesidades de manejo. | I78: 4
C79: Procesos | D79: 17. Manejo financiero: | E79: 0 | F79: El manejo presupuestario es muy débil y afecta significativamente la efectividad de manejo (por ejemplo, asignación presupuestal fuera del tiempo inicial). | H79: =+Aplicativo!C500 -> E1. Sostenibilidad financiera | I79: 1 | J79: =+IF(Aplicativo!E556="","",Aplicativo!E556) -> 2 | K79: =+IF(J79="","",VLOOKUP(J79,Aplicativo!C510:I513,2,FALSE)) -> Existe un presupuesto que cubre parte de los costos recurrentes | L79: =+IF(AND(J79=1),0,IF(AND(J79=2),1,IF(AND(J79=3),2,IF(AND(J79=4),3,"")))) -> 1
D80: ¿El manejo financiero atiende a las necesidades críticas de manejo? | E80: 1 | F80: El manejo presupuestario es débil y dificulta la efectividad de manejo. | I80: 2
E81: 2 | F81: El manejo presupuestario es adecuado, pero puede mejorarse. | I81: 3
E82: 3 | F82: El manejo presupuestario es excelente y satisface las necesidades de efectividad de manejo. | I82: 4
C83: Insumos | D83: 18. Equipos e infraestructura: | E83: 0 | F83: Existe poca o casi nada de infraestructura y equipo para las necesidades de manejo. | H83: =+Aplicativo!C534 -> E3. Equipo e infraestructura | I83: 1 | J83: =+IF(Aplicativo!E558="","",Aplicativo!E558) -> 3 | K83: =+IF(J83="","",VLOOKUP(J83,Aplicativo!C547:I550,2,FALSE)) -> El equipo e infraestructura son adecuados y su mantenimiento es esporádico. | L83: =+IF(AND(J83=1),0,IF(AND(J83=2),1,IF(AND(J83=3),3,IF(AND(J83=4),3,"")))) -> 3
D84: ¿La infraestructura y los equipos son suficientes y adecuados para las necesidades de manejo del área protegida? | E84: 1 | F84: Existe algunos equipos e infraestructura, pero son inadecuados para las necesidades de manejo. | I84: 2
E85: 2 | F85: Existe equipo e infraestructura, pero aún hay deficiencias mayores que limitan el manejo del área. | I85: NA
E86: 3 | F86: El equipo y la infraestructura son adecuados. | I86: 3 - 4
C87: Procesos | D87: 19. Mantenimiento de equipos e infraestructura: | E87: 0 | F87: Hay poco o nada de mantenimiento a los equipos e infraestructura. | H87: =+Aplicativo!C534 -> E3. Equipo e infraestructura | I87: 1 | J87: =+IF(Aplicativo!E558="","",Aplicativo!E558) -> 3 | K87: =+IF(J87="","",VLOOKUP(J87,Aplicativo!C547:I550,2,FALSE)) -> El equipo e infraestructura son adecuados y su mantenimiento es esporádico. | L87: =+IF(AND(J87=1),0,IF(AND(J87=2),1,IF(AND(J87=3),2,IF(AND(J87=4),3,"")))) -> 2
D88: ¿Se mantienen los equipos en forma adecuada? | E88: 1 | F88: Existe mantenimiento insuficiente del equipo e infraestructura. | I88: 2
E89: 2 | F89: Existe mantenimiento básico del equipo e infraestructura. | I89: 3
E90: 3 | F90: El mantenimiento del equipo e infraestructura es efectivo. | I90: 4
C91: Procesos | D91: 20. Programa de educación y sensibilización: | E91: 0 | F91: No existe un programa de educación y sensibilización. | G91: La existencia de un programa de educación y sensibilización es analizado a partir de la pregunta orientadora asociada al elemento de análisis D3 Cualificación de actores estratégicos. | H91: =+Aplicativo!C419 -> D3. Cualificación de actores estratégicos | J91: =+IF(Aplicativo!E493="","",Aplicativo!E493) -> 3 | L91: =+IF(AND(Aplicativo!H429="No",Aplicativo!H435=1),0,IF(AND(Aplicativo!H429="Si",Aplicativo!H435=3),2,IF(AND(Aplicativo!H429="Si",Aplicativo!H435=4),3,0))) -> 2
D92: ¿Existe un programa planificado de educación acorde a los objetivos y necesidades del AP? | E92: 1 | F92: Existe un programa de educación y sensibilización, pero sin la debida planificación.
E93: 2 | F93: Existe un programa planificado de educación y sensibilización, pero este responde parcialmente al manejo y podría ser mejorado.
E94: 3 | F94: Existe un programa educación y sensibilización apropiado a los objetivos y necesidades de manejo y efectivamente implementado.
C95: Planificación | D95: 21. Planificación de los usos: | E95: 0 | F95: Los usos de los recursos naturales en la zona de influencia no consideran las necesidades del área protegida y las políticas y/o actividades van en detrimento de la misma. | H95: =+'Resumen '!C22 -> C7. Articulación de la gestión del área con los planes de ordenamiento territorial | I95: NA | J95: =+IF(Aplicativo!E366="","",Aplicativo!E366) -> 4 | K95: =+IF(J95="","",VLOOKUP(J95,Aplicativo!C300:I303,2,FALSE)) -> El plan de ordenamiento reconoce el área protegida como determinante ambiental y su programa de ejecución y la zonificación ambiental del municipio lo integran y reconocen, lo cual se evidencia en la implementación de acciones | L95: =+IF(AND(J95=1),1,IF(AND(J95=2),1,IF(AND(J95=3),2,IF(AND(J95=4),3,"")))) -> 3
D96: Los usos permitidos en el área son incluidos en la zonificación del Plan de Manejo y contribuyen efectivamente al logro de los objetivos de conservación? | E96: 1 | F96: Los usos planeados para los recursos naturales de las áreas adyacentes no consideran las necesidades del área protegida y las actividades no van en detrimento de la misma. | I96: 1 - 2
E97: 2 | F97: Los usos planeados para los recursos naturales en la zona de influencia, consideran parcialmente las necesidades a largo plazo del área protegida. | I97: 3
E98: 3 | F98: Los usos planeados para los recursos naturales en la zona de influencia, consideran completamente las necesidades a largo plazo del área protegida. | I98: 4
D99: 21.a Planificación para el uso de los recursos naturales orientada a la conservación del hábitat. | E99: (+)1 | F99: La planificación de los usos de los recursos naturales y manejo de cuencas están incluidos en el Plan de Manejo y contribuyen efectivamente al logro de los objetivos de conservación (e.g. volumen, cantidad, calidad del agua, niveles de polución del aire y contaminación acuática). | H99: =+Aplicativo!C219 -> C3. Coherencia e implementación del plan de manejo | I99: = 4 | J99: =+IF(Aplicativo!E362="","",Aplicativo!E362) -> 2 | K99: =+IF(J99="","",VLOOKUP(J99,Aplicativo!C231:I234,2,FALSE)) -> Existen vacíos en la coherencia en todos los componentes del plan de manejo. Se implementa parcialmente | L99: =+IF(J99=4,1,0) -> 0
D100: 21.b Planificación para el uso de los recursos naturales orientada a fortalecer la conectividad. | E100: (+)1 | F100: Existen corredores de conectividad para el paso de la fauna silvestre a hábitats claves fuera del área? (e.g. paso de especies migratorias de agua dulce a la salida al mar). | H100: =+Aplicativo!C238 -> C4. Articulación con áreas del SINAP y/u otras áreas de importancia para la conservación | I100: = 4 | J100: =+IF(Aplicativo!E363="","",Aplicativo!E363) -> 4 | K100: =+IF(J100="","",VLOOKUP(J100,Aplicativo!C248:I251,2,FALSE)) -> La gestión del área protegida con otras áreas del SINAP y/u otras áreas de importancia para la conservación contribuye a la disminución ó prevención de las presiones y genera conectividad funcional. | L100: =+IF(J100=4,1,0) -> 1
H101: =+Aplicativo!D364 -> C5. Articulación transfronteriza para la gestión | I101: = 4 | J101: =+IF(Aplicativo!E364="","",Aplicativo!E364) -> 0 | K101: =+IF(J101="","",VLOOKUP(J101,Aplicativo!C266:I269,2,FALSE)) -> #N/A | L101: =+IF(J101=4,1,"")
D102: 21.c Planificación del uso de los recursos naturales orientada a los servicios ecosistémicos y a la conservación de especies. | E102: (+)1 | F102: La planeación del manejo del AP responde a las necesidades de los ecosistemas y las necesidades de determinadas especies a escala de paisaje (e.g. volumen, cantidad de agua, flujos de agua para mantener especies, manejo de incendios para mantener las sabanas de los llanos). | H102: =+Aplicativo!C185 -> C1. Coherencia en el diseño del área protegida | I102: > = 3 | J102: =+IF(Aplicativo!E360="","",Aplicativo!E360) -> 4 | K102: =+IF(J102="","",VLOOKUP(J102,Aplicativo!C195:I198,2,FALSE)) -> La categoría de manejo, el diseño del área y la zonificación son coherentes entre sí, favoreciendo el cumplimiento de los objetivos de conservación | L102: =+IF(J102>=3,1,0) -> 1
...

Sheet Homologación METT - GEF 7
C3: METODOLOGÍA METT | G3: HOMOLOGACIÓN CON EL METT
C4: Elemento | D4: Asunto | E4: Puntaje METT | F4: Criterio | G4: Observación | H4: Aspecto de análisis metodología de efectividad en áreas públicas | I4: Puntaje equivalente metodología áreas públicas | J4: Resultado áreas públicas | K4: Nivel situacional metodología de efectividad áreas públicas | L4: Resultado Homologado al METT
C5: Contexto | D5: 1. Estatus legal: | E5: 0 | F5: El área protegida aún no está legalmente / formalmente establecida. | G5: Las áreas que hacen parte del Sistema Nacional de Áreas Protegidas - SINAP están legalmente constituidas, por lo que éstas áreas se encuentran en un nivel 3. | H5: No Aplica | I5: No Aplica | J5: 3 | K5: No aplica | L5: =+J5 -> 3
D6: ¿El área protegida tiene un estatus legal (en el caso de las reservas privadas está cubierta por un mecanismo formal o similar? | E6: 1 | F6: La autoridad competente está de acuerdo con el establecimiento del área protegida, pero aún no se inicia el proceso legal - ruta de declaratoria.
E7: 2 | F7: El área protegida está en proceso de ser declarada, pero el proceso está incompleto (incluye sitios designados bajo convenios internacionales, tales como Ramsar, o legislación local/tradicional como las áreas conservadas por la comunidad, que aún no tienen un estatus legal nacional o un proceso legal).
E8: 3 | F8: El área protegida ha sido formalmente declarada.
C9: Planificación | D9: 2. Reglamento del área protegida: | E9: 0 | F9: No existen mecanismos para reglamentar / controlar los usos y actividades no apropiadas en el AP. | H9: =+Aplicativo!C273 -> C6. Cumplimiento de la zonificación | I9: 1 | J9: =+IF(Aplicativo!H287="","",Aplicativo!H287) -> 2 | K9: =+IF(J9="","",VLOOKUP(J9,Aplicativo!C283:I286,2)) -> Se está en proceso de definir una reglamentación específica que regule los usos del área. Se presentan conflictos con los usuarios en el área | L9: =+IF(AND(J9=1),0,IF(AND(J9=2),1,IF(AND(J9=3),3,IF(AND(J9=4),3,"")))) -> 1
D10: ¿Existen mecanismos apropiados para controlar el acceso y uso de los recursos y las actividades incompatibles (i.e caza)? | E10: 1 | F10: Existen algunos mecanismos para controlar los usos y actividades incompatibles en el AP, pero son muy débiles. | I10: 2
E11: 2 | F11: Existen mecanismos para controlar los usos y actividades / incompatibles en el AP, pero hay algunas limitaciones. | I11: NA
E12: 3 | F12: Existen mecanismos para controlar los usos y actividades incompatibles en el AP, y son implementados efectivamente. | I12: 3 - 4
C13: Insumos | D13: 3. Aplicación de las leyes: | E13: 0 | F13: El personal no tiene la capacidad ni los recursos para implementar la legislación y reglamentos del AP. | H13: =+Aplicativo!C517 -> E2. Talento humano | I13: 1 | J13: =+IF(Aplicativo!H531="","",Aplicativo!H531) -> 1 | K13: =+IF(J13="","",VLOOKUP(J13,Aplicativo!C527:I530,2,FALSE)) -> El personal es insuficiente para implementar todas las líneas de gestión y sus destrezas y competencias no son las requeridas | L13: =+IF(AND(J13=1),0,IF(AND(J13=2),1,IF(AND(J13=3),2,IF(AND(J13=4),3,"")))) -> 0
D14: El personal / la institución a cargo del área ¿puede hacer cumplir las normas del áreas protegida de manera satisfactoria? | E14: 1 | F14: El personal tiene deficiencias en cuanto a su capacidad y recursos, para implementar la legislación y reglamentos del AP (por ejemplo, falta de conocimientos, déficit presupuestal, falta de apoyo institucional). | I14: 2
E15: 2 | F15: El personal tiene un nivel aceptable de capacidad y recursos para implementar la legislación y reglamentos del AP, pero aún quedan algunas deficiencias por superar. | I15: 3
E16: 3 | F16: Al personal, no le hace falta ni la capacidad, ni los recursos para implementar la legislación y reglamentos del AP. | I16: 4
C17: Planificación | D17: 4. Objetivos de Conservación del área protegida: | E17: 0 | F17: No se han acordado objetivos de conservación concretos para el AP. | G17: Este aspecto es analizado a partir del índice de efectividad que calcula el resultado total de los elementos de análisis | H17: No Aplica | I17: NA | J17: =+IF(Aplicativo!E653<=60%,"1",IF(AND(Aplicativo!E653>60%,Aplicativo!E653<=70%),"2",IF(Aplicativo!E653>70%,"3"))) -> 1 | K17: No aplica | L17: =+IF(J17="","",J17) -> 1
D18: Es el área manejada de acuerdo a los objetivos de conservación establecidos en el plan? | E18: 1 | F18: Hay objetivos de conservación establecidos, pero el área no se gestiona de acuerdo a éstos. | I18: ≤60%
E19: 2 | F19: Hay objetivos de conservación establecidos, pero son implementados parcialmente. | I19: >60% y ≤70%
E20: 3 | F20: Hay objetivos de conservación establecidos y el área esta siendo manejada para lograrlos. | I20: >70%
C21: Planificación | D21: 5. Diseño del AP: | E21: 0 | F21: Las limitaciones en el diseño imposibilitan el logro de los objetivos de conservación del AP. | H21: =+Aplicativo!C185 -> C1. Coherencia en el diseño del área protegida | I21: 1 | J21: =+IF(Aplicativo!H199="","",Aplicativo!H199) -> 4 | K21: =+IF(J21="","",VLOOKUP(J21,Aplicativo!C195:I198,2,FALSE)) -> La categoría de manejo, el diseño del área y la zonificación son coherentes entre sí, favoreciendo el cumplimiento de los objetivos de conservación | L21: =+IF(AND(J21=1),0,IF(AND(J21=2),2,IF(AND(J21=3),2,IF(AND(J21=4),3,"")))) -> 3
D22: Tiene el área protegida el tamaño y forma adecuados para proteger especies, hábitats, procesos ecológicos y cuencas hidrográficas de interés para la conservación? | E22: 1 | F22: Las limitaciones en el diseño dificultan el logro de los objetivos de conservación, pero se están tomando algunas acciones de manejo (por ejemplo, acuerdos con los propietarios de terrenos adyacentes para crear corredores de vida silvestre o la gestión adecuada de las cuencas hidrográficas). | I22: NA
E23: 2 | F23: El diseño no limita el logro de los objetivos conservación del área protegida, pero aún así puede mejorarse (por ejemplo, con respecto a los procesos ecológicos a mayor escala). | I23: 2 - 3
E24: 3 | F24: El diseño del área protegida contribuye al logro de los objetivos de conservación; es adecuado para la conservación de las especies y los hábitats; y mantiene los procesos ecológicos, como los flujos de aguas superficiales y subterráneas a escala de la cuenca, los patrones naturales de perturbación, etc. | I24: 4
C25: Proceso | D25: 6. Establecimiento de los limites: | E25: 0 | F25: Ni el personal de la autoridad de manejo ni la población local conoce los límites del AP. | H25: =+Aplicativo!C202 -> C2. Límites del área protegida | I25: NA | J25: =+IF(Aplicativo!E361="","",Aplicativo!E361) -> 4 | K25: =+IF(J25="","",VLOOKUP(J25,Aplicativo!C212:I215,2,FALSE)) -> Los límites son claros y coherentes entre la resolución y la cartografía, y son reconocidos y respetados por todos los actores sociales e institucionales | L25: =+IF(AND(J25=1),1,IF(AND(J25=2),2,IF(AND(J25=3),2,IF(AND(J25=4),3,"")))) -> 3
D26: ¿Están claramente establecidos y demarcados en el terreno los límites del área protegida? | E26: 1 | F26: Los límites del AP son reconocidos por la autoridad de manejo, pero la población local no los conoce. | I26: 1
E27: 2 | F27: Los límites del área son conocidos por la autoridad de manejo, así como la población local, pero aún no están debidamente demarcados. | I27: 2 - 3
E28: 3 | F28: Los límites del área son conocidos por las autoridad de manejo, así como la población local y están debidamente demarcados. | I28: 4
C29: Planificación | D29: 7. Plan de manejo: | E29: 0 | F29: No hay un plan de manejo para el AP. | H29: =+Aplicativo!C219 -> C3. Coherencia e implementación del plan de manejo | I29: 1 | J29: =+IF(Aplicativo!E362="","",Aplicativo!E362) -> 2 | K29: =+IF(J29="","",VLOOKUP(J29,Aplicativo!C231:I234,2,FALSE)) -> Existen vacíos en la coherencia en todos los componentes del plan de manejo. Se implementa parcialmente | L29: =+IF(AND(Aplicativo!H235=1,Aplicativo!H229="No"),0,IF(AND(Aplicativo!H235=1,Aplicativo!H229="Si"),1,IF(AND(J29=2),2,IF(AND(J29=3),2,IF(AND(J29=4),3,""))))) -> 2
D30: ¿Se tiene un Plan de Manejo y este está siendo implementado? | E30: 1 | F30: Hay un plan de manejo o esta en proceso de elaboración, pero aún no esta siendo implementado. | I30: 2
E31: 2 | F31: Hay un plan de manejo aprobado, pero se implementa en forma parcial debido a la falta de recursos financieros u otras dificultades. | I31: 3
E32: 3 | F32: Existe un plan de manejo aprobado y se esta implementando. | I32: 4
D33: Puntos adicionales | E33: (+)1 | F33: 7.a. El proceso de planificación permite la participación de los actores claves en el diseño del plan de manejo. | H33: =Aplicativo!C373 -> D1. Legitimidad de las instancias para la participación y coordinación | I33: > = 3 | J33: =+IF(Aplicativo!E491="","",Aplicativo!E491) -> 1 | K33: =+IF(J33="","",VLOOKUP(J33,Aplicativo!C394:I397,2,FALSE)) -> No existen instancias para la participación y coordinación con actores estratégicos en la gestión del AP | L33: =+IF(J33>=3,1,0) -> 0
H34: =Aplicativo!C438 -> D4. Manejo de conflictos | I34: > = 3 | J34: =+IF(Aplicativo!E494="","",Aplicativo!E494) -> 2 | K34: =+IF(J34="","",VLOOKUP(J34,Aplicativo!C448:I451,2,FALSE)) -> Se identifican y caracterizan los conflictos y se avanza en la construcción de mecanismos para su solución | L34: =+IF(J34>=3,1,0) -> 0
H35: =Aplicativo!C472 -> D6. Inclusión de elementos intergeneracionales/género para la gestión del AP | I35: > = 3 | J35: =+IF(Aplicativo!E496="","",Aplicativo!E496) -> 3 | K35: =+IF(J35="","",VLOOKUP(J35,Aplicativo!C482:I485,2,FALSE)) -> Las estrategias que lo requieren incorporan elementos de género e intergeneracionales | L35: =+IF(J35>=3,1,0) -> 1
E36: (+)1 | F36: 7.b. Existe un cronograma y un proceso para la revisión y actualización periódica del plan de manejo. | G36: Todas las áreas protegidas del SINAP cuentan con una ruta definida para la actualización de los planes de manejo | I36: 1 | J36: =+I36 -> 1 | L36: =+J36 -> 1
E37: (+)1 | F37: 7.c. Los resultados de investigación, monitoreo y evaluación son incorporados en forma regular a la planificación del área protegida. | H37: =+Aplicativo!C341 -> C10. Evaluación, seguimiento y retroalimentación a la planeación del manejo | I37: = 4 | J37: =+IF(Aplicativo!E369="","",Aplicativo!E369) -> 2 | K37: =+IF(J37="","",VLOOKUP(J37,Aplicativo!C351:I354,2,FALSE)) -> Se realiza de manera discontinua la evaluación, seguimiento y retroalimentación | L37: =+IF(J37=4,1,0) -> 0
H38: =+Aplicativo!C307 -> C8. Manejo y uso del conocimiento | I38: = 4 | J38: =+IF(Aplicativo!E367="","",Aplicativo!E367) -> 1 | K38: =+IF(J38="","",VLOOKUP(J38,Aplicativo!C317:I320,2,FALSE)) -> El conocimiento para la planeación del manejo es insuficiente o se encuentra desactualizado | L38: =+IF(J38=4,1,0) -> 0
C39: Planificación / Productos | D39: 8. Plan operativo: | E39: 0 | F39: No existe un POA. | H39: =+Aplicativo!C324 -> C9. Implementación de las líneas de gestión | I39: 1 | J39: =+IF(Aplicativo!E368="","",Aplicativo!E368) -> 2 | K39: =+IF(J39="","",VLOOKUP(J39,Aplicativo!C334:I337,2,FALSE)) -> Las líneas de gestión han sido definidas conjuntamente con los actores estratégicos y tienen un avance inferior al 60%. Su implementación tiene interrupciones | L39: =+IF(AND(J39=1),0,IF(AND(J39=2),1,IF(AND(J39=3),2,IF(AND(J39=4),3,"")))) -> 1
D40: ¿Existe un Plan Operativo y está siendo implementado? | E40: 1 | F40: Existe un POA, pero pocas de las actividades son implementadas. | I40: 2
E41: 2 | F41: Existe un POA y la mayoría de las actividades son implementadas. | I41: 3
E42: 3 | F42: Existe un POA y todas las actividades son implementadas. | I42: 4
C43: Insumos | D43: 9. Línea base de los valores objeto de conservación: | E43: 0 | F43: No existe nada o muy poca información disponible sobre los hábitat críticos, especies y valores culturales del área (Valores Objeto de Conservación). | H43: =+Aplicativo!C307 -> C8. Manejo y uso del conocimiento | I43: 1 | J43: =+IF(Aplicativo!E367="","",Aplicativo!E367) -> 1 | K43: =+IF(J43="","",VLOOKUP(J43,Aplicativo!C317:I320,2,FALSE)) -> El conocimiento para la planeación del manejo es insuficiente o se encuentra desactualizado | L43: =+IF(AND(J43=1),0,IF(AND(J43=2),1,IF(AND(J43=3),2,IF(AND(J43=4),3,"")))) -> 0
D44: ¿Existe información suficiente para el manejo del área protegida? | E44: 1 | F44: La información disponible sobre los hábitats críticos, especies, procesos ecológicos y valores culturales del área no es suficiente para apoyar los procesos de planificación y la toma de decisiones. | I44: 2
E45: 2 | F45: La información disponible sobre los hábitats críticos, especies, procesos ecológicos y valores culturales del área es suficiente para apoyar los procesos de planificación y la toma de decisiones. | I45: 3
E46: 3 | F46: La información disponible sobre los hábitats críticos, especies, procesos ecológicos y valores culturales del área es suficiente para apoyar los procesos de planificación y la toma de decisiones. | I46: 4
C47: Procesos / resultados de impacto | D47: 10. Prevención, vigilancia y control: | E47: 0 | F47: El sistema de protección (recorridos de control y vigilancia, permisos, …) es ineficaz para controlar el acceso y uso del AP. | H47: =+Aplicativo!C150 -> B4. Presiones y amenazas | I47: NA | J47: =+IF(Aplicativo!E181="","",Aplicativo!E181) -> 2 | K47: =+IF(J47="","",VLOOKUP(J47,Aplicativo!C169:I172,2,FALSE)) -> Se cuenta con un análisis parcial de las presiones y amenazas a los objetos de conservación | L47: =+IF(AND(J47=1),"",IF(AND(J47=2),"",IF(AND(J47=3),2,IF(AND(J47=4),3,""))))
D48: ¿Existen mecanismos para controlar y vigilar el acceso/uso al área? | E48: 1 | F48: El sistema de protección es parcialmente efectivo para controlar el acceso y uso del AP. | I48: NA
E49: 2 | F49: El sistema de protección es moderadamente eficaz para controlar el acceso y uso del AP. | I49: 3
E50: 3 | F50: El sistema de protección es altamente efectivo para controlar el acceso y uso del AP. | I50: 4
